Workbook
Name Opéartion_6: '01_BDD'!$G$50:$G$53
Name Opération_1: '01_BDD'!$G$27:$G$28
Name Opération_10: '01_BDD'!$G$61:$G$64
Name Opération_11: '01_BDD'!$G$65:$G$68
Name Opération_12: '01_BDD'!$G$69:$G$71
Name Opération_2: '01_BDD'!$G$29:$G$34
Name Opération_3: '01_BDD'!$G$35:$G$40
Name Opération_4: '01_BDD'!$G$41:$G$44
Name Opération_5: '01_BDD'!$G$45:$G$49
Name Opération_7: '01_BDD'!$G$54
Name Opération_8: '01_BDD'!$G$55:$G$58
Name Opération_9: '01_BDD'!$G$59:$G$60

Sheet 01_BDD
A1: 01_BASE DE DONNÉES
A3: 1.1 Vos données
A5: Saisir dans les cases roses uniquement
A7: Votre nom ou raison sociale : | B7: REL | D7: Moyens de règlement clients :
A8: Complément raison sociale : | B8: SARL au capital de 6 000 € | D8: Chèque
A9: Adresse de votre siège : | B9: 17 CHEMIN DU SANS SOUCI | D9: Virement
A10: Code postal : | B10: 13100 AIX EN PROVENCE
A11: Ville : | B11: AIX EN PROVENCE
A12: Téléphone : | B12: 06 06 06 06 06
A13: Site internet : | B13: www.REL.com
A14: Numéro Siret : | B14: 500 500 500 RCS AIX EN PROVENCE
A15: Numéro de TVA intracommunautaire : | B15: FR 17 111 111 111
A16: Taux de TVA | B16: 0.2
A20: 1.1 DPGF
A22: Saisir dans les cases roses uniquement / Ne pas Sauter de ligne / Ne pas laisser de ligne vide / Ne pas fusionner les lignes (utiliser "=" pour éviter les problèmes de mie en forme)
A23: ATTENTION - A CHAQUE NOUVELLE OPERATION => Nommer l'ensemble des lignes créer depuis la colonne B Remplacer les " espaces" par des "_" pour que les listes fonctionnent
H25: Concertation / Réunions / Visites | J25: Production | L25: Montant HT global | N25: Commentaires
A26: Mode de facturation | B26: Nom opération | C26: Nom client | D26: Affaire suivie par | E26: Adresse facturation | F26: Référence du marché | G26: Phases | H26: Forfait jour | I26: Nb de jours | J26: Forfait jour | K26: Nb de jours | L26: Par phase | M26: Global
B27: Opération_1 | C27: Client 1 | D27: XXX | E27: Hihgway to Hell | G27: PHASE 1 | H27: 800 | I27: 3.5 | J27: 650 | K27: 6 | L27: =(I27*H27)+(J27*K27) -> 6700 | M27: =SUM(L27:L28) -> 11950
B28: =B27 -> Opération_1 | C28: =C27 -> Client 1 | D28: =D27 -> XXX | E28: =E27 -> Hihgway to Hell | G28: PHASE 2 | H28: 800 | I28: 2.5 | J28: 650 | K28: 5 | L28: =(I28*H28)+(J28*K28) -> 5250
B29: Opération_2 | C29: Client 2 | D29: XXX | E29: Hihgway to Hell | G29: PHASE 1 | H29: 750 | I29: 3.5 | J29: 600 | K29: 4 | L29: =(I29*H29)+(J29*K29) -> 5025 | M29: =SUM(L29:L34) -> 26325
B30: =B29 -> Opération_2 | C30: =C29 -> Client 2 | D30: =D29 -> XXX | E30: =E29 -> Hihgway to Hell | G30: PHASE 2 | H30: 750 | I30: =3+1 -> 4 | J30: 600 | K30: =5+2+2+0.5 -> 9.5 | L30: =(I30*H30)+(J30*K30) -> 8700
B31: =B30 -> Opération_2 | C31: =C30 -> Client 2 | D31: =D30 -> XXX | E31: =E30 -> Hihgway to Hell | G31: PHASE 3 | H31: 750 | I31: 1.5 | J31: 600 | K31: =3+1+0.5+1+0.5 -> 6 | L31: =(I31*H31)+(J31*K31) -> 4725
B32: =B31 -> Opération_2 | C32: =C31 -> Client 2 | D32: =D31 -> XXX | E32: =E31 -> Hihgway to Hell | G32: PHASE 4 | H32: 750 | I32: 1 | J32: 600 | K32: 3 | L32: =(I32*H32)+(J32*K32) -> 2550
B33: =B32 -> Opération_2 | C33: =C32 -> Client 2 | D33: =D32 -> XXX | E33: =E32 -> Hihgway to Hell | G33: PHASE 5 | H33: 750 | I33: 1.5 | J33: 600 | K33: 4.5 | L33: =(I33*H33)+(J33*K33) -> 3825
B34: =B33 -> Opération_2 | C34: =C33 -> Client 2 | D34: =D33 -> XXX | E34: =E29 -> Hihgway to Hell | G34: PHASE 6 | H34: 750 | I34: 0 | J34: 600 | K34: 2.5 | L34: =(I34*H34)+(J34*K34) -> 1500
B35: Opération_3 | C35: Client 3 | D35: XXX | E35: Hihgway to Hell | G35: PHASE 1 | H35: 750 | I35: 4 | J35: 600 | K35: 5 | L35: =(I35*H35)+(J35*K35) -> 6000 | M35: =SUM(L35:L40) -> 20475
B36: =B35 -> Opération_3 | C36: =C35 -> Client 3 | D36: =D35 -> XXX | E36: =E35 -> Hihgway to Hell | G36: PHASE 2 | H36: 750 | I36: 1.5 | J36: 600 | K36: 5.5 | L36: =(I36*H36)+(J36*K36) -> 4425
B37: =B36 -> Opération_3 | C37: =C36 -> Client 3 | D37: =D36 -> XXX | E37: =E36 -> Hihgway to Hell | G37: PHASE 3 | H37: 750 | I37: 1.5 | J37: 600 | K37: 4.5 | L37: =(I37*H37)+(J37*K37) -> 3825
B38: =B37 -> Opération_3 | C38: =C37 -> Client 3 | D38: =D37 -> XXX | E38: =E37 -> Hihgway to Hell | G38: PHASE 4 | H38: 750 | I38: 0 | J38: 600 | K38: 3.5 | L38: =(I38*H38)+(J38*K38) -> 2100
B39: =B38 -> Opération_3 | C39: =C38 -> Client 3 | D39: =D38 -> XXX | E39: =E38 -> Hihgway to Hell | G39: PHASE 5 | H39: 750 | I39: 1.5 | J39: 600 | K39: 2.5 | L39: =(I39*H39)+(J39*K39) -> 2625
B40: =B39 -> Opération_3 | C40: =C39 -> Client 3 | D40: =D39 -> XXX | E40: =E39 -> Hihgway to Hell | G40: PHASE 6 | H40: 750 | I40: 0 | J40: 600 | K40: 2.5 | L40: =(I40*H40)+(J40*K40) -> 1500
B41: Opération_4 | C41: =C40 -> Client 3 | D41: XXX | E41: Hihgway to Hell | G41: PHASE 1 | H41: 750 | I41: 3 | J41: 600 | K41: 4 | L41: =(I41*H41)+(J41*K41) -> 4650 | M41: =SUM(L41:L44) -> 18900
B42: =B41 -> Opération_4 | C42: =C41 -> Client 3 | D42: =D41 -> XXX | E42: =E41 -> Hihgway to Hell | G42: PHASE 2 | H42: 750 | I42: 2.5 | J42: 600 | K42: 8.5 | L42: =(I42*H42)+(J42*K42) -> 6975
B43: =B42 -> Opération_4 | C43: =C42 -> Client 3 | D43: =D42 -> XXX | E43: =E42 -> Hihgway to Hell | G43: PHASE 3 | H43: 750 | I43: 1.5 | J43: 600 | K43: 6 | L43: =(I43*H43)+(J43*K43) -> 4725
B44: =B43 -> Opération_4 | C44: =C43 -> Client 3 | D44: =D43 -> XXX | E44: =E43 -> Hihgway to Hell | G44: PHASE 4 | H44: 750 | I44: 1 | J44: 600 | K44: 3 | L44: =(I44*H44)+(J44*K44) -> 2550
B45: Opération_5 | C45: =C44 -> Client 3 | D45: XXX | E45: Hihgway to Hell | G45: PHASE 1 | H45: 750 | I45: 3 | J45: 600 | K45: 5 | L45: =(I45*H45)+(J45*K45) -> 5250 | M45: =SUM(L45:L49) -> 23325
B46: =B45 -> Opération_5 | C46: =C45 -> Client 3 | D46: =D45 -> XXX | E46: =E45 -> Hihgway to Hell | G46: PHASE 2 | H46: 750 | I46: 2.5 | J46: 600 | K46: 8.5 | L46: =(I46*H46)+(J46*K46) -> 6975
B47: =B46 -> Opération_5 | C47: =C46 -> Client 3 | D47: =D46 -> XXX | E47: =E46 -> Hihgway to Hell | G47: PHASE 3 | H47: 750 | I47: 1.5 | J47: 600 | K47: 6 | L47: =(I47*H47)+(J47*K47) -> 4725
B48: =B47 -> Opération_5 | C48: =C47 -> Client 3 | D48: =D47 -> XXX | E48: =E47 -> Hihgway to Hell | G48: PHASE 4 | H48: 750 | I48: 1 | J48: 600 | K48: 3 | L48: =(I48*H48)+(J48*K48) -> 2550
B49: =B48 -> Opération_5 | C49: =C48 -> Client 3 | D49: =D48 -> XXX | E49: =E48 -> Hihgway to Hell | G49: PHASE 5 | H49: 750 | I49: 1.5 | J49: 600 | K49: 4.5 | L49: =(I49*H49)+(J49*K49) -> 3825
B50: Opéartion_6 | C50: Client 4 | D50: XXX | E50: Hihgway to Hell | G50: PHASE 1 | H50: 1200 | I50: 2 | J50: 850 | K50: 1 | L50: =(I50*H50)+(J50*K50) -> 3250 | M50: =SUM(L50:L53) -> 19830
B51: =B50 -> Opéartion_6 | C51: =C50 -> Client 4 | D51: =D50 -> XXX | E51: =E50 -> Hihgway to Hell | G51: PHASE 2 | L51: 1280
B52: =B51 -> Opéartion_6 | C52: =C51 -> Client 4 | D52: =D51 -> XXX | E52: =E51 -> Hihgway to Hell | G52: PHASE 3 | H52: 1200 | J52: 850 | K52: 5 | L52: =(I52*H52)+(J52*K52) -> 4250
B53: =B52 -> Opéartion_6 | C53: =C52 -> Client 4 | D53: =D52 -> XXX | E53: =E52 -> Hihgway to Hell | G53: PHASE 4 | H53: 1200 | J53: 850 | K53: 13 | L53: =(I53*H53)+(J53*K53) -> 11050
B54: Opération_7 | C54: Client 5 | D54: XXX | E54: Hihgway to Hell | G54: PHASE 1 | H54: 750 | I54: 6.5 | J54: 650 | K54: 16 | L54: =(I54*H54)+(J54*K54) -> 15275 | M54: =L54 -> 15275
B55: Opération_8 | C55: Client 6 | D55: XXX | E55: Hihgway to Hell | G55: PHASE 1 | H55: 750 | I55: 3 | J55: 650 | K55: 4 | L55: =(I55*H55)+(J55*K55) -> 4850 | M55: =SUM(L55:L58) -> 8850
B56: =B55 -> Opération_8 | C56: =C55 -> Client 6 | D56: =D55 -> XXX | E56: =E55 -> Hihgway to Hell | G56: PHASE 2 | H56: 750 | I56: 0.5 | J56: 650 | K56: 3 | L56: =(I56*H56)+(J56*K56) -> 2325
B57: =B56 -> Opération_8 | C57: =C56 -> Client 6 | D57: =D56 -> XXX | E57: =E56 -> Hihgway to Hell | G57: PHASE 3 | H57: 750 | I57: 0.5 | J57: 650 | K57: 1 | L57: =(I57*H57)+(J57*K57) -> 1025
B58: =B57 -> Opération_8 | C58: =C57 -> Client 6 | D58: =D57 -> XXX | E58: =E57 -> Hihgway to Hell | G58: PHASE 4 | H58: 750 | J58: 650 | K58: 1 | L58: =(I58*H58)+(J58*K58) -> 650
B59: Opération_9 | C59: Client 7 | D59: XXX | E59: hihgway to Hell | G59: PHASE 1 | H59: 850 | I59: 10 | J59: 700 | K59: 8 | L59: =(I59*H59)+(J59*K59) -> 14100 | M59: =SUM(L59:L60) -> 28550
B60: =B59 -> Opération_9 | C60: =C59 -> Client 7 | D60: =D59 -> XXX | E60: =E59 -> hihgway to Hell | G60: PHASE 2 | H60: 850 | I60: 17 | J60: 700 | L60: =(I60*H60)+(J60*K60) -> 14450
B61: Opération_10 | C61: Client 8 | D61: XXX | E61: hihgway to Hell | G61: PHASE 1 | H61: 750 | I61: 3.5 | J61: 650 | K61: 5.5 | L61: =(I61*H61)+(J61*K61) -> 6200 | M61: =SUM(L61:L64) -> 10400
B62: =B61 -> Opération_10 | C62: =C61 -> Client 8 | D62: =D61 -> XXX | E62: =E61 -> hihgway to Hell | G62: PHASE 2 | H62: 750 | J62: 650 | K62: 1 | L62: =(I62*H62)+(J62*K62) -> 650
B63: =B62 -> Opération_10 | C63: =C62 -> Client 8 | D63: =D62 -> XXX | E63: =E62 -> hihgway to Hell | G63: PHASE 3 | H63: 750 | I63: 2 | J63: 650 | K63: 1.5 | L63: =(I63*H63)+(J63*K63) -> 2475
B64: =B63 -> Opération_10 | C64: =C63 -> Client 8 | D64: =D63 -> XXX | E64: =E63 -> hihgway to Hell | G64: PHASE 4 | H64: 750 | I64: 1 | J64: 650 | K64: 0.5 | L64: =(I64*H64)+(J64*K64) -> 1075
B65: Opération_11 | C65: Client 9 | D65: XXX | E65: hihgway to Hell | G65: PHASE 1 | J65: 700 | K65: 8.5 | L65: =(I65*H65)+(J65*K65) -> 5950 | M65: =SUM(L65:L68) -> 10150
B66: =B65 -> Opération_11 | C66: =C65 -> Client 9 | D66: =D65 -> XXX | E66: =E65 -> hihgway to Hell | G66: PHASE 2 | J66: 700 | K66: 3 | L66: =(I66*H66)+(J66*K66) -> 2100
B67: =B66 -> Opération_11 | C67: =C66 -> Client 9 | D67: =D66 -> XXX | E67: =E66 -> hihgway to Hell | G67: PHASE 3 | J67: 700 | K67: 1.5 | L67: =(I67*H67)+(J67*K67) -> 1050
B68: =B67 -> Opération_11 | C68: =C67 -> Client 9 | D68: =D67 -> XXX | E68: =E67 -> hihgway to Hell | G68: PHASE 4 | J68: 700 | K68: 1.5 | L68: =(I68*H68)+(J68*K68) -> 1050
B69: Opération_12 | C69: Client 10 | D69: XXX | E69: hihgway to Hell | G69: PHASE 1 | H69: 750 | I69: 2 | J69: 650 | K69: 4 | L69: =(I69*H69)+(J69*K69) -> 4100 | M69: =SUM(L69:L71) -> 8100
B70: =B69 -> Opération_12 | C70: =C69 -> Client 10 | D70: =D69 -> XXX | E70: =E69 -> hihgway to Hell | G70: PHASE 2 | H70: 750 | I70: 1 | J70: 650 | K70: 3 | L70: =(I70*H70)+(J70*K70) -> 2700
B71: =B70 -> Opération_12 | C71: =C70 -> Client 10 | D71: =D70 -> XXX | E71: =E70 -> hihgway to Hell | G71: PHASE 3 | H71: 750 | J71: 650 | K71: 2 | L71: =(I71*H71)+(J71*K71) -> 1300
A91: Limite de saisie
A151: Limite de saisie
K152: vérif | L152: =SUM(L27:L151) -> 202130 | M152: =SUM(M27:M151) -> 202130
K155: Montant HT globak prévisionnel

Sheet 02_Base facturation
A1: 02_BASE FACTURATION
A4: Saisir dans les cases roses | C4: Saisissez vos factures à la suite :
A7: Numéro d'ordre facture : | B7: DEVIS (apparaitra dans l'onglet devis) | C7: F2020_01 | D7: F2020_02 | E7: F2020_03 | F7: F2020_04 | G7: F2020_05 | H7: F2020_06 | I7: F2020_07 | J7: F2020_08 | K7: F2020_09 | L7: F2020_10 | M7: F2020_11 | N7: F2020_12 | O7: F2020_13 | P7: F2020_14 | Q7: F2020_15 | R7: F2020_16 | S7: F2020_17 | T7: F2020_18 | U7: F2020_19 | V7: F2020_20 | W7: F2020_21 | X7: F2020_22 | Y7: F2020_23 | Z7: F2020_24 | AA7: F2020_25 | AB7: F2020_26 | AC7: F2020_27 | AD7: F2020_28 | AE7: F2020_29 | AF7: F2020_30 | AG7: F2020_31 | AH7: F2020_32 | AI7: F2020_33 | AJ7: F2020_34 | AK7: F2020_35 | AL7: F2020_36 | AM7: F2020_37 | AN7: F2020_38 | AO7: F2020_39 | AP7: F2020_40 | AQ7: F2020_41 | AR7: F2020_42 | AS7: F2020_43 | AT7: F2020_44 | AU7: F2020_45 | AV7: F2020_46 | AW7: F2020_47 | AX7: F2020_48 | AY7: F2020_49
A8: Sélectionner un nom d'opération: | B8: C00001 | C8: Opération_1 | D8: Opération_2 | E8: Opération_2 | F8: Opération_2 | G8: Opération_3 | H8: Opération_3 | I8: Opération_3 | J8: Opération_4 | K8: Opération_4 | L8: Opération_4 | M8: Opération_5 | N8: Opéartion_6 | O8: Opéartion_6 | P8: Opération_7 | Q8: Opération_8 | R8: Opération_8 | S8: Opération_9 | T8: Opération_1
A9: Sélectionner une phase: | B9: =IF(ISBLANK(B8),"",VLOOKUP(B8,#REF!,3,0)) -> #REF! | C9: PHASE 1 | D9: PHASE 1 | E9: PHASE 2 | F9: PHASE 3 | G9: PHASE 1 | H9: PHASE 2 | I9: PHASE 3 | J9: PHASE 1 | K9: PHASE 2 | L9: PHASE 3 | M9: PHASE 1 | N9: PHASE 1 | O9: PHASE 2 | P9: PHASE 1 | Q9: PHASE 1 | R9: PHASE 2 | S9: PHASE 1 | T9: PHASE 2
A11: Saisir date facture (Ctrl + touche point virgule pour la date du jour) ; obligatoire | B11: 43928 | C11: 43678 | D11: 43678 | E11: 43922 | F11: 43862 | G11: 43862 | H11: 43922 | I11: 43922 | J11: 43800 | K11: 43800 | L11: 43800 | M11: 43891 | N11: 43647 | O11: 43647 | P11: 43770 | Q11: 43678 | R11: 43800 | S11: 43709 | T11: 43709
A12: Date échéance | B12: 43951 | C12: =EDATE(C11,1) -> 43709 | D12: =EDATE(D11,1) -> 43709 | E12: =EDATE(E11,1) -> 43952 | F12: =EDATE(F11,1) -> 43891 | G12: =EDATE(G11,1) -> 43891 | H12: =EDATE(H11,1) -> 43952 | I12: =EDATE(I11,1) -> 43952 | J12: =EDATE(J11,1) -> 43831 | ... AY12: =EDATE(AY11,1) -> 31
A13: Choisir moyen de règlement : | B13: Virement | C13: Virement | D13: Virement | E13: Virement | F13: Virement | G13: Virement | H13: Virement | I13: Virement | J13: Virement | K13: Virement | L13: Virement | M13: Virement | N13: Virement | O13: Virement | P13: Virement | Q13: Virement | R13: Virement | S13: Virement | T13: Virement | U13: Virement | V13: Virement | W13: Virement | X13: Virement | Y13: Virement | Z13: Virement | AA13: Virement | AB13: Virement | AC13: Virement | AD13: Virement | AE13: Virement | AF13: Virement | AG13: Virement | AH13: Virement | AI13: Virement | AJ13: Virement | AK13: Virement | AL13: Virement | AM13: Virement | AN13: Virement | AO13: Virement | AP13: Virement | AQ13: Virement | AR13: Virement | AS13: Virement | AT13: Virement | AU13: Virement | AV13: Virement | AW13: Virement | AX13: Virement | AY13: Virement
A14: Déjà réglé : | B14: 0 | C14: 0 | D14: 0 | E14: 0 | F14: 0 | G14: 0 | H14: 0 | I14: 0 | J14: 0 | K14: 0 | L14: 0 | M14: 0 | N14: 0 | O14: 0 | P14: 0 | Q14: 0 | R14: 0 | S14: 0 | T14: 0 | U14: 0 | V14: 0 | W14: 0 | X14: 0 | Y14: 0 | Z14: 0 | AA14: 0 | AB14: 0 | AC14: 0 | AD14: 0 | AE14: 0 | AF14: 0 | AG14: 0 | AH14: 0 | AI14: 0 | AJ14: 0 | AK14: 0 | AL14: 0 | AM14: 0 | AN14: 0 | AO14: 0 | AP14: 0 | AQ14: 0 | AR14: 0 | AS14: 0 | AT14: 0 | AU14: 0 | AV14: 0 | AW14: 0 | AX14: 0 | AY14: 0
A15: Ligne < 90
A16: Montant de la Phase | C16: =IF(AND(C8='01_BDD'!$B$27,C9='01_BDD'!$G$27),'01_BDD'!$L$27,IF(AND(C8='01_BDD'!$B$28,C9='01_BDD'!$G$28),'01_BDD'!$L$28,IF(AND(C8='01_BDD'!$B$29,C9='01_BDD'!$G$29),'01_BDD'!$L$29,IF(AND(C8='01_BDD'!$B$30,C9='01_BDD'!$G$30),'01_BDD'!$L$30,IF(AND(C8='01_BDD'!$B$31,C9='01_BDD'!$G$31),'01_BDD'!$L$31,IF(AND(C8='01_BDD'!$B$32,C9='01_BDD'!$G$32),'01_BDD'!$L$32,IF(AND(C8='01_BDD'!$B$33,C9='01_BDD'!$G$33),'01_BDD'!$L$33,IF(AND(C8='01_BDD'!$B$34,C9='01_BDD'!$G$34),'01_BDD'!$L$34,IF(AND(C8='01_BDD'!$B$35,C9='01_BDD'!$G$35),'01_BDD'!$L$35,IF(AND(C8='01_BDD'!$B$36,C9='01_BDD'!$G$36),'01_BDD'!$L$36,IF(AND(C8='01_BDD'!$B$37,C9='01_BDD'!$G$37),'01_BDD'!$L$37,IF(AND(C8='01_BDD'!$B$38,C9='01_BDD'!$G$38),'01_BDD'!$L$38,IF(AND(C8='01_BDD'!$B$39,C9='01_BDD'!$G$39),'01_BDD'!$L$39,IF(AND(C8='01_BDD'!$B$40,C9='01_BDD'!$G$40),'01_BDD'!$L$40,IF(AND(C8='01_BDD'!$B$41,C9='01_BDD'!$G$41),'01_BDD'!$L$41,IF(AND(C8='01_BDD'!$B$42,C9='01_BDD'!$G$42),'01_BDD'!$L$42,IF(AND(C8='01_BDD'!$B$43,C9='01_BDD'!$G$43),'01_BDD'!$L$43,IF(AND(C8='01_BDD'!$B$44,C9='01_BDD'!$G$44),'01_BDD'!$L$44,IF(AND(C8='01_BDD'!$B$45,C9='01_BDD'!$G$45),'01_BDD'!$L$45,IF(AND(C8='01_BDD'!$B$46,C9='01_BDD'!$G$46),'01_BDD'!$L$46,IF(AND(C8='01_BDD'!$B$47,C9='01_BDD'!$G$47),'01_BDD'!$L$47,IF(AND(C8='01_BDD'!$B$48,C9='01_BDD'!$G$48),'01_BDD'!$L$48,IF(AND(C8='01_BDD'!$B$49,C9='01_BDD'!$G$49),'01_BDD'!$L$49,IF(AND(C8='01_BDD'!$B$50,C9='01_BDD'!$G$50),'01_BDD'!$L$50,IF(AND(C8='01_BDD'!$B$51,C9='01_BDD'!$G$51),'01_BDD'!$L$51,IF(AND(C8='01_BDD'!$B$52,C9='01_BDD'!$G$52),'01_BDD'!$L$52,IF(AND(C8='01_BDD'!$B$53,C9='01_BDD'!$G$53),'01_BDD'!$L$53,IF(AND(C8='01_BDD'!$B$54,C9='01_BDD'!$G$54),'01_BDD'!$L$54,IF(AND(C8='01_BDD'!$B$55,C9='01_BDD'!$G$55),'01_BDD'!$L$55,IF(AND(C8='01_BDD'!$B$56,C9='01_BDD'!$G$56),'01_BDD'!$L$56,IF(AND(C8='01_BDD'!$B$57,C9='01_BDD'!$G$57),'01_BDD'!$L$57,IF(AND(C8='01_BDD'!$B$58,C9='01_BDD'!$G$58),'01_BDD'!$L$58,IF(AND(C8='01_BDD'!$B$59,C9='01_BDD'!$G$59),'01_BDD'!$L$59,IF(AND(C8='01_BDD'!$B$60,C9='01_BDD'!$G$60),'01_BDD'!$L$60,IF(AND(C8='01_BDD'!$B$61,C9='01_BDD'!$G$61),'01_BDD'!$L$61,IF(AND(C8='01_BDD'!$B$62,C9='01_BDD'!$G$62),'01_BDD'!$L$62,IF(AND(C8='01_BDD'!$B$63,C9='01_BDD'!$G$63),'01_BDD'!$L$63,IF(AND(C8='01_BDD'!$B$64,C9='01_BDD'!$G$64),'01_BDD'!$L$64,IF(AND(C8='01_BDD'!$B$65,C9='01_BDD'!$G$65),'01_BDD'!$L$65,IF(AND(C8='01_BDD'!$B$66,C9='01_BDD'!$G$66),'01_BDD'!$L$66,IF(AND(C8='01_BDD'!$B$67,C9='01_BDD'!$G$67),'01_BDD'!$L$67,IF(AND(C8='01_BDD'!$B$68,C9='01_BDD'!$G$68),'01_BDD'!$L$68,IF(AND(C8='01_BDD'!$B$69,C9='01_BDD'!$G$69),'01_BDD'!$L$69,IF(AND(C8='01_BDD'!$B$70,C9='01_BDD'!$G$70),'01_BDD'!$L$70,IF(AND(C8='01_BDD'!$B$71,C9='01_BDD'!$G$71),'01_BDD'!$L$71,IF(AND(C8='01_BDD'!$B$72,C9='01_BDD'!$G$72),'01_BDD'!$L$72,IF(AND(C8='01_BDD'!$B$73,C9='01_BDD'!$G$73),'01_BDD'!$L$73,IF(AND(C8='01_BDD'!$B$74,C9='01_BDD'!$G$74),'01_BDD'!$L$74,IF(AND(C8='01_BDD'!$B$75,C9='01_BDD'!$G$75),'01_BDD'!$L$75,IF(AND(C8='01_BDD'!$B$76,C9='01_BDD'!$G$76),'01_BDD'!$L$76,IF(AND(C8='01_BDD'!$B$77,C9='01_BDD'!$G$77),'01_BDD'!$L$77,IF(AND(C8='01_BDD'!$B$78,C9='01_BDD'!$G$78),'01_BDD'!$L$78,IF(AND(C8='01_BDD'!$B$79,C9='01_BDD'!$G$79),'01_BDD'!$L$79,IF(AND(C8='01_BDD'!$B$80,C9='01_BDD'!$G$80),'01_BDD'!$L$80,IF(AND(C8='01_BDD'!$B$81,C9='01_BDD'!$G$81),'01_BDD'!$L$81,IF(AND(C8='01_BDD'!$B$82,C9='01_BDD'!$G$82),'01_BDD'!$L$82,IF(AND(C8='01_BDD'!$B$83,C9='01_BDD'!$G$83),'01_BDD'!$L$83,IF(AND(C8='01_BDD'!$B$84,C9='01_BDD'!$G$84),'01_BDD'!$L$84,IF(AND(C8='01_BDD'!$B$85,C9='01_BDD'!$G$85),'01_BDD'!$L$85,IF(AND(C8='01_BDD'!$B$86,C9='01_BDD'!$G$86),'01_BDD'!$L$86,IF(AND(C8='01_BDD'!$B$87,C9='01_BDD'!$G$87),'01_BDD'!$L$87,IF(AND(C8='01_BDD'!$B$88,C9='01_BDD'!$G$88),'01_BDD'!$L$88,IF(AND(C8='01_BDD'!$B$89,C9='01_BDD'!$G$89),'01_BDD'!$L$89,IF(AND(C8='01_BDD'!$B$90,C9='01_BDD'!$G$90),'01_BDD'!$L$90,"0")))))))))))))))))))))))))))))))))))))))))))))))))))))))))))))))) -> 6700 | D16: =IF(AND(D8='01_BDD'!$B$27,D9='01_BDD'!$G$27),'01_BDD'!$L$27,IF(AND(D8='01_BDD'!$B$28,D9='01_BDD'!$G$28),'01_BDD'!$L$28,IF(AND(D8='01_BDD'!$B$29,D9='01_BDD'!$G$29),'01_BDD'!$L$29,IF(AND(D8='01_BDD'!$B$30,D9='01_BDD'!$G$30),'01_BDD'!$L$30,IF(AND(D8='01_BDD'!$B$31,D9='01_BDD'!$G$31),'01_BDD'!$L$31,IF(AND(D8='01_BDD'!$B$32,D9='01_BDD'!$G$32),'01_BDD'!$L$32,IF(AND(D8='01_BDD'!$B$33,D9='01_BDD'!$G$33),'01_BDD'!$L$33,IF(AND(D8='01_BDD'!$B$34,D9='01_BDD'!$G$34),'01_BDD'!$L$34,IF(AND(D8='01_BDD'!$B$35,D9='01_BDD'!$G$35),'01_BDD'!$L$35,IF(AND(D8='01_BDD'!$B$36,D9='01_BDD'!$G$36),'01_BDD'!$L$36,IF(AND(D8='01_BDD'!$B$37,D9='01_BDD'!$G$37),'01_BDD'!$L$37,IF(AND(D8='01_BDD'!$B$38,D9='01_BDD'!$G$38),'01_BDD'!$L$38,IF(AND(D8='01_BDD'!$B$39,D9='01_BDD'!$G$39),'01_BDD'!$L$39,IF(AND(D8='01_BDD'!$B$40,D9='01_BDD'!$G$40),'01_BDD'!$L$40,IF(AND(D8='01_BDD'!$B$41,D9='01_BDD'!$G$41),'01_BDD'!$L$41,IF(AND(D8='01_BDD'!$B$42,D9='01_BDD'!$G$42),'01_BDD'!$L$42,IF(AND(D8='01_BDD'!$B$43,D9='01_BDD'!$G$43),'01_BDD'!$L$43,IF(AND(D8='01_BDD'!$B$44,D9='01_BDD'!$G$44),'01_BDD'!$L$44,IF(AND(D8='01_BDD'!$B$45,D9='01_BDD'!$G$45),'01_BDD'!$L$45,IF(AND(D8='01_BDD'!$B$46,D9='01_BDD'!$G$46),'01_BDD'!$L$46,IF(AND(D8='01_BDD'!$B$47,D9='01_BDD'!$G$47),'01_BDD'!$L$47,IF(AND(D8='01_BDD'!$B$48,D9='01_BDD'!$G$48),'01_BDD'!$L$48,IF(AND(D8='01_BDD'!$B$49,D9='01_BDD'!$G$49),'01_BDD'!$L$49,IF(AND(D8='01_BDD'!$B$50,D9='01_BDD'!$G$50),'01_BDD'!$L$50,IF(AND(D8='01_BDD'!$B$51,D9='01_BDD'!$G$51),'01_BDD'!$L$51,IF(AND(D8='01_BDD'!$B$52,D9='01_BDD'!$G$52),'01_BDD'!$L$52,IF(AND(D8='01_BDD'!$B$53,D9='01_BDD'!$G$53),'01_BDD'!$L$53,IF(AND(D8='01_BDD'!$B$54,D9='01_BDD'!$G$54),'01_BDD'!$L$54,IF(AND(D8='01_BDD'!$B$55,D9='01_BDD'!$G$55),'01_BDD'!$L$55,IF(AND(D8='01_BDD'!$B$56,D9='01_BDD'!$G$56),'01_BDD'!$L$56,IF(AND(D8='01_BDD'!$B$57,D9='01_BDD'!$G$57),'01_BDD'!$L$57,IF(AND(D8='01_BDD'!$B$58,D9='01_BDD'!$G$58),'01_BDD'!$L$58,IF(AND(D8='01_BDD'!$B$59,D9='01_BDD'!$G$59),'01_BDD'!$L$59,IF(AND(D8='01_BDD'!$B$60,D9='01_BDD'!$G$60),'01_BDD'!$L$60,IF(AND(D8='01_BDD'!$B$61,D9='01_BDD'!$G$61),'01_BDD'!$L$61,IF(AND(D8='01_BDD'!$B$62,D9='01_BDD'!$G$62),'01_BDD'!$L$62,IF(AND(D8='01_BDD'!$B$63,D9='01_BDD'!$G$63),'01_BDD'!$L$63,IF(AND(D8='01_BDD'!$B$64,D9='01_BDD'!$G$64),'01_BDD'!$L$64,IF(AND(D8='01_BDD'!$B$65,D9='01_BDD'!$G$65),'01_BDD'!$L$65,IF(AND(D8='01_BDD'!$B$66,D9='01_BDD'!$G$66),'01_BDD'!$L$66,IF(AND(D8='01_BDD'!$B$67,D9='01_BDD'!$G$67),'01_BDD'!$L$67,IF(AND(D8='01_BDD'!$B$68,D9='01_BDD'!$G$68),'01_BDD'!$L$68,IF(AND(D8='01_BDD'!$B$69,D9='01_BDD'!$G$69),'01_BDD'!$L$69,IF(AND(D8='01_BDD'!$B$70,D9='01_BDD'!$G$70),'01_BDD'!$L$70,IF(AND(D8='01_BDD'!$B$71,D9='01_BDD'!$G$71),'01_BDD'!$L$71,IF(AND(D8='01_BDD'!$B$72,D9='01_BDD'!$G$72),'01_BDD'!$L$72,IF(AND(D8='01_BDD'!$B$73,D9='01_BDD'!$G$73),'01_BDD'!$L$73,IF(AND(D8='01_BDD'!$B$74,D9='01_BDD'!$G$74),'01_BDD'!$L$74,IF(AND(D8='01_BDD'!$B$75,D9='01_BDD'!$G$75),'01_BDD'!$L$75,IF(AND(D8='01_BDD'!$B$76,D9='01_BDD'!$G$76),'01_BDD'!$L$76,IF(AND(D8='01_BDD'!$B$77,D9='01_BDD'!$G$77),'01_BDD'!$L$77,IF(AND(D8='01_BDD'!$B$78,D9='01_BDD'!$G$78),'01_BDD'!$L$78,IF(AND(D8='01_BDD'!$B$79,D9='01_BDD'!$G$79),'01_BDD'!$L$79,IF(AND(D8='01_BDD'!$B$80,D9='01_BDD'!$G$80),'01_BDD'!$L$80,IF(AND(D8='01_BDD'!$B$81,D9='01_BDD'!$G$81),'01_BDD'!$L$81,IF(AND(D8='01_BDD'!$B$82,D9='01_BDD'!$G$82),'01_BDD'!$L$82,IF(AND(D8='01_BDD'!$B$83,D9='01_BDD'!$G$83),'01_BDD'!$L$83,IF(AND(D8='01_BDD'!$B$84,D9='01_BDD'!$G$84),'01_BDD'!$L$84,IF(AND(D8='01_BDD'!$B$85,D9='01_BDD'!$G$85),'01_BDD'!$L$85,IF(AND(D8='01_BDD'!$B$86,D9='01_BDD'!$G$86),'01_BDD'!$L$86,IF(AND(D8='01_BDD'!$B$87,D9='01_BDD'!$G$87),'01_BDD'!$L$87,IF(AND(D8='01_BDD'!$B$88,D9='01_BDD'!$G$88),'01_BDD'!$L$88,IF(AND(D8='01_BDD'!$B$89,D9='01_BDD'!$G$89),'01_BDD'!$L$89,IF(AND(D8='01_BDD'!$B$90,D9='01_BDD'!$G$90),'01_BDD'!$L$90,"0")))))))))))))))))))))))))))))))))))))))))))))))))))))))))))))))) -> 5025 | E16: =IF(AND(E8='01_BDD'!$B$27,E9='01_BDD'!$G$27),'01_BDD'!$L$27,IF(AND(E8='01_BDD'!$B$28,E9='01_BDD'!$G$28),'01_BDD'!$L$28,IF(AND(E8='01_BDD'!$B$29,E9='01_BDD'!$G$29),'01_BDD'!$L$29,IF(AND(E8='01_BDD'!$B$30,E9='01_BDD'!$G$30),'01_BDD'!$L$30,IF(AND(E8='01_BDD'!$B$31,E9='01_BDD'!$G$31),'01_BDD'!$L$31,IF(AND(E8='01_BDD'!$B$32,E9='01_BDD'!$G$32),'01_BDD'!$L$32,IF(AND(E8='01_BDD'!$B$33,E9='01_BDD'!$G$33),'01_BDD'!$L$33,IF(AND(E8='01_BDD'!$B$34,E9='01_BDD'!$G$34),'01_BDD'!$L$34,IF(AND(E8='01_BDD'!$B$35,E9='01_BDD'!$G$35),'01_BDD'!$L$35,IF(AND(E8='01_BDD'!$B$36,E9='01_BDD'!$G$36),'01_BDD'!$L$36,IF(AND(E8='01_BDD'!$B$37,E9='01_BDD'!$G$37),'01_BDD'!$L$37,IF(AND(E8='01_BDD'!$B$38,E9='01_BDD'!$G$38),'01_BDD'!$L$38,IF(AND(E8='01_BDD'!$B$39,E9='01_BDD'!$G$39),'01_BDD'!$L$39,IF(AND(E8='01_BDD'!$B$40,E9='01_BDD'!$G$40),'01_BDD'!$L$40,IF(AND(E8='01_BDD'!$B$41,E9='01_BDD'!$G$41),'01_BDD'!$L$41,IF(AND(E8='01_BDD'!$B$42,E9='01_BDD'!$G$42),'01_BDD'!$L$42,IF(AND(E8='01_BDD'!$B$43,E9='01_BDD'!$G$43),'01_BDD'!$L$43,IF(AND(E8='01_BDD'!$B$44,E9='01_BDD'!$G$44),'01_BDD'!$L$44,IF(AND(E8='01_BDD'!$B$45,E9='01_BDD'!$G$45),'01_BDD'!$L$45,IF(AND(E8='01_BDD'!$B$46,E9='01_BDD'!$G$46),'01_BDD'!$L$46,IF(AND(E8='01_BDD'!$B$47,E9='01_BDD'!$G$47),'01_BDD'!$L$47,IF(AND(E8='01_BDD'!$B$48,E9='01_BDD'!$G$48),'01_BDD'!$L$48,IF(AND(E8='01_BDD'!$B$49,E9='01_BDD'!$G$49),'01_BDD'!$L$49,IF(AND(E8='01_BDD'!$B$50,E9='01_BDD'!$G$50),'01_BDD'!$L$50,IF(AND(E8='01_BDD'!$B$51,E9='01_BDD'!$G$51),'01_BDD'!$L$51,IF(AND(E8='01_BDD'!$B$52,E9='01_BDD'!$G$52),'01_BDD'!$L$52,IF(AND(E8='01_BDD'!$B$53,E9='01_BDD'!$G$53),'01_BDD'!$L$53,IF(AND(E8='01_BDD'!$B$54,E9='01_BDD'!$G$54),'01_BDD'!$L$54,IF(AND(E8='01_BDD'!$B$55,E9='01_BDD'!$G$55),'01_BDD'!$L$55,IF(AND(E8='01_BDD'!$B$56,E9='01_BDD'!$G$56),'01_BDD'!$L$56,IF(AND(E8='01_BDD'!$B$57,E9='01_BDD'!$G$57),'01_BDD'!$L$57,IF(AND(E8='01_BDD'!$B$58,E9='01_BDD'!$G$58),'01_BDD'!$L$58,IF(AND(E8='01_BDD'!$B$59,E9='01_BDD'!$G$59),'01_BDD'!$L$59,IF(AND(E8='01_BDD'!$B$60,E9='01_BDD'!$G$60),'01_BDD'!$L$60,IF(AND(E8='01_BDD'!$B$61,E9='01_BDD'!$G$61),'01_BDD'!$L$61,IF(AND(E8='01_BDD'!$B$62,E9='01_BDD'!$G$62),'01_BDD'!$L$62,IF(AND(E8='01_BDD'!$B$63,E9='01_BDD'!$G$63),'01_BDD'!$L$63,IF(AND(E8='01_BDD'!$B$64,E9='01_BDD'!$G$64),'01_BDD'!$L$64,IF(AND(E8='01_BDD'!$B$65,E9='01_BDD'!$G$65),'01_BDD'!$L$65,IF(AND(E8='01_BDD'!$B$66,E9='01_BDD'!$G$66),'01_BDD'!$L$66,IF(AND(E8='01_BDD'!$B$67,E9='01_BDD'!$G$67),'01_BDD'!$L$67,IF(AND(E8='01_BDD'!$B$68,E9='01_BDD'!$G$68),'01_BDD'!$L$68,IF(AND(E8='01_BDD'!$B$69,E9='01_BDD'!$G$69),'01_BDD'!$L$69,IF(AND(E8='01_BDD'!$B$70,E9='01_BDD'!$G$70),'01_BDD'!$L$70,IF(AND(E8='01_BDD'!$B$71,E9='01_BDD'!$G$71),'01_BDD'!$L$71,IF(AND(E8='01_BDD'!$B$72,E9='01_BDD'!$G$72),'01_BDD'!$L$72,IF(AND(E8='01_BDD'!$B$73,E9='01_BDD'!$G$73),'01_BDD'!$L$73,IF(AND(E8='01_BDD'!$B$74,E9='01_BDD'!$G$74),'01_BDD'!$L$74,IF(AND(E8='01_BDD'!$B$75,E9='01_BDD'!$G$75),'01_BDD'!$L$75,IF(AND(E8='01_BDD'!$B$76,E9='01_BDD'!$G$76),'01_BDD'!$L$76,IF(AND(E8='01_BDD'!$B$77,E9='01_BDD'!$G$77),'01_BDD'!$L$77,IF(AND(E8='01_BDD'!$B$78,E9='01_BDD'!$G$78),'01_BDD'!$L$78,IF(AND(E8='01_BDD'!$B$79,E9='01_BDD'!$G$79),'01_BDD'!$L$79,IF(AND(E8='01_BDD'!$B$80,E9='01_BDD'!$G$80),'01_BDD'!$L$80,IF(AND(E8='01_BDD'!$B$81,E9='01_BDD'!$G$81),'01_BDD'!$L$81,IF(AND(E8='01_BDD'!$B$82,E9='01_BDD'!$G$82),'01_BDD'!$L$82,IF(AND(E8='01_BDD'!$B$83,E9='01_BDD'!$G$83),'01_BDD'!$L$83,IF(AND(E8='01_BDD'!$B$84,E9='01_BDD'!$G$84),'01_BDD'!$L$84,IF(AND(E8='01_BDD'!$B$85,E9='01_BDD'!$G$85),'01_BDD'!$L$85,IF(AND(E8='01_BDD'!$B$86,E9='01_BDD'!$G$86),'01_BDD'!$L$86,IF(AND(E8='01_BDD'!$B$87,E9='01_BDD'!$G$87),'01_BDD'!$L$87,IF(AND(E8='01_BDD'!$B$88,E9='01_BDD'!$G$88),'01_BDD'!$L$88,IF(AND(E8='01_BDD'!$B$89,E9='01_BDD'!$G$89),'01_BDD'!$L$89,IF(AND(E8='01_BDD'!$B$90,E9='01_BDD'!$G$90),'01_BDD'!$L$90,"0")))))))))))))))))))))))))))))))))))))))))))))))))))))))))))))))) -> 8700 | F16: =IF(AND(F8='01_BDD'!$B$27,F9='01_BDD'!$G$27),'01_BDD'!$L$27,IF(AND(F8='01_BDD'!$B$28,F9='01_BDD'!$G$28),'01_BDD'!$L$28,IF(AND(F8='01_BDD'!$B$29,F9='01_BDD'!$G$29),'01_BDD'!$L$29,IF(AND(F8='01_BDD'!$B$30,F9='01_BDD'!$G$30),'01_BDD'!$L$30,IF(AND(F8='01_BDD'!$B$31,F9='01_BDD'!$G$31),'01_BDD'!$L$31,IF(AND(F8='01_BDD'!$B$32,F9='01_BDD'!$G$32),'01_BDD'!$L$32,IF(AND(F8='01_BDD'!$B$33,F9='01_BDD'!$G$33),'01_BDD'!$L$33,IF(AND(F8='01_BDD'!$B$34,F9='01_BDD'!$G$34),'01_BDD'!$L$34,IF(AND(F8='01_BDD'!$B$35,F9='01_BDD'!$G$35),'01_BDD'!$L$35,IF(AND(F8='01_BDD'!$B$36,F9='01_BDD'!$G$36),'01_BDD'!$L$36,IF(AND(F8='01_BDD'!$B$37,F9='01_BDD'!$G$37),'01_BDD'!$L$37,IF(AND(F8='01_BDD'!$B$38,F9='01_BDD'!$G$38),'01_BDD'!$L$38,IF(AND(F8='01_BDD'!$B$39,F9='01_BDD'!$G$39),'01_BDD'!$L$39,IF(AND(F8='01_BDD'!$B$40,F9='01_BDD'!$G$40),'01_BDD'!$L$40,IF(AND(F8='01_BDD'!$B$41,F9='01_BDD'!$G$41),'01_BDD'!$L$41,IF(AND(F8='01_BDD'!$B$42,F9='01_BDD'!$G$42),'01_BDD'!$L$42,IF(AND(F8='01_BDD'!$B$43,F9='01_BDD'!$G$43),'01_BDD'!$L$43,IF(AND(F8='01_BDD'!$B$44,F9='01_BDD'!$G$44),'01_BDD'!$L$44,IF(AND(F8='01_BDD'!$B$45,F9='01_BDD'!$G$45),'01_BDD'!$L$45,IF(AND(F8='01_BDD'!$B$46,F9='01_BDD'!$G$46),'01_BDD'!$L$46,IF(AND(F8='01_BDD'!$B$47,F9='01_BDD'!$G$47),'01_BDD'!$L$47,IF(AND(F8='01_BDD'!$B$48,F9='01_BDD'!$G$48),'01_BDD'!$L$48,IF(AND(F8='01_BDD'!$B$49,F9='01_BDD'!$G$49),'01_BDD'!$L$49,IF(AND(F8='01_BDD'!$B$50,F9='01_BDD'!$G$50),'01_BDD'!$L$50,IF(AND(F8='01_BDD'!$B$51,F9='01_BDD'!$G$51),'01_BDD'!$L$51,IF(AND(F8='01_BDD'!$B$52,F9='01_BDD'!$G$52),'01_BDD'!$L$52,IF(AND(F8='01_BDD'!$B$53,F9='01_BDD'!$G$53),'01_BDD'!$L$53,IF(AND(F8='01_BDD'!$B$54,F9='01_BDD'!$G$54),'01_BDD'!$L$54,IF(AND(F8='01_BDD'!$B$55,F9='01_BDD'!$G$55),'01_BDD'!$L$55,IF(AND(F8='01_BDD'!$B$56,F9='01_BDD'!$G$56),'01_BDD'!$L$56,IF(AND(F8='01_BDD'!$B$57,F9='01_BDD'!$G$57),'01_BDD'!$L$57,IF(AND(F8='01_BDD'!$B$58,F9='01_BDD'!$G$58),'01_BDD'!$L$58,IF(AND(F8='01_BDD'!$B$59,F9='01_BDD'!$G$59),'01_BDD'!$L$59,IF(AND(F8='01_BDD'!$B$60,F9='01_BDD'!$G$60),'01_BDD'!$L$60,IF(AND(F8='01_BDD'!$B$61,F9='01_BDD'!$G$61),'01_BDD'!$L$61,IF(AND(F8='01_BDD'!$B$62,F9='01_BDD'!$G$62),'01_BDD'!$L$62,IF(AND(F8='01_BDD'!$B$63,F9='01_BDD'!$G$63),'01_BDD'!$L$63,IF(AND(F8='01_BDD'!$B$64,F9='01_BDD'!$G$64),'01_BDD'!$L$64,IF(AND(F8='01_BDD'!$B$65,F9='01_BDD'!$G$65),'01_BDD'!$L$65,IF(AND(F8='01_BDD'!$B$66,F9='01_BDD'!$G$66),'01_BDD'!$L$66,IF(AND(F8='01_BDD'!$B$67,F9='01_BDD'!$G$67),'01_BDD'!$L$67,IF(AND(F8='01_BDD'!$B$68,F9='01_BDD'!$G$68),'01_BDD'!$L$68,IF(AND(F8='01_BDD'!$B$69,F9='01_BDD'!$G$69),'01_BDD'!$L$69,IF(AND(F8='01_BDD'!$B$70,F9='01_BDD'!$G$70),'01_BDD'!$L$70,IF(AND(F8='01_BDD'!$B$71,F9='01_BDD'!$G$71),'01_BDD'!$L$71,IF(AND(F8='01_BDD'!$B$72,F9='01_BDD'!$G$72),'01_BDD'!$L$72,IF(AND(F8='01_BDD'!$B$73,F9='01_BDD'!$G$73),'01_BDD'!$L$73,IF(AND(F8='01_BDD'!$B$74,F9='01_BDD'!$G$74),'01_BDD'!$L$74,IF(AND(F8='01_BDD'!$B$75,F9='01_BDD'!$G$75),'01_BDD'!$L$75,IF(AND(F8='01_BDD'!$B$76,F9='01_BDD'!$G$76),'01_BDD'!$L$76,IF(AND(F8='01_BDD'!$B$77,F9='01_BDD'!$G$77),'01_BDD'!$L$77,IF(AND(F8='01_BDD'!$B$78,F9='01_BDD'!$G$78),'01_BDD'!$L$78,IF(AND(F8='01_BDD'!$B$79,F9='01_BDD'!$G$79),'01_BDD'!$L$79,IF(AND(F8='01_BDD'!$B$80,F9='01_BDD'!$G$80),'01_BDD'!$L$80,IF(AND(F8='01_BDD'!$B$81,F9='01_BDD'!$G$81),'01_BDD'!$L$81,IF(AND(F8='01_BDD'!$B$82,F9='01_BDD'!$G$82),'01_BDD'!$L$82,IF(AND(F8='01_BDD'!$B$83,F9='01_BDD'!$G$83),'01_BDD'!$L$83,IF(AND(F8='01_BDD'!$B$84,F9='01_BDD'!$G$84),'01_BDD'!$L$84,IF(AND(F8='01_BDD'!$B$85,F9='01_BDD'!$G$85),'01_BDD'!$L$85,IF(AND(F8='01_BDD'!$B$86,F9='01_BDD'!$G$86),'01_BDD'!$L$86,IF(AND(F8='01_BDD'!$B$87,F9='01_BDD'!$G$87),'01_BDD'!$L$87,IF(AND(F8='01_BDD'!$B$88,F9='01_BDD'!$G$88),'01_BDD'!$L$88,IF(AND(F8='01_BDD'!$B$89,F9='01_BDD'!$G$89),'01_BDD'!$L$89,IF(AND(F8='01_BDD'!$B$90,F9='01_BDD'!$G$90),'01_BDD'!$L$90,"0")))))))))))))))))))))))))))))))))))))))))))))))))))))))))))))))) -> 4725 | G16: =IF(AND(G8='01_BDD'!$B$27,G9='01_BDD'!$G$27),'01_BDD'!$L$27,IF(AND(G8='01_BDD'!$B$28,G9='01_BDD'!$G$28),'01_BDD'!$L$28,IF(AND(G8='01_BDD'!$B$29,G9='01_BDD'!$G$29),'01_BDD'!$L$29,IF(AND(G8='01_BDD'!$B$30,G9='01_BDD'!$G$30),'01_BDD'!$L$30,IF(AND(G8='01_BDD'!$B$31,G9='01_BDD'!$G$31),'01_BDD'!$L$31,IF(AND(G8='01_BDD'!$B$32,G9='01_BDD'!$G$32),'01_BDD'!$L$32,IF(AND(G8='01_BDD'!$B$33,G9='01_BDD'!$G$33),'01_BDD'!$L$33,IF(AND(G8='01_BDD'!$B$34,G9='01_BDD'!$G$34),'01_BDD'!$L$34,IF(AND(G8='01_BDD'!$B$35,G9='01_BDD'!$G$35),'01_BDD'!$L$35,IF(AND(G8='01_BDD'!$B$36,G9='01_BDD'!$G$36),'01_BDD'!$L$36,IF(AND(G8='01_BDD'!$B$37,G9='01_BDD'!$G$37),'01_BDD'!$L$37,IF(AND(G8='01_BDD'!$B$38,G9='01_BDD'!$G$38),'01_BDD'!$L$38,IF(AND(G8='01_BDD'!$B$39,G9='01_BDD'!$G$39),'01_BDD'!$L$39,IF(AND(G8='01_BDD'!$B$40,G9='01_BDD'!$G$40),'01_BDD'!$L$40,IF(AND(G8='01_BDD'!$B$41,G9='01_BDD'!$G$41),'01_BDD'!$L$41,IF(AND(G8='01_BDD'!$B$42,G9='01_BDD'!$G$42),'01_BDD'!$L$42,IF(AND(G8='01_BDD'!$B$43,G9='01_BDD'!$G$43),'01_BDD'!$L$43,IF(AND(G8='01_BDD'!$B$44,G9='01_BDD'!$G$44),'01_BDD'!$L$44,IF(AND(G8='01_BDD'!$B$45,G9='01_BDD'!$G$45),'01_BDD'!$L$45,IF(AND(G8='01_BDD'!$B$46,G9='01_BDD'!$G$46),'01_BDD'!$L$46,IF(AND(G8='01_BDD'!$B$47,G9='01_BDD'!$G$47),'01_BDD'!$L$47,IF(AND(G8='01_BDD'!$B$48,G9='01_BDD'!$G$48),'01_BDD'!$L$48,IF(AND(G8='01_BDD'!$B$49,G9='01_BDD'!$G$49),'01_BDD'!$L$49,IF(AND(G8='01_BDD'!$B$50,G9='01_BDD'!$G$50),'01_BDD'!$L$50,IF(AND(G8='01_BDD'!$B$51,G9='01_BDD'!$G$51),'01_BDD'!$L$51,IF(AND(G8='01_BDD'!$B$52,G9='01_BDD'!$G$52),'01_BDD'!$L$52,IF(AND(G8='01_BDD'!$B$53,G9='01_BDD'!$G$53),'01_BDD'!$L$53,IF(AND(G8='01_BDD'!$B$54,G9='01_BDD'!$G$54),'01_BDD'!$L$54,IF(AND(G8='01_BDD'!$B$55,G9='01_BDD'!$G$55),'01_BDD'!$L$55,IF(AND(G8='01_BDD'!$B$56,G9='01_BDD'!$G$56),'01_BDD'!$L$56,IF(AND(G8='01_BDD'!$B$57,G9='01_BDD'!$G$57),'01_BDD'!$L$57,IF(AND(G8='01_BDD'!$B$58,G9='01_BDD'!$G$58),'01_BDD'!$L$58,IF(AND(G8='01_BDD'!$B$59,G9='01_BDD'!$G$59),'01_BDD'!$L$59,IF(AND(G8='01_BDD'!$B$60,G9='01_BDD'!$G$60),'01_BDD'!$L$60,IF(AND(G8='01_BDD'!$B$61,G9='01_BDD'!$G$61),'01_BDD'!$L$61,IF(AND(G8='01_BDD'!$B$62,G9='01_BDD'!$G$62),'01_BDD'!$L$62,IF(AND(G8='01_BDD'!$B$63,G9='01_BDD'!$G$63),'01_BDD'!$L$63,IF(AND(G8='01_BDD'!$B$64,G9='01_BDD'!$G$64),'01_BDD'!$L$64,IF(AND(G8='01_BDD'!$B$65,G9='01_BDD'!$G$65),'01_BDD'!$L$65,IF(AND(G8='01_BDD'!$B$66,G9='01_BDD'!$G$66),'01_BDD'!$L$66,IF(AND(G8='01_BDD'!$B$67,G9='01_BDD'!$G$67),'01_BDD'!$L$67,IF(AND(G8='01_BDD'!$B$68,G9='01_BDD'!$G$68),'01_BDD'!$L$68,IF(AND(G8='01_BDD'!$B$69,G9='01_BDD'!$G$69),'01_BDD'!$L$69,IF(AND(G8='01_BDD'!$B$70,G9='01_BDD'!$G$70),'01_BDD'!$L$70,IF(AND(G8='01_BDD'!$B$71,G9='01_BDD'!$G$71),'01_BDD'!$L$71,IF(AND(G8='01_BDD'!$B$72,G9='01_BDD'!$G$72),'01_BDD'!$L$72,IF(AND(G8='01_BDD'!$B$73,G9='01_BDD'!$G$73),'01_BDD'!$L$73,IF(AND(G8='01_BDD'!$B$74,G9='01_BDD'!$G$74),'01_BDD'!$L$74,IF(AND(G8='01_BDD'!$B$75,G9='01_BDD'!$G$75),'01_BDD'!$L$75,IF(AND(G8='01_BDD'!$B$76,G9='01_BDD'!$G$76),'01_BDD'!$L$76,IF(AND(G8='01_BDD'!$B$77,G9='01_BDD'!$G$77),'01_BDD'!$L$77,IF(AND(G8='01_BDD'!$B$78,G9='01_BDD'!$G$78),'01_BDD'!$L$78,IF(AND(G8='01_BDD'!$B$79,G9='01_BDD'!$G$79),'01_BDD'!$L$79,IF(AND(G8='01_BDD'!$B$80,G9='01_BDD'!$G$80),'01_BDD'!$L$80,IF(AND(G8='01_BDD'!$B$81,G9='01_BDD'!$G$81),'01_BDD'!$L$81,IF(AND(G8='01_BDD'!$B$82,G9='01_BDD'!$G$82),'01_BDD'!$L$82,IF(AND(G8='01_BDD'!$B$83,G9='01_BDD'!$G$83),'01_BDD'!$L$83,IF(AND(G8='01_BDD'!$B$84,G9='01_BDD'!$G$84),'01_BDD'!$L$84,IF(AND(G8='01_BDD'!$B$85,G9='01_BDD'!$G$85),'01_BDD'!$L$85,IF(AND(G8='01_BDD'!$B$86,G9='01_BDD'!$G$86),'01_BDD'!$L$86,IF(AND(G8='01_BDD'!$B$87,G9='01_BDD'!$G$87),'01_BDD'!$L$87,IF(AND(G8='01_BDD'!$B$88,G9='01_BDD'!$G$88),'01_BDD'!$L$88,IF(AND(G8='01_BDD'!$B$89,G9='01_BDD'!$G$89),'01_BDD'!$L$89,IF(AND(G8='01_BDD'!$B$90,G9='01_BDD'!$G$90),'01_BDD'!$L$90,"0")))))))))))))))))))))))))))))))))))))))))))))))))))))))))))))))) -> 6000 | H16: =IF(AND(H8='01_BDD'!$B$27,H9='01_BDD'!$G$27),'01_BDD'!$L$27,IF(AND(H8='01_BDD'!$B$28,H9='01_BDD'!$G$28),'01_BDD'!$L$28,IF(AND(H8='01_BDD'!$B$29,H9='01_BDD'!$G$29),'01_BDD'!$L$29,IF(AND(H8='01_BDD'!$B$30,H9='01_BDD'!$G$30),'01_BDD'!$L$30,IF(AND(H8='01_BDD'!$B$31,H9='01_BDD'!$G$31),'01_BDD'!$L$31,IF(AND(H8='01_BDD'!$B$32,H9='01_BDD'!$G$32),'01_BDD'!$L$32,IF(AND(H8='01_BDD'!$B$33,H9='01_BDD'!$G$33),'01_BDD'!$L$33,IF(AND(H8='01_BDD'!$B$34,H9='01_BDD'!$G$34),'01_BDD'!$L$34,IF(AND(H8='01_BDD'!$B$35,H9='01_BDD'!$G$35),'01_BDD'!$L$35,IF(AND(H8='01_BDD'!$B$36,H9='01_BDD'!$G$36),'01_BDD'!$L$36,IF(AND(H8='01_BDD'!$B$37,H9='01_BDD'!$G$37),'01_BDD'!$L$37,IF(AND(H8='01_BDD'!$B$38,H9='01_BDD'!$G$38),'01_BDD'!$L$38,IF(AND(H8='01_BDD'!$B$39,H9='01_BDD'!$G$39),'01_BDD'!$L$39,IF(AND(H8='01_BDD'!$B$40,H9='01_BDD'!$G$40),'01_BDD'!$L$40,IF(AND(H8='01_BDD'!$B$41,H9='01_BDD'!$G$41),'01_BDD'!$L$41,IF(AND(H8='01_BDD'!$B$42,H9='01_BDD'!$G$42),'01_BDD'!$L$42,IF(AND(H8='01_BDD'!$B$43,H9='01_BDD'!$G$43),'01_BDD'!$L$43,IF(AND(H8='01_BDD'!$B$44,H9='01_BDD'!$G$44),'01_BDD'!$L$44,IF(AND(H8='01_BDD'!$B$45,H9='01_BDD'!$G$45),'01_BDD'!$L$45,IF(AND(H8='01_BDD'!$B$46,H9='01_BDD'!$G$46),'01_BDD'!$L$46,IF(AND(H8='01_BDD'!$B$47,H9='01_BDD'!$G$47),'01_BDD'!$L$47,IF(AND(H8='01_BDD'!$B$48,H9='01_BDD'!$G$48),'01_BDD'!$L$48,IF(AND(H8='01_BDD'!$B$49,H9='01_BDD'!$G$49),'01_BDD'!$L$49,IF(AND(H8='01_BDD'!$B$50,H9='01_BDD'!$G$50),'01_BDD'!$L$50,IF(AND(H8='01_BDD'!$B$51,H9='01_BDD'!$G$51),'01_BDD'!$L$51,IF(AND(H8='01_BDD'!$B$52,H9='01_BDD'!$G$52),'01_BDD'!$L$52,IF(AND(H8='01_BDD'!$B$53,H9='01_BDD'!$G$53),'01_BDD'!$L$53,IF(AND(H8='01_BDD'!$B$54,H9='01_BDD'!$G$54),'01_BDD'!$L$54,IF(AND(H8='01_BDD'!$B$55,H9='01_BDD'!$G$55),'01_BDD'!$L$55,IF(AND(H8='01_BDD'!$B$56,H9='01_BDD'!$G$56),'01_BDD'!$L$56,IF(AND(H8='01_BDD'!$B$57,H9='01_BDD'!$G$57),'01_BDD'!$L$57,IF(AND(H8='01_BDD'!$B$58,H9='01_BDD'!$G$58),'01_BDD'!$L$58,IF(AND(H8='01_BDD'!$B$59,H9='01_BDD'!$G$59),'01_BDD'!$L$59,IF(AND(H8='01_BDD'!$B$60,H9='01_BDD'!$G$60),'01_BDD'!$L$60,IF(AND(H8='01_BDD'!$B$61,H9='01_BDD'!$G$61),'01_BDD'!$L$61,IF(AND(H8='01_BDD'!$B$62,H9='01_BDD'!$G$62),'01_BDD'!$L$62,IF(AND(H8='01_BDD'!$B$63,H9='01_BDD'!$G$63),'01_BDD'!$L$63,IF(AND(H8='01_BDD'!$B$64,H9='01_BDD'!$G$64),'01_BDD'!$L$64,IF(AND(H8='01_BDD'!$B$65,H9='01_BDD'!$G$65),'01_BDD'!$L$65,IF(AND(H8='01_BDD'!$B$66,H9='01_BDD'!$G$66),'01_BDD'!$L$66,IF(AND(H8='01_BDD'!$B$67,H9='01_BDD'!$G$67),'01_BDD'!$L$67,IF(AND(H8='01_BDD'!$B$68,H9='01_BDD'!$G$68),'01_BDD'!$L$68,IF(AND(H8='01_BDD'!$B$69,H9='01_BDD'!$G$69),'01_BDD'!$L$69,IF(AND(H8='01_BDD'!$B$70,H9='01_BDD'!$G$70),'01_BDD'!$L$70,IF(AND(H8='01_BDD'!$B$71,H9='01_BDD'!$G$71),'01_BDD'!$L$71,IF(AND(H8='01_BDD'!$B$72,H9='01_BDD'!$G$72),'01_BDD'!$L$72,IF(AND(H8='01_BDD'!$B$73,H9='01_BDD'!$G$73),'01_BDD'!$L$73,IF(AND(H8='01_BDD'!$B$74,H9='01_BDD'!$G$74),'01_BDD'!$L$74,IF(AND(H8='01_BDD'!$B$75,H9='01_BDD'!$G$75),'01_BDD'!$L$75,IF(AND(H8='01_BDD'!$B$76,H9='01_BDD'!$G$76),'01_BDD'!$L$76,IF(AND(H8='01_BDD'!$B$77,H9='01_BDD'!$G$77),'01_BDD'!$L$77,IF(AND(H8='01_BDD'!$B$78,H9='01_BDD'!$G$78),'01_BDD'!$L$78,IF(AND(H8='01_BDD'!$B$79,H9='01_BDD'!$G$79),'01_BDD'!$L$79,IF(AND(H8='01_BDD'!$B$80,H9='01_BDD'!$G$80),'01_BDD'!$L$80,IF(AND(H8='01_BDD'!$B$81,H9='01_BDD'!$G$81),'01_BDD'!$L$81,IF(AND(H8='01_BDD'!$B$82,H9='01_BDD'!$G$82),'01_BDD'!$L$82,IF(AND(H8='01_BDD'!$B$83,H9='01_BDD'!$G$83),'01_BDD'!$L$83,IF(AND(H8='01_BDD'!$B$84,H9='01_BDD'!$G$84),'01_BDD'!$L$84,IF(AND(H8='01_BDD'!$B$85,H9='01_BDD'!$G$85),'01_BDD'!$L$85,IF(AND(H8='01_BDD'!$B$86,H9='01_BDD'!$G$86),'01_BDD'!$L$86,IF(AND(H8='01_BDD'!$B$87,H9='01_BDD'!$G$87),'01_BDD'!$L$87,IF(AND(H8='01_BDD'!$B$88,H9='01_BDD'!$G$88),'01_BDD'!$L$88,IF(AND(H8='01_BDD'!$B$89,H9='01_BDD'!$G$89),'01_BDD'!$L$89,IF(AND(H8='01_BDD'!$B$90,H9='01_BDD'!$G$90),'01_BDD'!$L$90,"0")))))))))))))))))))))))))))))))))))))))))))))))))))))))))))))))) -> 4425 | I16: =IF(AND(I8='01_BDD'!$B$27,I9='01_BDD'!$G$27),'01_BDD'!$L$27,IF(AND(I8='01_BDD'!$B$28,I9='01_BDD'!$G$28),'01_BDD'!$L$28,IF(AND(I8='01_BDD'!$B$29,I9='01_BDD'!$G$29),'01_BDD'!$L$29,IF(AND(I8='01_BDD'!$B$30,I9='01_BDD'!$G$30),'01_BDD'!$L$30,IF(AND(I8='01_BDD'!$B$31,I9='01_BDD'!$G$31),'01_BDD'!$L$31,IF(AND(I8='01_BDD'!$B$32,I9='01_BDD'!$G$32),'01_BDD'!$L$32,IF(AND(I8='01_BDD'!$B$33,I9='01_BDD'!$G$33),'01_BDD'!$L$33,IF(AND(I8='01_BDD'!$B$34,I9='01_BDD'!$G$34),'01_BDD'!$L$34,IF(AND(I8='01_BDD'!$B$35,I9='01_BDD'!$G$35),'01_BDD'!$L$35,IF(AND(I8='01_BDD'!$B$36,I9='01_BDD'!$G$36),'01_BDD'!$L$36,IF(AND(I8='01_BDD'!$B$37,I9='01_BDD'!$G$37),'01_BDD'!$L$37,IF(AND(I8='01_BDD'!$B$38,I9='01_BDD'!$G$38),'01_BDD'!$L$38,IF(AND(I8='01_BDD'!$B$39,I9='01_BDD'!$G$39),'01_BDD'!$L$39,IF(AND(I8='01_BDD'!$B$40,I9='01_BDD'!$G$40),'01_BDD'!$L$40,IF(AND(I8='01_BDD'!$B$41,I9='01_BDD'!$G$41),'01_BDD'!$L$41,IF(AND(I8='01_BDD'!$B$42,I9='01_BDD'!$G$42),'01_BDD'!$L$42,IF(AND(I8='01_BDD'!$B$43,I9='01_BDD'!$G$43),'01_BDD'!$L$43,IF(AND(I8='01_BDD'!$B$44,I9='01_BDD'!$G$44),'01_BDD'!$L$44,IF(AND(I8='01_BDD'!$B$45,I9='01_BDD'!$G$45),'01_BDD'!$L$45,IF(AND(I8='01_BDD'!$B$46,I9='01_BDD'!$G$46),'01_BDD'!$L$46,IF(AND(I8='01_BDD'!$B$47,I9='01_BDD'!$G$47),'01_BDD'!$L$47,IF(AND(I8='01_BDD'!$B$48,I9='01_BDD'!$G$48),'01_BDD'!$L$48,IF(AND(I8='01_BDD'!$B$49,I9='01_BDD'!$G$49),'01_BDD'!$L$49,IF(AND(I8='01_BDD'!$B$50,I9='01_BDD'!$G$50),'01_BDD'!$L$50,IF(AND(I8='01_BDD'!$B$51,I9='01_BDD'!$G$51),'01_BDD'!$L$51,IF(AND(I8='01_BDD'!$B$52,I9='01_BDD'!$G$52),'01_BDD'!$L$52,IF(AND(I8='01_BDD'!$B$53,I9='01_BDD'!$G$53),'01_BDD'!$L$53,IF(AND(I8='01_BDD'!$B$54,I9='01_BDD'!$G$54),'01_BDD'!$L$54,IF(AND(I8='01_BDD'!$B$55,I9='01_BDD'!$G$55),'01_BDD'!$L$55,IF(AND(I8='01_BDD'!$B$56,I9='01_BDD'!$G$56),'01_BDD'!$L$56,IF(AND(I8='01_BDD'!$B$57,I9='01_BDD'!$G$57),'01_BDD'!$L$57,IF(AND(I8='01_BDD'!$B$58,I9='01_BDD'!$G$58),'01_BDD'!$L$58,IF(AND(I8='01_BDD'!$B$59,I9='01_BDD'!$G$59),'01_BDD'!$L$59,IF(AND(I8='01_BDD'!$B$60,I9='01_BDD'!$G$60),'01_BDD'!$L$60,IF(AND(I8='01_BDD'!$B$61,I9='01_BDD'!$G$61),'01_BDD'!$L$61,IF(AND(I8='01_BDD'!$B$62,I9='01_BDD'!$G$62),'01_BDD'!$L$62,IF(AND(I8='01_BDD'!$B$63,I9='01_BDD'!$G$63),'01_BDD'!$L$63,IF(AND(I8='01_BDD'!$B$64,I9='01_BDD'!$G$64),'01_BDD'!$L$64,IF(AND(I8='01_BDD'!$B$65,I9='01_BDD'!$G$65),'01_BDD'!$L$65,IF(AND(I8='01_BDD'!$B$66,I9='01_BDD'!$G$66),'01_BDD'!$L$66,IF(AND(I8='01_BDD'!$B$67,I9='01_BDD'!$G$67),'01_BDD'!$L$67,IF(AND(I8='01_BDD'!$B$68,I9='01_BDD'!$G$68),'01_BDD'!$L$68,IF(AND(I8='01_BDD'!$B$69,I9='01_BDD'!$G$69),'01_BDD'!$L$69,IF(AND(I8='01_BDD'!$B$70,I9='01_BDD'!$G$70),'01_BDD'!$L$70,IF(AND(I8='01_BDD'!$B$71,I9='01_BDD'!$G$71),'01_BDD'!$L$71,IF(AND(I8='01_BDD'!$B$72,I9='01_BDD'!$G$72),'01_BDD'!$L$72,IF(AND(I8='01_BDD'!$B$73,I9='01_BDD'!$G$73),'01_BDD'!$L$73,IF(AND(I8='01_BDD'!$B$74,I9='01_BDD'!$G$74),'01_BDD'!$L$74,IF(AND(I8='01_BDD'!$B$75,I9='01_BDD'!$G$75),'01_BDD'!$L$75,IF(AND(I8='01_BDD'!$B$76,I9='01_BDD'!$G$76),'01_BDD'!$L$76,IF(AND(I8='01_BDD'!$B$77,I9='01_BDD'!$G$77),'01_BDD'!$L$77,IF(AND(I8='01_BDD'!$B$78,I9='01_BDD'!$G$78),'01_BDD'!$L$78,IF(AND(I8='01_BDD'!$B$79,I9='01_BDD'!$G$79),'01_BDD'!$L$79,IF(AND(I8='01_BDD'!$B$80,I9='01_BDD'!$G$80),'01_BDD'!$L$80,IF(AND(I8='01_BDD'!$B$81,I9='01_BDD'!$G$81),'01_BDD'!$L$81,IF(AND(I8='01_BDD'!$B$82,I9='01_BDD'!$G$82),'01_BDD'!$L$82,IF(AND(I8='01_BDD'!$B$83,I9='01_BDD'!$G$83),'01_BDD'!$L$83,IF(AND(I8='01_BDD'!$B$84,I9='01_BDD'!$G$84),'01_BDD'!$L$84,IF(AND(I8='01_BDD'!$B$85,I9='01_BDD'!$G$85),'01_BDD'!$L$85,IF(AND(I8='01_BDD'!$B$86,I9='01_BDD'!$G$86),'01_BDD'!$L$86,IF(AND(I8='01_BDD'!$B$87,I9='01_BDD'!$G$87),'01_BDD'!$L$87,IF(AND(I8='01_BDD'!$B$88,I9='01_BDD'!$G$88),'01_BDD'!$L$88,IF(AND(I8='01_BDD'!$B$89,I9='01_BDD'!$G$89),'01_BDD'!$L$89,IF(AND(I8='01_BDD'!$B$90,I9='01_BDD'!$G$90),'01_BDD'!$L$90,"0")))))))))))))))))))))))))))))))))))))))))))))))))))))))))))))))) -> 3825 | J16: =IF(AND(J8='01_BDD'!$B$27,J9='01_BDD'!$G$27),'01_BDD'!$L$27,IF(AND(J8='01_BDD'!$B$28,J9='01_BDD'!$G$28),'01_BDD'!$L$28,IF(AND(J8='01_BDD'!$B$29,J9='01_BDD'!$G$29),'01_BDD'!$L$29,IF(AND(J8='01_BDD'!$B$30,J9='01_BDD'!$G$30),'01_BDD'!$L$30,IF(AND(J8='01_BDD'!$B$31,J9='01_BDD'!$G$31),'01_BDD'!$L$31,IF(AND(J8='01_BDD'!$B$32,J9='01_BDD'!$G$32),'01_BDD'!$L$32,IF(AND(J8='01_BDD'!$B$33,J9='01_BDD'!$G$33),'01_BDD'!$L$33,IF(AND(J8='01_BDD'!$B$34,J9='01_BDD'!$G$34),'01_BDD'!$L$34,IF(AND(J8='01_BDD'!$B$35,J9='01_BDD'!$G$35),'01_BDD'!$L$35,IF(AND(J8='01_BDD'!$B$36,J9='01_BDD'!$G$36),'01_BDD'!$L$36,IF(AND(J8='01_BDD'!$B$37,J9='01_BDD'!$G$37),'01_BDD'!$L$37,IF(AND(J8='01_BDD'!$B$38,J9='01_BDD'!$G$38),'01_BDD'!$L$38,IF(AND(J8='01_BDD'!$B$39,J9='01_BDD'!$G$39),'01_BDD'!$L$39,IF(AND(J8='01_BDD'!$B$40,J9='01_BDD'!$G$40),'01_BDD'!$L$40,IF(AND(J8='01_BDD'!$B$41,J9='01_BDD'!$G$41),'01_BDD'!$L$41,IF(AND(J8='01_BDD'!$B$42,J9='01_BDD'!$G$42),'01_BDD'!$L$42,IF(AND(J8='01_BDD'!$B$43,J9='01_BDD'!$G$43),'01_BDD'!$L$43,IF(AND(J8='01_BDD'!$B$44,J9='01_BDD'!$G$44),'01_BDD'!$L$44,IF(AND(J8='01_BDD'!$B$45,J9='01_BDD'!$G$45),'01_BDD'!$L$45,IF(AND(J8='01_BDD'!$B$46,J9='01_BDD'!$G$46),'01_BDD'!$L$46,IF(AND(J8='01_BDD'!$B$47,J9='01_BDD'!$G$47),'01_BDD'!$L$47,IF(AND(J8='01_BDD'!$B$48,J9='01_BDD'!$G$48),'01_BDD'!$L$48,IF(AND(J8='01_BDD'!$B$49,J9='01_BDD'!$G$49),'01_BDD'!$L$49,IF(AND(J8='01_BDD'!$B$50,J9='01_BDD'!$G$50),'01_BDD'!$L$50,IF(AND(J8='01_BDD'!$B$51,J9='01_BDD'!$G$51),'01_BDD'!$L$51,IF(AND(J8='01_BDD'!$B$52,J9='01_BDD'!$G$52),'01_BDD'!$L$52,IF(AND(J8='01_BDD'!$B$53,J9='01_BDD'!$G$53),'01_BDD'!$L$53,IF(AND(J8='01_BDD'!$B$54,J9='01_BDD'!$G$54),'01_BDD'!$L$54,IF(AND(J8='01_BDD'!$B$55,J9='01_BDD'!$G$55),'01_BDD'!$L$55,IF(AND(J8='01_BDD'!$B$56,J9='01_BDD'!$G$56),'01_BDD'!$L$56,IF(AND(J8='01_BDD'!$B$57,J9='01_BDD'!$G$57),'01_BDD'!$L$57,IF(AND(J8='01_BDD'!$B$58,J9='01_BDD'!$G$58),'01_BDD'!$L$58,IF(AND(J8='01_BDD'!$B$59,J9='01_BDD'!$G$59),'01_BDD'!$L$59,IF(AND(J8='01_BDD'!$B$60,J9='01_BDD'!$G$60),'01_BDD'!$L$60,IF(AND(J8='01_BDD'!$B$61,J9='01_BDD'!$G$61),'01_BDD'!$L$61,IF(AND(J8='01_BDD'!$B$62,J9='01_BDD'!$G$62),'01_BDD'!$L$62,IF(AND(J8='01_BDD'!$B$63,J9='01_BDD'!$G$63),'01_BDD'!$L$63,IF(AND(J8='01_BDD'!$B$64,J9='01_BDD'!$G$64),'01_BDD'!$L$64,IF(AND(J8='01_BDD'!$B$65,J9='01_BDD'!$G$65),'01_BDD'!$L$65,IF(AND(J8='01_BDD'!$B$66,J9='01_BDD'!$G$66),'01_BDD'!$L$66,IF(AND(J8='01_BDD'!$B$67,J9='01_BDD'!$G$67),'01_BDD'!$L$67,IF(AND(J8='01_BDD'!$B$68,J9='01_BDD'!$G$68),'01_BDD'!$L$68,IF(AND(J8='01_BDD'!$B$69,J9='01_BDD'!$G$69),'01_BDD'!$L$69,IF(AND(J8='01_BDD'!$B$70,J9='01_BDD'!$G$70),'01_BDD'!$L$70,IF(AND(J8='01_BDD'!$B$71,J9='01_BDD'!$G$71),'01_BDD'!$L$71,IF(AND(J8='01_BDD'!$B$72,J9='01_BDD'!$G$72),'01_BDD'!$L$72,IF(AND(J8='01_BDD'!$B$73,J9='01_BDD'!$G$73),'01_BDD'!$L$73,IF(AND(J8='01_BDD'!$B$74,J9='01_BDD'!$G$74),'01_BDD'!$L$74,IF(AND(J8='01_BDD'!$B$75,J9='01_BDD'!$G$75),'01_BDD'!$L$75,IF(AND(J8='01_BDD'!$B$76,J9='01_BDD'!$G$76),'01_BDD'!$L$76,IF(AND(J8='01_BDD'!$B$77,J9='01_BDD'!$G$77),'01_BDD'!$L$77,IF(AND(J8='01_BDD'!$B$78,J9='01_BDD'!$G$78),'01_BDD'!$L$78,IF(AND(J8='01_BDD'!$B$79,J9='01_BDD'!$G$79),'01_BDD'!$L$79,IF(AND(J8='01_BDD'!$B$80,J9='01_BDD'!$G$80),'01_BDD'!$L$80,IF(AND(J8='01_BDD'!$B$81,J9='01_BDD'!$G$81),'01_BDD'!$L$81,IF(AND(J8='01_BDD'!$B$82,J9='01_BDD'!$G$82),'01_BDD'!$L$82,IF(AND(J8='01_BDD'!$B$83,J9='01_BDD'!$G$83),'01_BDD'!$L$83,IF(AND(J8='01_BDD'!$B$84,J9='01_BDD'!$G$84),'01_BDD'!$L$84,IF(AND(J8='01_BDD'!$B$85,J9='01_BDD'!$G$85),'01_BDD'!$L$85,IF(AND(J8='01_BDD'!$B$86,J9='01_BDD'!$G$86),'01_BDD'!$L$86,IF(AND(J8='01_BDD'!$B$87,J9='01_BDD'!$G$87),'01_BDD'!$L$87,IF(AND(J8='01_BDD'!$B$88,J9='01_BDD'!$G$88),'01_BDD'!$L$88,IF(AND(J8='01_BDD'!$B$89,J9='01_BDD'!$G$89),'01_BDD'!$L$89,IF(AND(J8='01_BDD'!$B$90,J9='01_BDD'!$G$90),'01_BDD'!$L$90,"0")))))))))))))))))))))))))))))))))))))))))))))))))))))))))))))))) -> 4650 | ... AO16: =IF(AND(AO8='01_BDD'!$B$27,AO9='01_BDD'!$G$27),'01_BDD'!$L$27,IF(AND(AO8='01_BDD'!$B$28,AO9='01_BDD'!$G$28),'01_BDD'!$L$28,IF(AND(AO8='01_BDD'!$B$29,AO9='01_BDD'!$G$29),'01_BDD'!$L$29,IF(AND(AO8='01_BDD'!$B$30,AO9='01_BDD'!$G$30),'01_BDD'!$L$30,IF(AND(AO8='01_BDD'!$B$31,AO9='01_BDD'!$G$31),'01_BDD'!$L$31,IF(AND(AO8='01_BDD'!$B$32,AO9='01_BDD'!$G$32),'01_BDD'!$L$32,IF(AND(AO8='01_BDD'!$B$33,AO9='01_BDD'!$G$33),'01_BDD'!$L$33,IF(AND(AO8='01_BDD'!$B$34,AO9='01_BDD'!$G$34),'01_BDD'!$L$34,IF(AND(AO8='01_BDD'!$B$35,AO9='01_BDD'!$G$35),'01_BDD'!$L$35,IF(AND(AO8='01_BDD'!$B$36,AO9='01_BDD'!$G$36),'01_BDD'!$L$36,IF(AND(AO8='01_BDD'!$B$37,AO9='01_BDD'!$G$37),'01_BDD'!$L$37,IF(AND(AO8='01_BDD'!$B$38,AO9='01_BDD'!$G$38),'01_BDD'!$L$38,IF(AND(AO8='01_BDD'!$B$39,AO9='01_BDD'!$G$39),'01_BDD'!$L$39,IF(AND(AO8='01_BDD'!$B$40,AO9='01_BDD'!$G$40),'01_BDD'!$L$40,IF(AND(AO8='01_BDD'!$B$41,AO9='01_BDD'!$G$41),'01_BDD'!$L$41,IF(AND(AO8='01_BDD'!$B$42,AO9='01_BDD'!$G$42),'01_BDD'!$L$42,IF(AND(AO8='01_BDD'!$B$43,AO9='01_BDD'!$G$43),'01_BDD'!$L$43,IF(AND(AO8='01_BDD'!$B$44,AO9='01_BDD'!$G$44),'01_BDD'!$L$44,IF(AND(AO8='01_BDD'!$B$45,AO9='01_BDD'!$G$45),'01_BDD'!$L$45,IF(AND(AO8='01_BDD'!$B$46,AO9='01_BDD'!$G$46),'01_BDD'!$L$46,IF(AND(AO8='01_BDD'!$B$47,AO9='01_BDD'!$G$47),'01_BDD'!$L$47,IF(AND(AO8='01_BDD'!$B$48,AO9='01_BDD'!$G$48),'01_BDD'!$L$48,IF(AND(AO8='01_BDD'!$B$49,AO9='01_BDD'!$G$49),'01_BDD'!$L$49,IF(AND(AO8='01_BDD'!$B$50,AO9='01_BDD'!$G$50),'01_BDD'!$L$50,IF(AND(AO8='01_BDD'!$B$51,AO9='01_BDD'!$G$51),'01_BDD'!$L$51,IF(AND(AO8='01_BDD'!$B$52,AO9='01_BDD'!$G$52),'01_BDD'!$L$52,IF(AND(AO8='01_BDD'!$B$53,AO9='01_BDD'!$G$53),'01_BDD'!$L$53,IF(AND(AO8='01_BDD'!$B$54,AO9='01_BDD'!$G$54),'01_BDD'!$L$54,IF(AND(AO8='01_BDD'!$B$55,AO9='01_BDD'!$G$55),'01_BDD'!$L$55,IF(AND(AO8='01_BDD'!$B$56,AO9='01_BDD'!$G$56),'01_BDD'!$L$56,IF(AND(AO8='01_BDD'!$B$57,AO9='01_BDD'!$G$57),'01_BDD'!$L$57,IF(AND(AO8='01_BDD'!$B$58,AO9='01_BDD'!$G$58),'01_BDD'!$L$58,IF(AND(AO8='01_BDD'!$B$59,AO9='01_BDD'!$G$59),'01_BDD'!$L$59,IF(AND(AO8='01_BDD'!$B$60,AO9='01_BDD'!$G$60),'01_BDD'!$L$60,IF(AND(AO8='01_BDD'!$B$61,AO9='01_BDD'!$G$61),'01_BDD'!$L$61,IF(AND(AO8='01_BDD'!$B$62,AO9='01_BDD'!$G$62),'01_BDD'!$L$62,IF(AND(AO8='01_BDD'!$B$63,AO9='01_BDD'!$G$63),'01_BDD'!$L$63,IF(AND(AO8='01_BDD'!$B$64,AO9='01_BDD'!$G$64),'01_BDD'!$L$64,IF(AND(AO8='01_BDD'!$B$65,AO9='01_BDD'!$G$65),'01_BDD'!$L$65,IF(AND(AO8='01_BDD'!$B$66,AO9='01_BDD'!$G$66),'01_BDD'!$L$66,IF(AND(AO8='01_BDD'!$B$67,AO9='01_BDD'!$G$67),'01_BDD'!$L$67,IF(AND(AO8='01_BDD'!$B$68,AO9='01_BDD'!$G$68),'01_BDD'!$L$68,IF(AND(AO8='01_BDD'!$B$69,AO9='01_BDD'!$G$69),'01_BDD'!$L$69,IF(AND(AO8='01_BDD'!$B$70,AO9='01_BDD'!$G$70),'01_BDD'!$L$70,IF(AND(AO8='01_BDD'!$B$71,AO9='01_BDD'!$G$71),'01_BDD'!$L$71,IF(AND(AO8='01_BDD'!$B$72,AO9='01_BDD'!$G$72),'01_BDD'!$L$72,IF(AND(AO8='01_BDD'!$B$73,AO9='01_BDD'!$G$73),'01_BDD'!$L$73,IF(AND(AO8='01_BDD'!$B$74,AO9='01_BDD'!$G$74),'01_BDD'!$L$74,IF(AND(AO8='01_BDD'!$B$75,AO9='01_BDD'!$G$75),'01_BDD'!$L$75,IF(AND(AO8='01_BDD'!$B$76,AO9='01_BDD'!$G$76),'01_BDD'!$L$76,IF(AND(AO8='01_BDD'!$B$77,AO9='01_BDD'!$G$77),'01_BDD'!$L$77,IF(AND(AO8='01_BDD'!$B$78,AO9='01_BDD'!$G$78),'01_BDD'!$L$78,IF(AND(AO8='01_BDD'!$B$79,AO9='01_BDD'!$G$79),'01_BDD'!$L$79,IF(AND(AO8='01_BDD'!$B$80,AO9='01_BDD'!$G$80),'01_BDD'!$L$80,IF(AND(AO8='01_BDD'!$B$81,AO9='01_BDD'!$G$81),'01_BDD'!$L$81,IF(AND(AO8='01_BDD'!$B$82,AO9='01_BDD'!$G$82),'01_BDD'!$L$82,IF(AND(AO8='01_BDD'!$B$83,AO9='01_BDD'!$G$83),'01_BDD'!$L$83,IF(AND(AO8='01_BDD'!$B$84,AO9='01_BDD'!$G$84),'01_BDD'!$L$84,IF(AND(AO8='01_BDD'!$B$85,AO9='01_BDD'!$G$85),'01_BDD'!$L$85,IF(AND(AO8='01_BDD'!$B$86,AO9='01_BDD'!$G$86),'01_BDD'!$L$86,IF(AND(AO8='01_BDD'!$B$87,AO9='01_BDD'!$G$87),'01_BDD'!$L$87,IF(AND(AO8='01_BDD'!$B$88,AO9='01_BDD'!$G$88),'01_BDD'!$L$88,IF(AND(AO8='01_BDD'!$B$89,AO9='01_BDD'!$G$89),'01_BDD'!$L$89,IF(AND(AO8='01_BDD'!$B$90,AO9='01_BDD'!$G$90),'01_BDD'!$L$90,"0")))))))))))))))))))))))))))))))))))))))))))))))))))))))))))))))) -> 0
A17: Avancement | C17: 1 | D17: 1 | E17: 0.75 | F17: 1 | G17: 1 | H17: 1 | I17: 0.84615385 | J17: 1 | K17: 1 | L17: 1 | M17: 0.39450355 | N17: 1 | O17: 1 | P17: 1 | Q17: 1 | R17: 1 | S17: 1 | T17: 1
A18: ='01_BDD'!E26 -> Adresse facturation | C18: =IF(AND(C8='01_BDD'!$B$27,C9='01_BDD'!$G$27),'01_BDD'!$E$27,IF(AND(C8='01_BDD'!$B$28,C9='01_BDD'!$G$28),'01_BDD'!$E$28,IF(AND(C8='01_BDD'!$B$29,C9='01_BDD'!$G$29),'01_BDD'!$E$29,IF(AND(C8='01_BDD'!$B$30,C9='01_BDD'!$G$30),'01_BDD'!$E$30,IF(AND(C8='01_BDD'!$B$31,C9='01_BDD'!$G$31),'01_BDD'!$E$31,IF(AND(C8='01_BDD'!$B$32,C9='01_BDD'!$G$32),'01_BDD'!$E$32,IF(AND(C8='01_BDD'!$B$33,C9='01_BDD'!$G$33),'01_BDD'!$E$33,IF(AND(C8='01_BDD'!$B$34,C9='01_BDD'!$G$34),'01_BDD'!$E$34,IF(AND(C8='01_BDD'!$B$35,C9='01_BDD'!$G$35),'01_BDD'!$E$35,IF(AND(C8='01_BDD'!$B$36,C9='01_BDD'!$G$36),'01_BDD'!$E$36,IF(AND(C8='01_BDD'!$B$37,C9='01_BDD'!$G$37),'01_BDD'!$E$37,IF(AND(C8='01_BDD'!$B$38,C9='01_BDD'!$G$38),'01_BDD'!$E$38,IF(AND(C8='01_BDD'!$B$39,C9='01_BDD'!$G$39),'01_BDD'!$E$39,IF(AND(C8='01_BDD'!$B$40,C9='01_BDD'!$G$40),'01_BDD'!$E$40,IF(AND(C8='01_BDD'!$B$41,C9='01_BDD'!$G$41),'01_BDD'!$E$41,IF(AND(C8='01_BDD'!$B$42,C9='01_BDD'!$G$42),'01_BDD'!$E$42,IF(AND(C8='01_BDD'!$B$43,C9='01_BDD'!$G$43),'01_BDD'!$E$43,IF(AND(C8='01_BDD'!$B$44,C9='01_BDD'!$G$44),'01_BDD'!$E$44,IF(AND(C8='01_BDD'!$B$45,C9='01_BDD'!$G$45),'01_BDD'!$E$45,IF(AND(C8='01_BDD'!$B$46,C9='01_BDD'!$G$46),'01_BDD'!$E$46,IF(AND(C8='01_BDD'!$B$47,C9='01_BDD'!$G$47),'01_BDD'!$E$47,IF(AND(C8='01_BDD'!$B$48,C9='01_BDD'!$G$48),'01_BDD'!$E$48,IF(AND(C8='01_BDD'!$B$49,C9='01_BDD'!$G$49),'01_BDD'!$E$49,IF(AND(C8='01_BDD'!$B$50,C9='01_BDD'!$G$50),'01_BDD'!$E$50,IF(AND(C8='01_BDD'!$B$51,C9='01_BDD'!$G$51),'01_BDD'!$E$51,IF(AND(C8='01_BDD'!$B$52,C9='01_BDD'!$G$52),'01_BDD'!$E$52,IF(AND(C8='01_BDD'!$B$53,C9='01_BDD'!$G$53),'01_BDD'!$E$53,IF(AND(C8='01_BDD'!$B$54,C9='01_BDD'!$G$54),'01_BDD'!$E$54,IF(AND(C8='01_BDD'!$B$55,C9='01_BDD'!$G$55),'01_BDD'!$E$55,IF(AND(C8='01_BDD'!$B$56,C9='01_BDD'!$G$56),'01_BDD'!$E$56,IF(AND(C8='01_BDD'!$B$57,C9='01_BDD'!$G$57),'01_BDD'!$E$57,IF(AND(C8='01_BDD'!$B$58,C9='01_BDD'!$G$58),'01_BDD'!$E$58,IF(AND(C8='01_BDD'!$B$59,C9='01_BDD'!$G$59),'01_BDD'!$E$59,IF(AND(C8='01_BDD'!$B$60,C9='01_BDD'!$G$60),'01_BDD'!$E$60,IF(AND(C8='01_BDD'!$B$61,C9='01_BDD'!$G$61),'01_BDD'!$E$61,IF(AND(C8='01_BDD'!$B$62,C9='01_BDD'!$G$62),'01_BDD'!$E$62,IF(AND(C8='01_BDD'!$B$63,C9='01_BDD'!$G$63),'01_BDD'!$E$63,IF(AND(C8='01_BDD'!$B$64,C9='01_BDD'!$G$64),'01_BDD'!$E$64,IF(AND(C8='01_BDD'!$B$65,C9='01_BDD'!$G$65),'01_BDD'!$E$65,IF(AND(C8='01_BDD'!$B$66,C9='01_BDD'!$G$66),'01_BDD'!$E$66,IF(AND(C8='01_BDD'!$B$67,C9='01_BDD'!$G$67),'01_BDD'!$E$67,IF(AND(C8='01_BDD'!$B$68,C9='01_BDD'!$G$68),'01_BDD'!$E$68,IF(AND(C8='01_BDD'!$B$69,C9='01_BDD'!$G$69),'01_BDD'!$E$69,IF(AND(C8='01_BDD'!$B$70,C9='01_BDD'!$G$70),'01_BDD'!$E$70,IF(AND(C8='01_BDD'!$B$71,C9='01_BDD'!$G$71),'01_BDD'!$E$71,IF(AND(C8='01_BDD'!$B$72,C9='01_BDD'!$G$72),'01_BDD'!$E$72,IF(AND(C8='01_BDD'!$B$73,C9='01_BDD'!$G$73),'01_BDD'!$E$73,IF(AND(C8='01_BDD'!$B$74,C9='01_BDD'!$G$74),'01_BDD'!$E$74,IF(AND(C8='01_BDD'!$B$75,C9='01_BDD'!$G$75),'01_BDD'!$E$75,IF(AND(C8='01_BDD'!$B$76,C9='01_BDD'!$G$76),'01_BDD'!$E$76,IF(AND(C8='01_BDD'!$B$77,C9='01_BDD'!$G$77),'01_BDD'!$E$77,IF(AND(C8='01_BDD'!$B$78,C9='01_BDD'!$G$78),'01_BDD'!$E$78,IF(AND(C8='01_BDD'!$B$79,C9='01_BDD'!$G$79),'01_BDD'!$E$79,IF(AND(C8='01_BDD'!$B$80,C9='01_BDD'!$G$80),'01_BDD'!$E$80,IF(AND(C8='01_BDD'!$B$81,C9='01_BDD'!$G$81),'01_BDD'!$E$81,IF(AND(C8='01_BDD'!$B$82,C9='01_BDD'!$G$82),'01_BDD'!$E$82,IF(AND(C8='01_BDD'!$B$83,C9='01_BDD'!$G$83),'01_BDD'!$E$83,IF(AND(C8='01_BDD'!$B$84,C9='01_BDD'!$G$84),'01_BDD'!$E$84,IF(AND(C8='01_BDD'!$B$85,C9='01_BDD'!$G$85),'01_BDD'!$E$85,IF(AND(C8='01_BDD'!$B$86,C9='01_BDD'!$G$86),'01_BDD'!$E$86,IF(AND(C8='01_BDD'!$B$87,C9='01_BDD'!$G$87),'01_BDD'!$E$87,IF(AND(C8='01_BDD'!$B$88,C9='01_BDD'!$G$88),'01_BDD'!$E$88,IF(AND(C8='01_BDD'!$B$89,C9='01_BDD'!$G$89),'01_BDD'!$E$89,IF(AND(C8='01_BDD'!$B$90,C9='01_BDD'!$G$90),'01_BDD'!$E$90," ")))))))))))))))))))))))))))))))))))))))))))))))))))))))))))))))) -> Hihgway to Hell | D18: =IF(AND(D8='01_BDD'!$B$27,D9='01_BDD'!$G$27),'01_BDD'!$E$27,IF(AND(D8='01_BDD'!$B$28,D9='01_BDD'!$G$28),'01_BDD'!$E$28,IF(AND(D8='01_BDD'!$B$29,D9='01_BDD'!$G$29),'01_BDD'!$E$29,IF(AND(D8='01_BDD'!$B$30,D9='01_BDD'!$G$30),'01_BDD'!$E$30,IF(AND(D8='01_BDD'!$B$31,D9='01_BDD'!$G$31),'01_BDD'!$E$31,IF(AND(D8='01_BDD'!$B$32,D9='01_BDD'!$G$32),'01_BDD'!$E$32,IF(AND(D8='01_BDD'!$B$33,D9='01_BDD'!$G$33),'01_BDD'!$E$33,IF(AND(D8='01_BDD'!$B$34,D9='01_BDD'!$G$34),'01_BDD'!$E$34,IF(AND(D8='01_BDD'!$B$35,D9='01_BDD'!$G$35),'01_BDD'!$E$35,IF(AND(D8='01_BDD'!$B$36,D9='01_BDD'!$G$36),'01_BDD'!$E$36,IF(AND(D8='01_BDD'!$B$37,D9='01_BDD'!$G$37),'01_BDD'!$E$37,IF(AND(D8='01_BDD'!$B$38,D9='01_BDD'!$G$38),'01_BDD'!$E$38,IF(AND(D8='01_BDD'!$B$39,D9='01_BDD'!$G$39),'01_BDD'!$E$39,IF(AND(D8='01_BDD'!$B$40,D9='01_BDD'!$G$40),'01_BDD'!$E$40,IF(AND(D8='01_BDD'!$B$41,D9='01_BDD'!$G$41),'01_BDD'!$E$41,IF(AND(D8='01_BDD'!$B$42,D9='01_BDD'!$G$42),'01_BDD'!$E$42,IF(AND(D8='01_BDD'!$B$43,D9='01_BDD'!$G$43),'01_BDD'!$E$43,IF(AND(D8='01_BDD'!$B$44,D9='01_BDD'!$G$44),'01_BDD'!$E$44,IF(AND(D8='01_BDD'!$B$45,D9='01_BDD'!$G$45),'01_BDD'!$E$45,IF(AND(D8='01_BDD'!$B$46,D9='01_BDD'!$G$46),'01_BDD'!$E$46,IF(AND(D8='01_BDD'!$B$47,D9='01_BDD'!$G$47),'01_BDD'!$E$47,IF(AND(D8='01_BDD'!$B$48,D9='01_BDD'!$G$48),'01_BDD'!$E$48,IF(AND(D8='01_BDD'!$B$49,D9='01_BDD'!$G$49),'01_BDD'!$E$49,IF(AND(D8='01_BDD'!$B$50,D9='01_BDD'!$G$50),'01_BDD'!$E$50,IF(AND(D8='01_BDD'!$B$51,D9='01_BDD'!$G$51),'01_BDD'!$E$51,IF(AND(D8='01_BDD'!$B$52,D9='01_BDD'!$G$52),'01_BDD'!$E$52,IF(AND(D8='01_BDD'!$B$53,D9='01_BDD'!$G$53),'01_BDD'!$E$53,IF(AND(D8='01_BDD'!$B$54,D9='01_BDD'!$G$54),'01_BDD'!$E$54,IF(AND(D8='01_BDD'!$B$55,D9='01_BDD'!$G$55),'01_BDD'!$E$55,IF(AND(D8='01_BDD'!$B$56,D9='01_BDD'!$G$56),'01_BDD'!$E$56,IF(AND(D8='01_BDD'!$B$57,D9='01_BDD'!$G$57),'01_BDD'!$E$57,IF(AND(D8='01_BDD'!$B$58,D9='01_BDD'!$G$58),'01_BDD'!$E$58,IF(AND(D8='01_BDD'!$B$59,D9='01_BDD'!$G$59),'01_BDD'!$E$59,IF(AND(D8='01_BDD'!$B$60,D9='01_BDD'!$G$60),'01_BDD'!$E$60,IF(AND(D8='01_BDD'!$B$61,D9='01_BDD'!$G$61),'01_BDD'!$E$61,IF(AND(D8='01_BDD'!$B$62,D9='01_BDD'!$G$62),'01_BDD'!$E$62,IF(AND(D8='01_BDD'!$B$63,D9='01_BDD'!$G$63),'01_BDD'!$E$63,IF(AND(D8='01_BDD'!$B$64,D9='01_BDD'!$G$64),'01_BDD'!$E$64,IF(AND(D8='01_BDD'!$B$65,D9='01_BDD'!$G$65),'01_BDD'!$E$65,IF(AND(D8='01_BDD'!$B$66,D9='01_BDD'!$G$66),'01_BDD'!$E$66,IF(AND(D8='01_BDD'!$B$67,D9='01_BDD'!$G$67),'01_BDD'!$E$67,IF(AND(D8='01_BDD'!$B$68,D9='01_BDD'!$G$68),'01_BDD'!$E$68,IF(AND(D8='01_BDD'!$B$69,D9='01_BDD'!$G$69),'01_BDD'!$E$69,IF(AND(D8='01_BDD'!$B$70,D9='01_BDD'!$G$70),'01_BDD'!$E$70,IF(AND(D8='01_BDD'!$B$71,D9='01_BDD'!$G$71),'01_BDD'!$E$71,IF(AND(D8='01_BDD'!$B$72,D9='01_BDD'!$G$72),'01_BDD'!$E$72,IF(AND(D8='01_BDD'!$B$73,D9='01_BDD'!$G$73),'01_BDD'!$E$73,IF(AND(D8='01_BDD'!$B$74,D9='01_BDD'!$G$74),'01_BDD'!$E$74,IF(AND(D8='01_BDD'!$B$75,D9='01_BDD'!$G$75),'01_BDD'!$E$75,IF(AND(D8='01_BDD'!$B$76,D9='01_BDD'!$G$76),'01_BDD'!$E$76,IF(AND(D8='01_BDD'!$B$77,D9='01_BDD'!$G$77),'01_BDD'!$E$77,IF(AND(D8='01_BDD'!$B$78,D9='01_BDD'!$G$78),'01_BDD'!$E$78,IF(AND(D8='01_BDD'!$B$79,D9='01_BDD'!$G$79),'01_BDD'!$E$79,IF(AND(D8='01_BDD'!$B$80,D9='01_BDD'!$G$80),'01_BDD'!$E$80,IF(AND(D8='01_BDD'!$B$81,D9='01_BDD'!$G$81),'01_BDD'!$E$81,IF(AND(D8='01_BDD'!$B$82,D9='01_BDD'!$G$82),'01_BDD'!$E$82,IF(AND(D8='01_BDD'!$B$83,D9='01_BDD'!$G$83),'01_BDD'!$E$83,IF(AND(D8='01_BDD'!$B$84,D9='01_BDD'!$G$84),'01_BDD'!$E$84,IF(AND(D8='01_BDD'!$B$85,D9='01_BDD'!$G$85),'01_BDD'!$E$85,IF(AND(D8='01_BDD'!$B$86,D9='01_BDD'!$G$86),'01_BDD'!$E$86,IF(AND(D8='01_BDD'!$B$87,D9='01_BDD'!$G$87),'01_BDD'!$E$87,IF(AND(D8='01_BDD'!$B$88,D9='01_BDD'!$G$88),'01_BDD'!$E$88,IF(AND(D8='01_BDD'!$B$89,D9='01_BDD'!$G$89),'01_BDD'!$E$89,IF(AND(D8='01_BDD'!$B$90,D9='01_BDD'!$G$90),'01_BDD'!$E$90," ")))))))))))))))))))))))))))))))))))))))))))))))))))))))))))))))) -> Hihgway to Hell | E18: =IF(AND(E8='01_BDD'!$B$27,E9='01_BDD'!$G$27),'01_BDD'!$E$27,IF(AND(E8='01_BDD'!$B$28,E9='01_BDD'!$G$28),'01_BDD'!$E$28,IF(AND(E8='01_BDD'!$B$29,E9='01_BDD'!$G$29),'01_BDD'!$E$29,IF(AND(E8='01_BDD'!$B$30,E9='01_BDD'!$G$30),'01_BDD'!$E$30,IF(AND(E8='01_BDD'!$B$31,E9='01_BDD'!$G$31),'01_BDD'!$E$31,IF(AND(E8='01_BDD'!$B$32,E9='01_BDD'!$G$32),'01_BDD'!$E$32,IF(AND(E8='01_BDD'!$B$33,E9='01_BDD'!$G$33),'01_BDD'!$E$33,IF(AND(E8='01_BDD'!$B$34,E9='01_BDD'!$G$34),'01_BDD'!$E$34,IF(AND(E8='01_BDD'!$B$35,E9='01_BDD'!$G$35),'01_BDD'!$E$35,IF(AND(E8='01_BDD'!$B$36,E9='01_BDD'!$G$36),'01_BDD'!$E$36,IF(AND(E8='01_BDD'!$B$37,E9='01_BDD'!$G$37),'01_BDD'!$E$37,IF(AND(E8='01_BDD'!$B$38,E9='01_BDD'!$G$38),'01_BDD'!$E$38,IF(AND(E8='01_BDD'!$B$39,E9='01_BDD'!$G$39),'01_BDD'!$E$39,IF(AND(E8='01_BDD'!$B$40,E9='01_BDD'!$G$40),'01_BDD'!$E$40,IF(AND(E8='01_BDD'!$B$41,E9='01_BDD'!$G$41),'01_BDD'!$E$41,IF(AND(E8='01_BDD'!$B$42,E9='01_BDD'!$G$42),'01_BDD'!$E$42,IF(AND(E8='01_BDD'!$B$43,E9='01_BDD'!$G$43),'01_BDD'!$E$43,IF(AND(E8='01_BDD'!$B$44,E9='01_BDD'!$G$44),'01_BDD'!$E$44,IF(AND(E8='01_BDD'!$B$45,E9='01_BDD'!$G$45),'01_BDD'!$E$45,IF(AND(E8='01_BDD'!$B$46,E9='01_BDD'!$G$46),'01_BDD'!$E$46,IF(AND(E8='01_BDD'!$B$47,E9='01_BDD'!$G$47),'01_BDD'!$E$47,IF(AND(E8='01_BDD'!$B$48,E9='01_BDD'!$G$48),'01_BDD'!$E$48,IF(AND(E8='01_BDD'!$B$49,E9='01_BDD'!$G$49),'01_BDD'!$E$49,IF(AND(E8='01_BDD'!$B$50,E9='01_BDD'!$G$50),'01_BDD'!$E$50,IF(AND(E8='01_BDD'!$B$51,E9='01_BDD'!$G$51),'01_BDD'!$E$51,IF(AND(E8='01_BDD'!$B$52,E9='01_BDD'!$G$52),'01_BDD'!$E$52,IF(AND(E8='01_BDD'!$B$53,E9='01_BDD'!$G$53),'01_BDD'!$E$53,IF(AND(E8='01_BDD'!$B$54,E9='01_BDD'!$G$54),'01_BDD'!$E$54,IF(AND(E8='01_BDD'!$B$55,E9='01_BDD'!$G$55),'01_BDD'!$E$55,IF(AND(E8='01_BDD'!$B$56,E9='01_BDD'!$G$56),'01_BDD'!$E$56,IF(AND(E8='01_BDD'!$B$57,E9='01_BDD'!$G$57),'01_BDD'!$E$57,IF(AND(E8='01_BDD'!$B$58,E9='01_BDD'!$G$58),'01_BDD'!$E$58,IF(AND(E8='01_BDD'!$B$59,E9='01_BDD'!$G$59),'01_BDD'!$E$59,IF(AND(E8='01_BDD'!$B$60,E9='01_BDD'!$G$60),'01_BDD'!$E$60,IF(AND(E8='01_BDD'!$B$61,E9='01_BDD'!$G$61),'01_BDD'!$E$61,IF(AND(E8='01_BDD'!$B$62,E9='01_BDD'!$G$62),'01_BDD'!$E$62,IF(AND(E8='01_BDD'!$B$63,E9='01_BDD'!$G$63),'01_BDD'!$E$63,IF(AND(E8='01_BDD'!$B$64,E9='01_BDD'!$G$64),'01_BDD'!$E$64,IF(AND(E8='01_BDD'!$B$65,E9='01_BDD'!$G$65),'01_BDD'!$E$65,IF(AND(E8='01_BDD'!$B$66,E9='01_BDD'!$G$66),'01_BDD'!$E$66,IF(AND(E8='01_BDD'!$B$67,E9='01_BDD'!$G$67),'01_BDD'!$E$67,IF(AND(E8='01_BDD'!$B$68,E9='01_BDD'!$G$68),'01_BDD'!$E$68,IF(AND(E8='01_BDD'!$B$69,E9='01_BDD'!$G$69),'01_BDD'!$E$69,IF(AND(E8='01_BDD'!$B$70,E9='01_BDD'!$G$70),'01_BDD'!$E$70,IF(AND(E8='01_BDD'!$B$71,E9='01_BDD'!$G$71),'01_BDD'!$E$71,IF(AND(E8='01_BDD'!$B$72,E9='01_BDD'!$G$72),'01_BDD'!$E$72,IF(AND(E8='01_BDD'!$B$73,E9='01_BDD'!$G$73),'01_BDD'!$E$73,IF(AND(E8='01_BDD'!$B$74,E9='01_BDD'!$G$74),'01_BDD'!$E$74,IF(AND(E8='01_BDD'!$B$75,E9='01_BDD'!$G$75),'01_BDD'!$E$75,IF(AND(E8='01_BDD'!$B$76,E9='01_BDD'!$G$76),'01_BDD'!$E$76,IF(AND(E8='01_BDD'!$B$77,E9='01_BDD'!$G$77),'01_BDD'!$E$77,IF(AND(E8='01_BDD'!$B$78,E9='01_BDD'!$G$78),'01_BDD'!$E$78,IF(AND(E8='01_BDD'!$B$79,E9='01_BDD'!$G$79),'01_BDD'!$E$79,IF(AND(E8='01_BDD'!$B$80,E9='01_BDD'!$G$80),'01_BDD'!$E$80,IF(AND(E8='01_BDD'!$B$81,E9='01_BDD'!$G$81),'01_BDD'!$E$81,IF(AND(E8='01_BDD'!$B$82,E9='01_BDD'!$G$82),'01_BDD'!$E$82,IF(AND(E8='01_BDD'!$B$83,E9='01_BDD'!$G$83),'01_BDD'!$E$83,IF(AND(E8='01_BDD'!$B$84,E9='01_BDD'!$G$84),'01_BDD'!$E$84,IF(AND(E8='01_BDD'!$B$85,E9='01_BDD'!$G$85),'01_BDD'!$E$85,IF(AND(E8='01_BDD'!$B$86,E9='01_BDD'!$G$86),'01_BDD'!$E$86,IF(AND(E8='01_BDD'!$B$87,E9='01_BDD'!$G$87),'01_BDD'!$E$87,IF(AND(E8='01_BDD'!$B$88,E9='01_BDD'!$G$88),'01_BDD'!$E$88,IF(AND(E8='01_BDD'!$B$89,E9='01_BDD'!$G$89),'01_BDD'!$E$89,IF(AND(E8='01_BDD'!$B$90,E9='01_BDD'!$G$90),'01_BDD'!$E$90," ")))))))))))))))))))))))))))))))))))))))))))))))))))))))))))))))) -> Hihgway to Hell | F18: =IF(AND(F8='01_BDD'!$B$27,F9='01_BDD'!$G$27),'01_BDD'!$E$27,IF(AND(F8='01_BDD'!$B$28,F9='01_BDD'!$G$28),'01_BDD'!$E$28,IF(AND(F8='01_BDD'!$B$29,F9='01_BDD'!$G$29),'01_BDD'!$E$29,IF(AND(F8='01_BDD'!$B$30,F9='01_BDD'!$G$30),'01_BDD'!$E$30,IF(AND(F8='01_BDD'!$B$31,F9='01_BDD'!$G$31),'01_BDD'!$E$31,IF(AND(F8='01_BDD'!$B$32,F9='01_BDD'!$G$32),'01_BDD'!$E$32,IF(AND(F8='01_BDD'!$B$33,F9='01_BDD'!$G$33),'01_BDD'!$E$33,IF(AND(F8='01_BDD'!$B$34,F9='01_BDD'!$G$34),'01_BDD'!$E$34,IF(AND(F8='01_BDD'!$B$35,F9='01_BDD'!$G$35),'01_BDD'!$E$35,IF(AND(F8='01_BDD'!$B$36,F9='01_BDD'!$G$36),'01_BDD'!$E$36,IF(AND(F8='01_BDD'!$B$37,F9='01_BDD'!$G$37),'01_BDD'!$E$37,IF(AND(F8='01_BDD'!$B$38,F9='01_BDD'!$G$38),'01_BDD'!$E$38,IF(AND(F8='01_BDD'!$B$39,F9='01_BDD'!$G$39),'01_BDD'!$E$39,IF(AND(F8='01_BDD'!$B$40,F9='01_BDD'!$G$40),'01_BDD'!$E$40,IF(AND(F8='01_BDD'!$B$41,F9='01_BDD'!$G$41),'01_BDD'!$E$41,IF(AND(F8='01_BDD'!$B$42,F9='01_BDD'!$G$42),'01_BDD'!$E$42,IF(AND(F8='01_BDD'!$B$43,F9='01_BDD'!$G$43),'01_BDD'!$E$43,IF(AND(F8='01_BDD'!$B$44,F9='01_BDD'!$G$44),'01_BDD'!$E$44,IF(AND(F8='01_BDD'!$B$45,F9='01_BDD'!$G$45),'01_BDD'!$E$45,IF(AND(F8='01_BDD'!$B$46,F9='01_BDD'!$G$46),'01_BDD'!$E$46,IF(AND(F8='01_BDD'!$B$47,F9='01_BDD'!$G$47),'01_BDD'!$E$47,IF(AND(F8='01_BDD'!$B$48,F9='01_BDD'!$G$48),'01_BDD'!$E$48,IF(AND(F8='01_BDD'!$B$49,F9='01_BDD'!$G$49),'01_BDD'!$E$49,IF(AND(F8='01_BDD'!$B$50,F9='01_BDD'!$G$50),'01_BDD'!$E$50,IF(AND(F8='01_BDD'!$B$51,F9='01_BDD'!$G$51),'01_BDD'!$E$51,IF(AND(F8='01_BDD'!$B$52,F9='01_BDD'!$G$52),'01_BDD'!$E$52,IF(AND(F8='01_BDD'!$B$53,F9='01_BDD'!$G$53),'01_BDD'!$E$53,IF(AND(F8='01_BDD'!$B$54,F9='01_BDD'!$G$54),'01_BDD'!$E$54,IF(AND(F8='01_BDD'!$B$55,F9='01_BDD'!$G$55),'01_BDD'!$E$55,IF(AND(F8='01_BDD'!$B$56,F9='01_BDD'!$G$56),'01_BDD'!$E$56,IF(AND(F8='01_BDD'!$B$57,F9='01_BDD'!$G$57),'01_BDD'!$E$57,IF(AND(F8='01_BDD'!$B$58,F9='01_BDD'!$G$58),'01_BDD'!$E$58,IF(AND(F8='01_BDD'!$B$59,F9='01_BDD'!$G$59),'01_BDD'!$E$59,IF(AND(F8='01_BDD'!$B$60,F9='01_BDD'!$G$60),'01_BDD'!$E$60,IF(AND(F8='01_BDD'!$B$61,F9='01_BDD'!$G$61),'01_BDD'!$E$61,IF(AND(F8='01_BDD'!$B$62,F9='01_BDD'!$G$62),'01_BDD'!$E$62,IF(AND(F8='01_BDD'!$B$63,F9='01_BDD'!$G$63),'01_BDD'!$E$63,IF(AND(F8='01_BDD'!$B$64,F9='01_BDD'!$G$64),'01_BDD'!$E$64,IF(AND(F8='01_BDD'!$B$65,F9='01_BDD'!$G$65),'01_BDD'!$E$65,IF(AND(F8='01_BDD'!$B$66,F9='01_BDD'!$G$66),'01_BDD'!$E$66,IF(AND(F8='01_BDD'!$B$67,F9='01_BDD'!$G$67),'01_BDD'!$E$67,IF(AND(F8='01_BDD'!$B$68,F9='01_BDD'!$G$68),'01_BDD'!$E$68,IF(AND(F8='01_BDD'!$B$69,F9='01_BDD'!$G$69),'01_BDD'!$E$69,IF(AND(F8='01_BDD'!$B$70,F9='01_BDD'!$G$70),'01_BDD'!$E$70,IF(AND(F8='01_BDD'!$B$71,F9='01_BDD'!$G$71),'01_BDD'!$E$71,IF(AND(F8='01_BDD'!$B$72,F9='01_BDD'!$G$72),'01_BDD'!$E$72,IF(AND(F8='01_BDD'!$B$73,F9='01_BDD'!$G$73),'01_BDD'!$E$73,IF(AND(F8='01_BDD'!$B$74,F9='01_BDD'!$G$74),'01_BDD'!$E$74,IF(AND(F8='01_BDD'!$B$75,F9='01_BDD'!$G$75),'01_BDD'!$E$75,IF(AND(F8='01_BDD'!$B$76,F9='01_BDD'!$G$76),'01_BDD'!$E$76,IF(AND(F8='01_BDD'!$B$77,F9='01_BDD'!$G$77),'01_BDD'!$E$77,IF(AND(F8='01_BDD'!$B$78,F9='01_BDD'!$G$78),'01_BDD'!$E$78,IF(AND(F8='01_BDD'!$B$79,F9='01_BDD'!$G$79),'01_BDD'!$E$79,IF(AND(F8='01_BDD'!$B$80,F9='01_BDD'!$G$80),'01_BDD'!$E$80,IF(AND(F8='01_BDD'!$B$81,F9='01_BDD'!$G$81),'01_BDD'!$E$81,IF(AND(F8='01_BDD'!$B$82,F9='01_BDD'!$G$82),'01_BDD'!$E$82,IF(AND(F8='01_BDD'!$B$83,F9='01_BDD'!$G$83),'01_BDD'!$E$83,IF(AND(F8='01_BDD'!$B$84,F9='01_BDD'!$G$84),'01_BDD'!$E$84,IF(AND(F8='01_BDD'!$B$85,F9='01_BDD'!$G$85),'01_BDD'!$E$85,IF(AND(F8='01_BDD'!$B$86,F9='01_BDD'!$G$86),'01_BDD'!$E$86,IF(AND(F8='01_BDD'!$B$87,F9='01_BDD'!$G$87),'01_BDD'!$E$87,IF(AND(F8='01_BDD'!$B$88,F9='01_BDD'!$G$88),'01_BDD'!$E$88,IF(AND(F8='01_BDD'!$B$89,F9='01_BDD'!$G$89),'01_BDD'!$E$89,IF(AND(F8='01_BDD'!$B$90,F9='01_BDD'!$G$90),'01_BDD'!$E$90," ")))))))))))))))))))))))))))))))))))))))))))))))))))))))))))))))) -> Hihgway to Hell | G18: =IF(AND(G8='01_BDD'!$B$27,G9='01_BDD'!$G$27),'01_BDD'!$E$27,IF(AND(G8='01_BDD'!$B$28,G9='01_BDD'!$G$28),'01_BDD'!$E$28,IF(AND(G8='01_BDD'!$B$29,G9='01_BDD'!$G$29),'01_BDD'!$E$29,IF(AND(G8='01_BDD'!$B$30,G9='01_BDD'!$G$30),'01_BDD'!$E$30,IF(AND(G8='01_BDD'!$B$31,G9='01_BDD'!$G$31),'01_BDD'!$E$31,IF(AND(G8='01_BDD'!$B$32,G9='01_BDD'!$G$32),'01_BDD'!$E$32,IF(AND(G8='01_BDD'!$B$33,G9='01_BDD'!$G$33),'01_BDD'!$E$33,IF(AND(G8='01_BDD'!$B$34,G9='01_BDD'!$G$34),'01_BDD'!$E$34,IF(AND(G8='01_BDD'!$B$35,G9='01_BDD'!$G$35),'01_BDD'!$E$35,IF(AND(G8='01_BDD'!$B$36,G9='01_BDD'!$G$36),'01_BDD'!$E$36,IF(AND(G8='01_BDD'!$B$37,G9='01_BDD'!$G$37),'01_BDD'!$E$37,IF(AND(G8='01_BDD'!$B$38,G9='01_BDD'!$G$38),'01_BDD'!$E$38,IF(AND(G8='01_BDD'!$B$39,G9='01_BDD'!$G$39),'01_BDD'!$E$39,IF(AND(G8='01_BDD'!$B$40,G9='01_BDD'!$G$40),'01_BDD'!$E$40,IF(AND(G8='01_BDD'!$B$41,G9='01_BDD'!$G$41),'01_BDD'!$E$41,IF(AND(G8='01_BDD'!$B$42,G9='01_BDD'!$G$42),'01_BDD'!$E$42,IF(AND(G8='01_BDD'!$B$43,G9='01_BDD'!$G$43),'01_BDD'!$E$43,IF(AND(G8='01_BDD'!$B$44,G9='01_BDD'!$G$44),'01_BDD'!$E$44,IF(AND(G8='01_BDD'!$B$45,G9='01_BDD'!$G$45),'01_BDD'!$E$45,IF(AND(G8='01_BDD'!$B$46,G9='01_BDD'!$G$46),'01_BDD'!$E$46,IF(AND(G8='01_BDD'!$B$47,G9='01_BDD'!$G$47),'01_BDD'!$E$47,IF(AND(G8='01_BDD'!$B$48,G9='01_BDD'!$G$48),'01_BDD'!$E$48,IF(AND(G8='01_BDD'!$B$49,G9='01_BDD'!$G$49),'01_BDD'!$E$49,IF(AND(G8='01_BDD'!$B$50,G9='01_BDD'!$G$50),'01_BDD'!$E$50,IF(AND(G8='01_BDD'!$B$51,G9='01_BDD'!$G$51),'01_BDD'!$E$51,IF(AND(G8='01_BDD'!$B$52,G9='01_BDD'!$G$52),'01_BDD'!$E$52,IF(AND(G8='01_BDD'!$B$53,G9='01_BDD'!$G$53),'01_BDD'!$E$53,IF(AND(G8='01_BDD'!$B$54,G9='01_BDD'!$G$54),'01_BDD'!$E$54,IF(AND(G8='01_BDD'!$B$55,G9='01_BDD'!$G$55),'01_BDD'!$E$55,IF(AND(G8='01_BDD'!$B$56,G9='01_BDD'!$G$56),'01_BDD'!$E$56,IF(AND(G8='01_BDD'!$B$57,G9='01_BDD'!$G$57),'01_BDD'!$E$57,IF(AND(G8='01_BDD'!$B$58,G9='01_BDD'!$G$58),'01_BDD'!$E$58,IF(AND(G8='01_BDD'!$B$59,G9='01_BDD'!$G$59),'01_BDD'!$E$59,IF(AND(G8='01_BDD'!$B$60,G9='01_BDD'!$G$60),'01_BDD'!$E$60,IF(AND(G8='01_BDD'!$B$61,G9='01_BDD'!$G$61),'01_BDD'!$E$61,IF(AND(G8='01_BDD'!$B$62,G9='01_BDD'!$G$62),'01_BDD'!$E$62,IF(AND(G8='01_BDD'!$B$63,G9='01_BDD'!$G$63),'01_BDD'!$E$63,IF(AND(G8='01_BDD'!$B$64,G9='01_BDD'!$G$64),'01_BDD'!$E$64,IF(AND(G8='01_BDD'!$B$65,G9='01_BDD'!$G$65),'01_BDD'!$E$65,IF(AND(G8='01_BDD'!$B$66,G9='01_BDD'!$G$66),'01_BDD'!$E$66,IF(AND(G8='01_BDD'!$B$67,G9='01_BDD'!$G$67),'01_BDD'!$E$67,IF(AND(G8='01_BDD'!$B$68,G9='01_BDD'!$G$68),'01_BDD'!$E$68,IF(AND(G8='01_BDD'!$B$69,G9='01_BDD'!$G$69),'01_BDD'!$E$69,IF(AND(G8='01_BDD'!$B$70,G9='01_BDD'!$G$70),'01_BDD'!$E$70,IF(AND(G8='01_BDD'!$B$71,G9='01_BDD'!$G$71),'01_BDD'!$E$71,IF(AND(G8='01_BDD'!$B$72,G9='01_BDD'!$G$72),'01_BDD'!$E$72,IF(AND(G8='01_BDD'!$B$73,G9='01_BDD'!$G$73),'01_BDD'!$E$73,IF(AND(G8='01_BDD'!$B$74,G9='01_BDD'!$G$74),'01_BDD'!$E$74,IF(AND(G8='01_BDD'!$B$75,G9='01_BDD'!$G$75),'01_BDD'!$E$75,IF(AND(G8='01_BDD'!$B$76,G9='01_BDD'!$G$76),'01_BDD'!$E$76,IF(AND(G8='01_BDD'!$B$77,G9='01_BDD'!$G$77),'01_BDD'!$E$77,IF(AND(G8='01_BDD'!$B$78,G9='01_BDD'!$G$78),'01_BDD'!$E$78,IF(AND(G8='01_BDD'!$B$79,G9='01_BDD'!$G$79),'01_BDD'!$E$79,IF(AND(G8='01_BDD'!$B$80,G9='01_BDD'!$G$80),'01_BDD'!$E$80,IF(AND(G8='01_BDD'!$B$81,G9='01_BDD'!$G$81),'01_BDD'!$E$81,IF(AND(G8='01_BDD'!$B$82,G9='01_BDD'!$G$82),'01_BDD'!$E$82,IF(AND(G8='01_BDD'!$B$83,G9='01_BDD'!$G$83),'01_BDD'!$E$83,IF(AND(G8='01_BDD'!$B$84,G9='01_BDD'!$G$84),'01_BDD'!$E$84,IF(AND(G8='01_BDD'!$B$85,G9='01_BDD'!$G$85),'01_BDD'!$E$85,IF(AND(G8='01_BDD'!$B$86,G9='01_BDD'!$G$86),'01_BDD'!$E$86,IF(AND(G8='01_BDD'!$B$87,G9='01_BDD'!$G$87),'01_BDD'!$E$87,IF(AND(G8='01_BDD'!$B$88,G9='01_BDD'!$G$88),'01_BDD'!$E$88,IF(AND(G8='01_BDD'!$B$89,G9='01_BDD'!$G$89),'01_BDD'!$E$89,IF(AND(G8='01_BDD'!$B$90,G9='01_BDD'!$G$90),'01_BDD'!$E$90," ")))))))))))))))))))))))))))))))))))))))))))))))))))))))))))))))) -> Hihgway to Hell | H18: =IF(AND(H8='01_BDD'!$B$27,H9='01_BDD'!$G$27),'01_BDD'!$E$27,IF(AND(H8='01_BDD'!$B$28,H9='01_BDD'!$G$28),'01_BDD'!$E$28,IF(AND(H8='01_BDD'!$B$29,H9='01_BDD'!$G$29),'01_BDD'!$E$29,IF(AND(H8='01_BDD'!$B$30,H9='01_BDD'!$G$30),'01_BDD'!$E$30,IF(AND(H8='01_BDD'!$B$31,H9='01_BDD'!$G$31),'01_BDD'!$E$31,IF(AND(H8='01_BDD'!$B$32,H9='01_BDD'!$G$32),'01_BDD'!$E$32,IF(AND(H8='01_BDD'!$B$33,H9='01_BDD'!$G$33),'01_BDD'!$E$33,IF(AND(H8='01_BDD'!$B$34,H9='01_BDD'!$G$34),'01_BDD'!$E$34,IF(AND(H8='01_BDD'!$B$35,H9='01_BDD'!$G$35),'01_BDD'!$E$35,IF(AND(H8='01_BDD'!$B$36,H9='01_BDD'!$G$36),'01_BDD'!$E$36,IF(AND(H8='01_BDD'!$B$37,H9='01_BDD'!$G$37),'01_BDD'!$E$37,IF(AND(H8='01_BDD'!$B$38,H9='01_BDD'!$G$38),'01_BDD'!$E$38,IF(AND(H8='01_BDD'!$B$39,H9='01_BDD'!$G$39),'01_BDD'!$E$39,IF(AND(H8='01_BDD'!$B$40,H9='01_BDD'!$G$40),'01_BDD'!$E$40,IF(AND(H8='01_BDD'!$B$41,H9='01_BDD'!$G$41),'01_BDD'!$E$41,IF(AND(H8='01_BDD'!$B$42,H9='01_BDD'!$G$42),'01_BDD'!$E$42,IF(AND(H8='01_BDD'!$B$43,H9='01_BDD'!$G$43),'01_BDD'!$E$43,IF(AND(H8='01_BDD'!$B$44,H9='01_BDD'!$G$44),'01_BDD'!$E$44,IF(AND(H8='01_BDD'!$B$45,H9='01_BDD'!$G$45),'01_BDD'!$E$45,IF(AND(H8='01_BDD'!$B$46,H9='01_BDD'!$G$46),'01_BDD'!$E$46,IF(AND(H8='01_BDD'!$B$47,H9='01_BDD'!$G$47),'01_BDD'!$E$47,IF(AND(H8='01_BDD'!$B$48,H9='01_BDD'!$G$48),'01_BDD'!$E$48,IF(AND(H8='01_BDD'!$B$49,H9='01_BDD'!$G$49),'01_BDD'!$E$49,IF(AND(H8='01_BDD'!$B$50,H9='01_BDD'!$G$50),'01_BDD'!$E$50,IF(AND(H8='01_BDD'!$B$51,H9='01_BDD'!$G$51),'01_BDD'!$E$51,IF(AND(H8='01_BDD'!$B$52,H9='01_BDD'!$G$52),'01_BDD'!$E$52,IF(AND(H8='01_BDD'!$B$53,H9='01_BDD'!$G$53),'01_BDD'!$E$53,IF(AND(H8='01_BDD'!$B$54,H9='01_BDD'!$G$54),'01_BDD'!$E$54,IF(AND(H8='01_BDD'!$B$55,H9='01_BDD'!$G$55),'01_BDD'!$E$55,IF(AND(H8='01_BDD'!$B$56,H9='01_BDD'!$G$56),'01_BDD'!$E$56,IF(AND(H8='01_BDD'!$B$57,H9='01_BDD'!$G$57),'01_BDD'!$E$57,IF(AND(H8='01_BDD'!$B$58,H9='01_BDD'!$G$58),'01_BDD'!$E$58,IF(AND(H8='01_BDD'!$B$59,H9='01_BDD'!$G$59),'01_BDD'!$E$59,IF(AND(H8='01_BDD'!$B$60,H9='01_BDD'!$G$60),'01_BDD'!$E$60,IF(AND(H8='01_BDD'!$B$61,H9='01_BDD'!$G$61),'01_BDD'!$E$61,IF(AND(H8='01_BDD'!$B$62,H9='01_BDD'!$G$62),'01_BDD'!$E$62,IF(AND(H8='01_BDD'!$B$63,H9='01_BDD'!$G$63),'01_BDD'!$E$63,IF(AND(H8='01_BDD'!$B$64,H9='01_BDD'!$G$64),'01_BDD'!$E$64,IF(AND(H8='01_BDD'!$B$65,H9='01_BDD'!$G$65),'01_BDD'!$E$65,IF(AND(H8='01_BDD'!$B$66,H9='01_BDD'!$G$66),'01_BDD'!$E$66,IF(AND(H8='01_BDD'!$B$67,H9='01_BDD'!$G$67),'01_BDD'!$E$67,IF(AND(H8='01_BDD'!$B$68,H9='01_BDD'!$G$68),'01_BDD'!$E$68,IF(AND(H8='01_BDD'!$B$69,H9='01_BDD'!$G$69),'01_BDD'!$E$69,IF(AND(H8='01_BDD'!$B$70,H9='01_BDD'!$G$70),'01_BDD'!$E$70,IF(AND(H8='01_BDD'!$B$71,H9='01_BDD'!$G$71),'01_BDD'!$E$71,IF(AND(H8='01_BDD'!$B$72,H9='01_BDD'!$G$72),'01_BDD'!$E$72,IF(AND(H8='01_BDD'!$B$73,H9='01_BDD'!$G$73),'01_BDD'!$E$73,IF(AND(H8='01_BDD'!$B$74,H9='01_BDD'!$G$74),'01_BDD'!$E$74,IF(AND(H8='01_BDD'!$B$75,H9='01_BDD'!$G$75),'01_BDD'!$E$75,IF(AND(H8='01_BDD'!$B$76,H9='01_BDD'!$G$76),'01_BDD'!$E$76,IF(AND(H8='01_BDD'!$B$77,H9='01_BDD'!$G$77),'01_BDD'!$E$77,IF(AND(H8='01_BDD'!$B$78,H9='01_BDD'!$G$78),'01_BDD'!$E$78,IF(AND(H8='01_BDD'!$B$79,H9='01_BDD'!$G$79),'01_BDD'!$E$79,IF(AND(H8='01_BDD'!$B$80,H9='01_BDD'!$G$80),'01_BDD'!$E$80,IF(AND(H8='01_BDD'!$B$81,H9='01_BDD'!$G$81),'01_BDD'!$E$81,IF(AND(H8='01_BDD'!$B$82,H9='01_BDD'!$G$82),'01_BDD'!$E$82,IF(AND(H8='01_BDD'!$B$83,H9='01_BDD'!$G$83),'01_BDD'!$E$83,IF(AND(H8='01_BDD'!$B$84,H9='01_BDD'!$G$84),'01_BDD'!$E$84,IF(AND(H8='01_BDD'!$B$85,H9='01_BDD'!$G$85),'01_BDD'!$E$85,IF(AND(H8='01_BDD'!$B$86,H9='01_BDD'!$G$86),'01_BDD'!$E$86,IF(AND(H8='01_BDD'!$B$87,H9='01_BDD'!$G$87),'01_BDD'!$E$87,IF(AND(H8='01_BDD'!$B$88,H9='01_BDD'!$G$88),'01_BDD'!$E$88,IF(AND(H8='01_BDD'!$B$89,H9='01_BDD'!$G$89),'01_BDD'!$E$89,IF(AND(H8='01_BDD'!$B$90,H9='01_BDD'!$G$90),'01_BDD'!$E$90," ")))))))))))))))))))))))))))))))))))))))))))))))))))))))))))))))) -> Hihgway to Hell | I18: =IF(AND(I8='01_BDD'!$B$27,I9='01_BDD'!$G$27),'01_BDD'!$E$27,IF(AND(I8='01_BDD'!$B$28,I9='01_BDD'!$G$28),'01_BDD'!$E$28,IF(AND(I8='01_BDD'!$B$29,I9='01_BDD'!$G$29),'01_BDD'!$E$29,IF(AND(I8='01_BDD'!$B$30,I9='01_BDD'!$G$30),'01_BDD'!$E$30,IF(AND(I8='01_BDD'!$B$31,I9='01_BDD'!$G$31),'01_BDD'!$E$31,IF(AND(I8='01_BDD'!$B$32,I9='01_BDD'!$G$32),'01_BDD'!$E$32,IF(AND(I8='01_BDD'!$B$33,I9='01_BDD'!$G$33),'01_BDD'!$E$33,IF(AND(I8='01_BDD'!$B$34,I9='01_BDD'!$G$34),'01_BDD'!$E$34,IF(AND(I8='01_BDD'!$B$35,I9='01_BDD'!$G$35),'01_BDD'!$E$35,IF(AND(I8='01_BDD'!$B$36,I9='01_BDD'!$G$36),'01_BDD'!$E$36,IF(AND(I8='01_BDD'!$B$37,I9='01_BDD'!$G$37),'01_BDD'!$E$37,IF(AND(I8='01_BDD'!$B$38,I9='01_BDD'!$G$38),'01_BDD'!$E$38,IF(AND(I8='01_BDD'!$B$39,I9='01_BDD'!$G$39),'01_BDD'!$E$39,IF(AND(I8='01_BDD'!$B$40,I9='01_BDD'!$G$40),'01_BDD'!$E$40,IF(AND(I8='01_BDD'!$B$41,I9='01_BDD'!$G$41),'01_BDD'!$E$41,IF(AND(I8='01_BDD'!$B$42,I9='01_BDD'!$G$42),'01_BDD'!$E$42,IF(AND(I8='01_BDD'!$B$43,I9='01_BDD'!$G$43),'01_BDD'!$E$43,IF(AND(I8='01_BDD'!$B$44,I9='01_BDD'!$G$44),'01_BDD'!$E$44,IF(AND(I8='01_BDD'!$B$45,I9='01_BDD'!$G$45),'01_BDD'!$E$45,IF(AND(I8='01_BDD'!$B$46,I9='01_BDD'!$G$46),'01_BDD'!$E$46,IF(AND(I8='01_BDD'!$B$47,I9='01_BDD'!$G$47),'01_BDD'!$E$47,IF(AND(I8='01_BDD'!$B$48,I9='01_BDD'!$G$48),'01_BDD'!$E$48,IF(AND(I8='01_BDD'!$B$49,I9='01_BDD'!$G$49),'01_BDD'!$E$49,IF(AND(I8='01_BDD'!$B$50,I9='01_BDD'!$G$50),'01_BDD'!$E$50,IF(AND(I8='01_BDD'!$B$51,I9='01_BDD'!$G$51),'01_BDD'!$E$51,IF(AND(I8='01_BDD'!$B$52,I9='01_BDD'!$G$52),'01_BDD'!$E$52,IF(AND(I8='01_BDD'!$B$53,I9='01_BDD'!$G$53),'01_BDD'!$E$53,IF(AND(I8='01_BDD'!$B$54,I9='01_BDD'!$G$54),'01_BDD'!$E$54,IF(AND(I8='01_BDD'!$B$55,I9='01_BDD'!$G$55),'01_BDD'!$E$55,IF(AND(I8='01_BDD'!$B$56,I9='01_BDD'!$G$56),'01_BDD'!$E$56,IF(AND(I8='01_BDD'!$B$57,I9='01_BDD'!$G$57),'01_BDD'!$E$57,IF(AND(I8='01_BDD'!$B$58,I9='01_BDD'!$G$58),'01_BDD'!$E$58,IF(AND(I8='01_BDD'!$B$59,I9='01_BDD'!$G$59),'01_BDD'!$E$59,IF(AND(I8='01_BDD'!$B$60,I9='01_BDD'!$G$60),'01_BDD'!$E$60,IF(AND(I8='01_BDD'!$B$61,I9='01_BDD'!$G$61),'01_BDD'!$E$61,IF(AND(I8='01_BDD'!$B$62,I9='01_BDD'!$G$62),'01_BDD'!$E$62,IF(AND(I8='01_BDD'!$B$63,I9='01_BDD'!$G$63),'01_BDD'!$E$63,IF(AND(I8='01_BDD'!$B$64,I9='01_BDD'!$G$64),'01_BDD'!$E$64,IF(AND(I8='01_BDD'!$B$65,I9='01_BDD'!$G$65),'01_BDD'!$E$65,IF(AND(I8='01_BDD'!$B$66,I9='01_BDD'!$G$66),'01_BDD'!$E$66,IF(AND(I8='01_BDD'!$B$67,I9='01_BDD'!$G$67),'01_BDD'!$E$67,IF(AND(I8='01_BDD'!$B$68,I9='01_BDD'!$G$68),'01_BDD'!$E$68,IF(AND(I8='01_BDD'!$B$69,I9='01_BDD'!$G$69),'01_BDD'!$E$69,IF(AND(I8='01_BDD'!$B$70,I9='01_BDD'!$G$70),'01_BDD'!$E$70,IF(AND(I8='01_BDD'!$B$71,I9='01_BDD'!$G$71),'01_BDD'!$E$71,IF(AND(I8='01_BDD'!$B$72,I9='01_BDD'!$G$72),'01_BDD'!$E$72,IF(AND(I8='01_BDD'!$B$73,I9='01_BDD'!$G$73),'01_BDD'!$E$73,IF(AND(I8='01_BDD'!$B$74,I9='01_BDD'!$G$74),'01_BDD'!$E$74,IF(AND(I8='01_BDD'!$B$75,I9='01_BDD'!$G$75),'01_BDD'!$E$75,IF(AND(I8='01_BDD'!$B$76,I9='01_BDD'!$G$76),'01_BDD'!$E$76,IF(AND(I8='01_BDD'!$B$77,I9='01_BDD'!$G$77),'01_BDD'!$E$77,IF(AND(I8='01_BDD'!$B$78,I9='01_BDD'!$G$78),'01_BDD'!$E$78,IF(AND(I8='01_BDD'!$B$79,I9='01_BDD'!$G$79),'01_BDD'!$E$79,IF(AND(I8='01_BDD'!$B$80,I9='01_BDD'!$G$80),'01_BDD'!$E$80,IF(AND(I8='01_BDD'!$B$81,I9='01_BDD'!$G$81),'01_BDD'!$E$81,IF(AND(I8='01_BDD'!$B$82,I9='01_BDD'!$G$82),'01_BDD'!$E$82,IF(AND(I8='01_BDD'!$B$83,I9='01_BDD'!$G$83),'01_BDD'!$E$83,IF(AND(I8='01_BDD'!$B$84,I9='01_BDD'!$G$84),'01_BDD'!$E$84,IF(AND(I8='01_BDD'!$B$85,I9='01_BDD'!$G$85),'01_BDD'!$E$85,IF(AND(I8='01_BDD'!$B$86,I9='01_BDD'!$G$86),'01_BDD'!$E$86,IF(AND(I8='01_BDD'!$B$87,I9='01_BDD'!$G$87),'01_BDD'!$E$87,IF(AND(I8='01_BDD'!$B$88,I9='01_BDD'!$G$88),'01_BDD'!$E$88,IF(AND(I8='01_BDD'!$B$89,I9='01_BDD'!$G$89),'01_BDD'!$E$89,IF(AND(I8='01_BDD'!$B$90,I9='01_BDD'!$G$90),'01_BDD'!$E$90," ")))))))))))))))))))))))))))))))))))))))))))))))))))))))))))))))) -> Hihgway to Hell | J18: =IF(AND(J8='01_BDD'!$B$27,J9='01_BDD'!$G$27),'01_BDD'!$E$27,IF(AND(J8='01_BDD'!$B$28,J9='01_BDD'!$G$28),'01_BDD'!$E$28,IF(AND(J8='01_BDD'!$B$29,J9='01_BDD'!$G$29),'01_BDD'!$E$29,IF(AND(J8='01_BDD'!$B$30,J9='01_BDD'!$G$30),'01_BDD'!$E$30,IF(AND(J8='01_BDD'!$B$31,J9='01_BDD'!$G$31),'01_BDD'!$E$31,IF(AND(J8='01_BDD'!$B$32,J9='01_BDD'!$G$32),'01_BDD'!$E$32,IF(AND(J8='01_BDD'!$B$33,J9='01_BDD'!$G$33),'01_BDD'!$E$33,IF(AND(J8='01_BDD'!$B$34,J9='01_BDD'!$G$34),'01_BDD'!$E$34,IF(AND(J8='01_BDD'!$B$35,J9='01_BDD'!$G$35),'01_BDD'!$E$35,IF(AND(J8='01_BDD'!$B$36,J9='01_BDD'!$G$36),'01_BDD'!$E$36,IF(AND(J8='01_BDD'!$B$37,J9='01_BDD'!$G$37),'01_BDD'!$E$37,IF(AND(J8='01_BDD'!$B$38,J9='01_BDD'!$G$38),'01_BDD'!$E$38,IF(AND(J8='01_BDD'!$B$39,J9='01_BDD'!$G$39),'01_BDD'!$E$39,IF(AND(J8='01_BDD'!$B$40,J9='01_BDD'!$G$40),'01_BDD'!$E$40,IF(AND(J8='01_BDD'!$B$41,J9='01_BDD'!$G$41),'01_BDD'!$E$41,IF(AND(J8='01_BDD'!$B$42,J9='01_BDD'!$G$42),'01_BDD'!$E$42,IF(AND(J8='01_BDD'!$B$43,J9='01_BDD'!$G$43),'01_BDD'!$E$43,IF(AND(J8='01_BDD'!$B$44,J9='01_BDD'!$G$44),'01_BDD'!$E$44,IF(AND(J8='01_BDD'!$B$45,J9='01_BDD'!$G$45),'01_BDD'!$E$45,IF(AND(J8='01_BDD'!$B$46,J9='01_BDD'!$G$46),'01_BDD'!$E$46,IF(AND(J8='01_BDD'!$B$47,J9='01_BDD'!$G$47),'01_BDD'!$E$47,IF(AND(J8='01_BDD'!$B$48,J9='01_BDD'!$G$48),'01_BDD'!$E$48,IF(AND(J8='01_BDD'!$B$49,J9='01_BDD'!$G$49),'01_BDD'!$E$49,IF(AND(J8='01_BDD'!$B$50,J9='01_BDD'!$G$50),'01_BDD'!$E$50,IF(AND(J8='01_BDD'!$B$51,J9='01_BDD'!$G$51),'01_BDD'!$E$51,IF(AND(J8='01_BDD'!$B$52,J9='01_BDD'!$G$52),'01_BDD'!$E$52,IF(AND(J8='01_BDD'!$B$53,J9='01_BDD'!$G$53),'01_BDD'!$E$53,IF(AND(J8='01_BDD'!$B$54,J9='01_BDD'!$G$54),'01_BDD'!$E$54,IF(AND(J8='01_BDD'!$B$55,J9='01_BDD'!$G$55),'01_BDD'!$E$55,IF(AND(J8='01_BDD'!$B$56,J9='01_BDD'!$G$56),'01_BDD'!$E$56,IF(AND(J8='01_BDD'!$B$57,J9='01_BDD'!$G$57),'01_BDD'!$E$57,IF(AND(J8='01_BDD'!$B$58,J9='01_BDD'!$G$58),'01_BDD'!$E$58,IF(AND(J8='01_BDD'!$B$59,J9='01_BDD'!$G$59),'01_BDD'!$E$59,IF(AND(J8='01_BDD'!$B$60,J9='01_BDD'!$G$60),'01_BDD'!$E$60,IF(AND(J8='01_BDD'!$B$61,J9='01_BDD'!$G$61),'01_BDD'!$E$61,IF(AND(J8='01_BDD'!$B$62,J9='01_BDD'!$G$62),'01_BDD'!$E$62,IF(AND(J8='01_BDD'!$B$63,J9='01_BDD'!$G$63),'01_BDD'!$E$63,IF(AND(J8='01_BDD'!$B$64,J9='01_BDD'!$G$64),'01_BDD'!$E$64,IF(AND(J8='01_BDD'!$B$65,J9='01_BDD'!$G$65),'01_BDD'!$E$65,IF(AND(J8='01_BDD'!$B$66,J9='01_BDD'!$G$66),'01_BDD'!$E$66,IF(AND(J8='01_BDD'!$B$67,J9='01_BDD'!$G$67),'01_BDD'!$E$67,IF(AND(J8='01_BDD'!$B$68,J9='01_BDD'!$G$68),'01_BDD'!$E$68,IF(AND(J8='01_BDD'!$B$69,J9='01_BDD'!$G$69),'01_BDD'!$E$69,IF(AND(J8='01_BDD'!$B$70,J9='01_BDD'!$G$70),'01_BDD'!$E$70,IF(AND(J8='01_BDD'!$B$71,J9='01_BDD'!$G$71),'01_BDD'!$E$71,IF(AND(J8='01_BDD'!$B$72,J9='01_BDD'!$G$72),'01_BDD'!$E$72,IF(AND(J8='01_BDD'!$B$73,J9='01_BDD'!$G$73),'01_BDD'!$E$73,IF(AND(J8='01_BDD'!$B$74,J9='01_BDD'!$G$74),'01_BDD'!$E$74,IF(AND(J8='01_BDD'!$B$75,J9='01_BDD'!$G$75),'01_BDD'!$E$75,IF(AND(J8='01_BDD'!$B$76,J9='01_BDD'!$G$76),'01_BDD'!$E$76,IF(AND(J8='01_BDD'!$B$77,J9='01_BDD'!$G$77),'01_BDD'!$E$77,IF(AND(J8='01_BDD'!$B$78,J9='01_BDD'!$G$78),'01_BDD'!$E$78,IF(AND(J8='01_BDD'!$B$79,J9='01_BDD'!$G$79),'01_BDD'!$E$79,IF(AND(J8='01_BDD'!$B$80,J9='01_BDD'!$G$80),'01_BDD'!$E$80,IF(AND(J8='01_BDD'!$B$81,J9='01_BDD'!$G$81),'01_BDD'!$E$81,IF(AND(J8='01_BDD'!$B$82,J9='01_BDD'!$G$82),'01_BDD'!$E$82,IF(AND(J8='01_BDD'!$B$83,J9='01_BDD'!$G$83),'01_BDD'!$E$83,IF(AND(J8='01_BDD'!$B$84,J9='01_BDD'!$G$84),'01_BDD'!$E$84,IF(AND(J8='01_BDD'!$B$85,J9='01_BDD'!$G$85),'01_BDD'!$E$85,IF(AND(J8='01_BDD'!$B$86,J9='01_BDD'!$G$86),'01_BDD'!$E$86,IF(AND(J8='01_BDD'!$B$87,J9='01_BDD'!$G$87),'01_BDD'!$E$87,IF(AND(J8='01_BDD'!$B$88,J9='01_BDD'!$G$88),'01_BDD'!$E$88,IF(AND(J8='01_BDD'!$B$89,J9='01_BDD'!$G$89),'01_BDD'!$E$89,IF(AND(J8='01_BDD'!$B$90,J9='01_BDD'!$G$90),'01_BDD'!$E$90," ")))))))))))))))))))))))))))))))))))))))))))))))))))))))))))))))) -> Hihgway to Hell | ... AO18: =IF(AND(AO8='01_BDD'!$B$27,AO9='01_BDD'!$G$27),'01_BDD'!$E$27,IF(AND(AO8='01_BDD'!$B$28,AO9='01_BDD'!$G$28),'01_BDD'!$E$28,IF(AND(AO8='01_BDD'!$B$29,AO9='01_BDD'!$G$29),'01_BDD'!$E$29,IF(AND(AO8='01_BDD'!$B$30,AO9='01_BDD'!$G$30),'01_BDD'!$E$30,IF(AND(AO8='01_BDD'!$B$31,AO9='01_BDD'!$G$31),'01_BDD'!$E$31,IF(AND(AO8='01_BDD'!$B$32,AO9='01_BDD'!$G$32),'01_BDD'!$E$32,IF(AND(AO8='01_BDD'!$B$33,AO9='01_BDD'!$G$33),'01_BDD'!$E$33,IF(AND(AO8='01_BDD'!$B$34,AO9='01_BDD'!$G$34),'01_BDD'!$E$34,IF(AND(AO8='01_BDD'!$B$35,AO9='01_BDD'!$G$35),'01_BDD'!$E$35,IF(AND(AO8='01_BDD'!$B$36,AO9='01_BDD'!$G$36),'01_BDD'!$E$36,IF(AND(AO8='01_BDD'!$B$37,AO9='01_BDD'!$G$37),'01_BDD'!$E$37,IF(AND(AO8='01_BDD'!$B$38,AO9='01_BDD'!$G$38),'01_BDD'!$E$38,IF(AND(AO8='01_BDD'!$B$39,AO9='01_BDD'!$G$39),'01_BDD'!$E$39,IF(AND(AO8='01_BDD'!$B$40,AO9='01_BDD'!$G$40),'01_BDD'!$E$40,IF(AND(AO8='01_BDD'!$B$41,AO9='01_BDD'!$G$41),'01_BDD'!$E$41,IF(AND(AO8='01_BDD'!$B$42,AO9='01_BDD'!$G$42),'01_BDD'!$E$42,IF(AND(AO8='01_BDD'!$B$43,AO9='01_BDD'!$G$43),'01_BDD'!$E$43,IF(AND(AO8='01_BDD'!$B$44,AO9='01_BDD'!$G$44),'01_BDD'!$E$44,IF(AND(AO8='01_BDD'!$B$45,AO9='01_BDD'!$G$45),'01_BDD'!$E$45,IF(AND(AO8='01_BDD'!$B$46,AO9='01_BDD'!$G$46),'01_BDD'!$E$46,IF(AND(AO8='01_BDD'!$B$47,AO9='01_BDD'!$G$47),'01_BDD'!$E$47,IF(AND(AO8='01_BDD'!$B$48,AO9='01_BDD'!$G$48),'01_BDD'!$E$48,IF(AND(AO8='01_BDD'!$B$49,AO9='01_BDD'!$G$49),'01_BDD'!$E$49,IF(AND(AO8='01_BDD'!$B$50,AO9='01_BDD'!$G$50),'01_BDD'!$E$50,IF(AND(AO8='01_BDD'!$B$51,AO9='01_BDD'!$G$51),'01_BDD'!$E$51,IF(AND(AO8='01_BDD'!$B$52,AO9='01_BDD'!$G$52),'01_BDD'!$E$52,IF(AND(AO8='01_BDD'!$B$53,AO9='01_BDD'!$G$53),'01_BDD'!$E$53,IF(AND(AO8='01_BDD'!$B$54,AO9='01_BDD'!$G$54),'01_BDD'!$E$54,IF(AND(AO8='01_BDD'!$B$55,AO9='01_BDD'!$G$55),'01_BDD'!$E$55,IF(AND(AO8='01_BDD'!$B$56,AO9='01_BDD'!$G$56),'01_BDD'!$E$56,IF(AND(AO8='01_BDD'!$B$57,AO9='01_BDD'!$G$57),'01_BDD'!$E$57,IF(AND(AO8='01_BDD'!$B$58,AO9='01_BDD'!$G$58),'01_BDD'!$E$58,IF(AND(AO8='01_BDD'!$B$59,AO9='01_BDD'!$G$59),'01_BDD'!$E$59,IF(AND(AO8='01_BDD'!$B$60,AO9='01_BDD'!$G$60),'01_BDD'!$E$60,IF(AND(AO8='01_BDD'!$B$61,AO9='01_BDD'!$G$61),'01_BDD'!$E$61,IF(AND(AO8='01_BDD'!$B$62,AO9='01_BDD'!$G$62),'01_BDD'!$E$62,IF(AND(AO8='01_BDD'!$B$63,AO9='01_BDD'!$G$63),'01_BDD'!$E$63,IF(AND(AO8='01_BDD'!$B$64,AO9='01_BDD'!$G$64),'01_BDD'!$E$64,IF(AND(AO8='01_BDD'!$B$65,AO9='01_BDD'!$G$65),'01_BDD'!$E$65,IF(AND(AO8='01_BDD'!$B$66,AO9='01_BDD'!$G$66),'01_BDD'!$E$66,IF(AND(AO8='01_BDD'!$B$67,AO9='01_BDD'!$G$67),'01_BDD'!$E$67,IF(AND(AO8='01_BDD'!$B$68,AO9='01_BDD'!$G$68),'01_BDD'!$E$68,IF(AND(AO8='01_BDD'!$B$69,AO9='01_BDD'!$G$69),'01_BDD'!$E$69,IF(AND(AO8='01_BDD'!$B$70,AO9='01_BDD'!$G$70),'01_BDD'!$E$70,IF(AND(AO8='01_BDD'!$B$71,AO9='01_BDD'!$G$71),'01_BDD'!$E$71,IF(AND(AO8='01_BDD'!$B$72,AO9='01_BDD'!$G$72),'01_BDD'!$E$72,IF(AND(AO8='01_BDD'!$B$73,AO9='01_BDD'!$G$73),'01_BDD'!$E$73,IF(AND(AO8='01_BDD'!$B$74,AO9='01_BDD'!$G$74),'01_BDD'!$E$74,IF(AND(AO8='01_BDD'!$B$75,AO9='01_BDD'!$G$75),'01_BDD'!$E$75,IF(AND(AO8='01_BDD'!$B$76,AO9='01_BDD'!$G$76),'01_BDD'!$E$76,IF(AND(AO8='01_BDD'!$B$77,AO9='01_BDD'!$G$77),'01_BDD'!$E$77,IF(AND(AO8='01_BDD'!$B$78,AO9='01_BDD'!$G$78),'01_BDD'!$E$78,IF(AND(AO8='01_BDD'!$B$79,AO9='01_BDD'!$G$79),'01_BDD'!$E$79,IF(AND(AO8='01_BDD'!$B$80,AO9='01_BDD'!$G$80),'01_BDD'!$E$80,IF(AND(AO8='01_BDD'!$B$81,AO9='01_BDD'!$G$81),'01_BDD'!$E$81,IF(AND(AO8='01_BDD'!$B$82,AO9='01_BDD'!$G$82),'01_BDD'!$E$82,IF(AND(AO8='01_BDD'!$B$83,AO9='01_BDD'!$G$83),'01_BDD'!$E$83,IF(AND(AO8='01_BDD'!$B$84,AO9='01_BDD'!$G$84),'01_BDD'!$E$84,IF(AND(AO8='01_BDD'!$B$85,AO9='01_BDD'!$G$85),'01_BDD'!$E$85,IF(AND(AO8='01_BDD'!$B$86,AO9='01_BDD'!$G$86),'01_BDD'!$E$86,IF(AND(AO8='01_BDD'!$B$87,AO9='01_BDD'!$G$87),'01_BDD'!$E$87,IF(AND(AO8='01_BDD'!$B$88,AO9='01_BDD'!$G$88),'01_BDD'!$E$88,IF(AND(AO8='01_BDD'!$B$89,AO9='01_BDD'!$G$89),'01_BDD'!$E$89,IF(AND(AO8='01_BDD'!$B$90,AO9='01_BDD'!$G$90),'01_BDD'!$E$90," ")))))))))))))))))))))))))))))))))))))))))))))))))))))))))))))))) -> 0
A19: ='01_BDD'!D26 -> Affaire suivie par | C19: =IF(AND(C8='01_BDD'!$B$27,C9='01_BDD'!$G$27),'01_BDD'!$D$27,IF(AND(C8='01_BDD'!$B$28,C9='01_BDD'!$G$28),'01_BDD'!$D$28,IF(AND(C8='01_BDD'!$B$29,C9='01_BDD'!$G$29),'01_BDD'!$D$29,IF(AND(C8='01_BDD'!$B$30,C9='01_BDD'!$G$30),'01_BDD'!$D$30,IF(AND(C8='01_BDD'!$B$31,C9='01_BDD'!$G$31),'01_BDD'!$D$31,IF(AND(C8='01_BDD'!$B$32,C9='01_BDD'!$G$32),'01_BDD'!$D$32,IF(AND(C8='01_BDD'!$B$33,C9='01_BDD'!$G$33),'01_BDD'!$D$33,IF(AND(C8='01_BDD'!$B$34,C9='01_BDD'!$G$34),'01_BDD'!$D$34,IF(AND(C8='01_BDD'!$B$35,C9='01_BDD'!$G$35),'01_BDD'!$D$35,IF(AND(C8='01_BDD'!$B$36,C9='01_BDD'!$G$36),'01_BDD'!$D$36,IF(AND(C8='01_BDD'!$B$37,C9='01_BDD'!$G$37),'01_BDD'!$D$37,IF(AND(C8='01_BDD'!$B$38,C9='01_BDD'!$G$38),'01_BDD'!$D$38,IF(AND(C8='01_BDD'!$B$39,C9='01_BDD'!$G$39),'01_BDD'!$D$39,IF(AND(C8='01_BDD'!$B$40,C9='01_BDD'!$G$40),'01_BDD'!$D$40,IF(AND(C8='01_BDD'!$B$41,C9='01_BDD'!$G$41),'01_BDD'!$D$41,IF(AND(C8='01_BDD'!$B$42,C9='01_BDD'!$G$42),'01_BDD'!$D$42,IF(AND(C8='01_BDD'!$B$43,C9='01_BDD'!$G$43),'01_BDD'!$D$43,IF(AND(C8='01_BDD'!$B$44,C9='01_BDD'!$G$44),'01_BDD'!$D$44,IF(AND(C8='01_BDD'!$B$45,C9='01_BDD'!$G$45),'01_BDD'!$D$45,IF(AND(C8='01_BDD'!$B$46,C9='01_BDD'!$G$46),'01_BDD'!$D$46,IF(AND(C8='01_BDD'!$B$47,C9='01_BDD'!$G$47),'01_BDD'!$D$47,IF(AND(C8='01_BDD'!$B$48,C9='01_BDD'!$G$48),'01_BDD'!$D$48,IF(AND(C8='01_BDD'!$B$49,C9='01_BDD'!$G$49),'01_BDD'!$D$49,IF(AND(C8='01_BDD'!$B$50,C9='01_BDD'!$G$50),'01_BDD'!$D$50,IF(AND(C8='01_BDD'!$B$51,C9='01_BDD'!$G$51),'01_BDD'!$D$51,IF(AND(C8='01_BDD'!$B$52,C9='01_BDD'!$G$52),'01_BDD'!$D$52,IF(AND(C8='01_BDD'!$B$53,C9='01_BDD'!$G$53),'01_BDD'!$D$53,IF(AND(C8='01_BDD'!$B$54,C9='01_BDD'!$G$54),'01_BDD'!$D$54,IF(AND(C8='01_BDD'!$B$55,C9='01_BDD'!$G$55),'01_BDD'!$D$55,IF(AND(C8='01_BDD'!$B$56,C9='01_BDD'!$G$56),'01_BDD'!$D$56,IF(AND(C8='01_BDD'!$B$57,C9='01_BDD'!$G$57),'01_BDD'!$D$57,IF(AND(C8='01_BDD'!$B$58,C9='01_BDD'!$G$58),'01_BDD'!$D$58,IF(AND(C8='01_BDD'!$B$59,C9='01_BDD'!$G$59),'01_BDD'!$D$59,IF(AND(C8='01_BDD'!$B$60,C9='01_BDD'!$G$60),'01_BDD'!$D$60,IF(AND(C8='01_BDD'!$B$61,C9='01_BDD'!$G$61),'01_BDD'!$D$61,IF(AND(C8='01_BDD'!$B$62,C9='01_BDD'!$G$62),'01_BDD'!$D$62,IF(AND(C8='01_BDD'!$B$63,C9='01_BDD'!$G$63),'01_BDD'!$D$63,IF(AND(C8='01_BDD'!$B$64,C9='01_BDD'!$G$64),'01_BDD'!$D$64,IF(AND(C8='01_BDD'!$B$65,C9='01_BDD'!$G$65),'01_BDD'!$D$65,IF(AND(C8='01_BDD'!$B$66,C9='01_BDD'!$G$66),'01_BDD'!$D$66,IF(AND(C8='01_BDD'!$B$67,C9='01_BDD'!$G$67),'01_BDD'!$D$67,IF(AND(C8='01_BDD'!$B$68,C9='01_BDD'!$G$68),'01_BDD'!$D$68,IF(AND(C8='01_BDD'!$B$69,C9='01_BDD'!$G$69),'01_BDD'!$D$69,IF(AND(C8='01_BDD'!$B$70,C9='01_BDD'!$G$70),'01_BDD'!$D$70,IF(AND(C8='01_BDD'!$B$71,C9='01_BDD'!$G$71),'01_BDD'!$D$71,IF(AND(C8='01_BDD'!$B$72,C9='01_BDD'!$G$72),'01_BDD'!$D$72,IF(AND(C8='01_BDD'!$B$73,C9='01_BDD'!$G$73),'01_BDD'!$D$73,IF(AND(C8='01_BDD'!$B$74,C9='01_BDD'!$G$74),'01_BDD'!$D$74,IF(AND(C8='01_BDD'!$B$75,C9='01_BDD'!$G$75),'01_BDD'!$D$75,IF(AND(C8='01_BDD'!$B$76,C9='01_BDD'!$G$76),'01_BDD'!$D$76,IF(AND(C8='01_BDD'!$B$77,C9='01_BDD'!$G$77),'01_BDD'!$D$77,IF(AND(C8='01_BDD'!$B$78,C9='01_BDD'!$G$78),'01_BDD'!$D$78,IF(AND(C8='01_BDD'!$B$79,C9='01_BDD'!$G$79),'01_BDD'!$D$79,IF(AND(C8='01_BDD'!$B$80,C9='01_BDD'!$G$80),'01_BDD'!$D$80,IF(AND(C8='01_BDD'!$B$81,C9='01_BDD'!$G$81),'01_BDD'!$D$81,IF(AND(C8='01_BDD'!$B$82,C9='01_BDD'!$G$82),'01_BDD'!$D$82,IF(AND(C8='01_BDD'!$B$83,C9='01_BDD'!$G$83),'01_BDD'!$D$83,IF(AND(C8='01_BDD'!$B$84,C9='01_BDD'!$G$84),'01_BDD'!$D$84,IF(AND(C8='01_BDD'!$B$85,C9='01_BDD'!$G$85),'01_BDD'!$D$85,IF(AND(C8='01_BDD'!$B$86,C9='01_BDD'!$G$86),'01_BDD'!$D$86,IF(AND(C8='01_BDD'!$B$87,C9='01_BDD'!$G$87),'01_BDD'!$D$87,IF(AND(C8='01_BDD'!$B$88,C9='01_BDD'!$G$88),'01_BDD'!$D$88,IF(AND(C8='01_BDD'!$B$89,C9='01_BDD'!$G$89),'01_BDD'!$D$89,IF(AND(C8='01_BDD'!$B$90,C9='01_BDD'!$G$90),'01_BDD'!$D$90," ")))))))))))))))))))))))))))))))))))))))))))))))))))))))))))))))) -> XXX | D19: =IF(AND(D8='01_BDD'!$B$27,D9='01_BDD'!$G$27),'01_BDD'!$D$27,IF(AND(D8='01_BDD'!$B$28,D9='01_BDD'!$G$28),'01_BDD'!$D$28,IF(AND(D8='01_BDD'!$B$29,D9='01_BDD'!$G$29),'01_BDD'!$D$29,IF(AND(D8='01_BDD'!$B$30,D9='01_BDD'!$G$30),'01_BDD'!$D$30,IF(AND(D8='01_BDD'!$B$31,D9='01_BDD'!$G$31),'01_BDD'!$D$31,IF(AND(D8='01_BDD'!$B$32,D9='01_BDD'!$G$32),'01_BDD'!$D$32,IF(AND(D8='01_BDD'!$B$33,D9='01_BDD'!$G$33),'01_BDD'!$D$33,IF(AND(D8='01_BDD'!$B$34,D9='01_BDD'!$G$34),'01_BDD'!$D$34,IF(AND(D8='01_BDD'!$B$35,D9='01_BDD'!$G$35),'01_BDD'!$D$35,IF(AND(D8='01_BDD'!$B$36,D9='01_BDD'!$G$36),'01_BDD'!$D$36,IF(AND(D8='01_BDD'!$B$37,D9='01_BDD'!$G$37),'01_BDD'!$D$37,IF(AND(D8='01_BDD'!$B$38,D9='01_BDD'!$G$38),'01_BDD'!$D$38,IF(AND(D8='01_BDD'!$B$39,D9='01_BDD'!$G$39),'01_BDD'!$D$39,IF(AND(D8='01_BDD'!$B$40,D9='01_BDD'!$G$40),'01_BDD'!$D$40,IF(AND(D8='01_BDD'!$B$41,D9='01_BDD'!$G$41),'01_BDD'!$D$41,IF(AND(D8='01_BDD'!$B$42,D9='01_BDD'!$G$42),'01_BDD'!$D$42,IF(AND(D8='01_BDD'!$B$43,D9='01_BDD'!$G$43),'01_BDD'!$D$43,IF(AND(D8='01_BDD'!$B$44,D9='01_BDD'!$G$44),'01_BDD'!$D$44,IF(AND(D8='01_BDD'!$B$45,D9='01_BDD'!$G$45),'01_BDD'!$D$45,IF(AND(D8='01_BDD'!$B$46,D9='01_BDD'!$G$46),'01_BDD'!$D$46,IF(AND(D8='01_BDD'!$B$47,D9='01_BDD'!$G$47),'01_BDD'!$D$47,IF(AND(D8='01_BDD'!$B$48,D9='01_BDD'!$G$48),'01_BDD'!$D$48,IF(AND(D8='01_BDD'!$B$49,D9='01_BDD'!$G$49),'01_BDD'!$D$49,IF(AND(D8='01_BDD'!$B$50,D9='01_BDD'!$G$50),'01_BDD'!$D$50,IF(AND(D8='01_BDD'!$B$51,D9='01_BDD'!$G$51),'01_BDD'!$D$51,IF(AND(D8='01_BDD'!$B$52,D9='01_BDD'!$G$52),'01_BDD'!$D$52,IF(AND(D8='01_BDD'!$B$53,D9='01_BDD'!$G$53),'01_BDD'!$D$53,IF(AND(D8='01_BDD'!$B$54,D9='01_BDD'!$G$54),'01_BDD'!$D$54,IF(AND(D8='01_BDD'!$B$55,D9='01_BDD'!$G$55),'01_BDD'!$D$55,IF(AND(D8='01_BDD'!$B$56,D9='01_BDD'!$G$56),'01_BDD'!$D$56,IF(AND(D8='01_BDD'!$B$57,D9='01_BDD'!$G$57),'01_BDD'!$D$57,IF(AND(D8='01_BDD'!$B$58,D9='01_BDD'!$G$58),'01_BDD'!$D$58,IF(AND(D8='01_BDD'!$B$59,D9='01_BDD'!$G$59),'01_BDD'!$D$59,IF(AND(D8='01_BDD'!$B$60,D9='01_BDD'!$G$60),'01_BDD'!$D$60,IF(AND(D8='01_BDD'!$B$61,D9='01_BDD'!$G$61),'01_BDD'!$D$61,IF(AND(D8='01_BDD'!$B$62,D9='01_BDD'!$G$62),'01_BDD'!$D$62,IF(AND(D8='01_BDD'!$B$63,D9='01_BDD'!$G$63),'01_BDD'!$D$63,IF(AND(D8='01_BDD'!$B$64,D9='01_BDD'!$G$64),'01_BDD'!$D$64,IF(AND(D8='01_BDD'!$B$65,D9='01_BDD'!$G$65),'01_BDD'!$D$65,IF(AND(D8='01_BDD'!$B$66,D9='01_BDD'!$G$66),'01_BDD'!$D$66,IF(AND(D8='01_BDD'!$B$67,D9='01_BDD'!$G$67),'01_BDD'!$D$67,IF(AND(D8='01_BDD'!$B$68,D9='01_BDD'!$G$68),'01_BDD'!$D$68,IF(AND(D8='01_BDD'!$B$69,D9='01_BDD'!$G$69),'01_BDD'!$D$69,IF(AND(D8='01_BDD'!$B$70,D9='01_BDD'!$G$70),'01_BDD'!$D$70,IF(AND(D8='01_BDD'!$B$71,D9='01_BDD'!$G$71),'01_BDD'!$D$71,IF(AND(D8='01_BDD'!$B$72,D9='01_BDD'!$G$72),'01_BDD'!$D$72,IF(AND(D8='01_BDD'!$B$73,D9='01_BDD'!$G$73),'01_BDD'!$D$73,IF(AND(D8='01_BDD'!$B$74,D9='01_BDD'!$G$74),'01_BDD'!$D$74,IF(AND(D8='01_BDD'!$B$75,D9='01_BDD'!$G$75),'01_BDD'!$D$75,IF(AND(D8='01_BDD'!$B$76,D9='01_BDD'!$G$76),'01_BDD'!$D$76,IF(AND(D8='01_BDD'!$B$77,D9='01_BDD'!$G$77),'01_BDD'!$D$77,IF(AND(D8='01_BDD'!$B$78,D9='01_BDD'!$G$78),'01_BDD'!$D$78,IF(AND(D8='01_BDD'!$B$79,D9='01_BDD'!$G$79),'01_BDD'!$D$79,IF(AND(D8='01_BDD'!$B$80,D9='01_BDD'!$G$80),'01_BDD'!$D$80,IF(AND(D8='01_BDD'!$B$81,D9='01_BDD'!$G$81),'01_BDD'!$D$81,IF(AND(D8='01_BDD'!$B$82,D9='01_BDD'!$G$82),'01_BDD'!$D$82,IF(AND(D8='01_BDD'!$B$83,D9='01_BDD'!$G$83),'01_BDD'!$D$83,IF(AND(D8='01_BDD'!$B$84,D9='01_BDD'!$G$84),'01_BDD'!$D$84,IF(AND(D8='01_BDD'!$B$85,D9='01_BDD'!$G$85),'01_BDD'!$D$85,IF(AND(D8='01_BDD'!$B$86,D9='01_BDD'!$G$86),'01_BDD'!$D$86,IF(AND(D8='01_BDD'!$B$87,D9='01_BDD'!$G$87),'01_BDD'!$D$87,IF(AND(D8='01_BDD'!$B$88,D9='01_BDD'!$G$88),'01_BDD'!$D$88,IF(AND(D8='01_BDD'!$B$89,D9='01_BDD'!$G$89),'01_BDD'!$D$89,IF(AND(D8='01_BDD'!$B$90,D9='01_BDD'!$G$90),'01_BDD'!$D$90," ")))))))))))))))))))))))))))))))))))))))))))))))))))))))))))))))) -> XXX | E19: =IF(AND(E8='01_BDD'!$B$27,E9='01_BDD'!$G$27),'01_BDD'!$D$27,IF(AND(E8='01_BDD'!$B$28,E9='01_BDD'!$G$28),'01_BDD'!$D$28,IF(AND(E8='01_BDD'!$B$29,E9='01_BDD'!$G$29),'01_BDD'!$D$29,IF(AND(E8='01_BDD'!$B$30,E9='01_BDD'!$G$30),'01_BDD'!$D$30,IF(AND(E8='01_BDD'!$B$31,E9='01_BDD'!$G$31),'01_BDD'!$D$31,IF(AND(E8='01_BDD'!$B$32,E9='01_BDD'!$G$32),'01_BDD'!$D$32,IF(AND(E8='01_BDD'!$B$33,E9='01_BDD'!$G$33),'01_BDD'!$D$33,IF(AND(E8='01_BDD'!$B$34,E9='01_BDD'!$G$34),'01_BDD'!$D$34,IF(AND(E8='01_BDD'!$B$35,E9='01_BDD'!$G$35),'01_BDD'!$D$35,IF(AND(E8='01_BDD'!$B$36,E9='01_BDD'!$G$36),'01_BDD'!$D$36,IF(AND(E8='01_BDD'!$B$37,E9='01_BDD'!$G$37),'01_BDD'!$D$37,IF(AND(E8='01_BDD'!$B$38,E9='01_BDD'!$G$38),'01_BDD'!$D$38,IF(AND(E8='01_BDD'!$B$39,E9='01_BDD'!$G$39),'01_BDD'!$D$39,IF(AND(E8='01_BDD'!$B$40,E9='01_BDD'!$G$40),'01_BDD'!$D$40,IF(AND(E8='01_BDD'!$B$41,E9='01_BDD'!$G$41),'01_BDD'!$D$41,IF(AND(E8='01_BDD'!$B$42,E9='01_BDD'!$G$42),'01_BDD'!$D$42,IF(AND(E8='01_BDD'!$B$43,E9='01_BDD'!$G$43),'01_BDD'!$D$43,IF(AND(E8='01_BDD'!$B$44,E9='01_BDD'!$G$44),'01_BDD'!$D$44,IF(AND(E8='01_BDD'!$B$45,E9='01_BDD'!$G$45),'01_BDD'!$D$45,IF(AND(E8='01_BDD'!$B$46,E9='01_BDD'!$G$46),'01_BDD'!$D$46,IF(AND(E8='01_BDD'!$B$47,E9='01_BDD'!$G$47),'01_BDD'!$D$47,IF(AND(E8='01_BDD'!$B$48,E9='01_BDD'!$G$48),'01_BDD'!$D$48,IF(AND(E8='01_BDD'!$B$49,E9='01_BDD'!$G$49),'01_BDD'!$D$49,IF(AND(E8='01_BDD'!$B$50,E9='01_BDD'!$G$50),'01_BDD'!$D$50,IF(AND(E8='01_BDD'!$B$51,E9='01_BDD'!$G$51),'01_BDD'!$D$51,IF(AND(E8='01_BDD'!$B$52,E9='01_BDD'!$G$52),'01_BDD'!$D$52,IF(AND(E8='01_BDD'!$B$53,E9='01_BDD'!$G$53),'01_BDD'!$D$53,IF(AND(E8='01_BDD'!$B$54,E9='01_BDD'!$G$54),'01_BDD'!$D$54,IF(AND(E8='01_BDD'!$B$55,E9='01_BDD'!$G$55),'01_BDD'!$D$55,IF(AND(E8='01_BDD'!$B$56,E9='01_BDD'!$G$56),'01_BDD'!$D$56,IF(AND(E8='01_BDD'!$B$57,E9='01_BDD'!$G$57),'01_BDD'!$D$57,IF(AND(E8='01_BDD'!$B$58,E9='01_BDD'!$G$58),'01_BDD'!$D$58,IF(AND(E8='01_BDD'!$B$59,E9='01_BDD'!$G$59),'01_BDD'!$D$59,IF(AND(E8='01_BDD'!$B$60,E9='01_BDD'!$G$60),'01_BDD'!$D$60,IF(AND(E8='01_BDD'!$B$61,E9='01_BDD'!$G$61),'01_BDD'!$D$61,IF(AND(E8='01_BDD'!$B$62,E9='01_BDD'!$G$62),'01_BDD'!$D$62,IF(AND(E8='01_BDD'!$B$63,E9='01_BDD'!$G$63),'01_BDD'!$D$63,IF(AND(E8='01_BDD'!$B$64,E9='01_BDD'!$G$64),'01_BDD'!$D$64,IF(AND(E8='01_BDD'!$B$65,E9='01_BDD'!$G$65),'01_BDD'!$D$65,IF(AND(E8='01_BDD'!$B$66,E9='01_BDD'!$G$66),'01_BDD'!$D$66,IF(AND(E8='01_BDD'!$B$67,E9='01_BDD'!$G$67),'01_BDD'!$D$67,IF(AND(E8='01_BDD'!$B$68,E9='01_BDD'!$G$68),'01_BDD'!$D$68,IF(AND(E8='01_BDD'!$B$69,E9='01_BDD'!$G$69),'01_BDD'!$D$69,IF(AND(E8='01_BDD'!$B$70,E9='01_BDD'!$G$70),'01_BDD'!$D$70,IF(AND(E8='01_BDD'!$B$71,E9='01_BDD'!$G$71),'01_BDD'!$D$71,IF(AND(E8='01_BDD'!$B$72,E9='01_BDD'!$G$72),'01_BDD'!$D$72,IF(AND(E8='01_BDD'!$B$73,E9='01_BDD'!$G$73),'01_BDD'!$D$73,IF(AND(E8='01_BDD'!$B$74,E9='01_BDD'!$G$74),'01_BDD'!$D$74,IF(AND(E8='01_BDD'!$B$75,E9='01_BDD'!$G$75),'01_BDD'!$D$75,IF(AND(E8='01_BDD'!$B$76,E9='01_BDD'!$G$76),'01_BDD'!$D$76,IF(AND(E8='01_BDD'!$B$77,E9='01_BDD'!$G$77),'01_BDD'!$D$77,IF(AND(E8='01_BDD'!$B$78,E9='01_BDD'!$G$78),'01_BDD'!$D$78,IF(AND(E8='01_BDD'!$B$79,E9='01_BDD'!$G$79),'01_BDD'!$D$79,IF(AND(E8='01_BDD'!$B$80,E9='01_BDD'!$G$80),'01_BDD'!$D$80,IF(AND(E8='01_BDD'!$B$81,E9='01_BDD'!$G$81),'01_BDD'!$D$81,IF(AND(E8='01_BDD'!$B$82,E9='01_BDD'!$G$82),'01_BDD'!$D$82,IF(AND(E8='01_BDD'!$B$83,E9='01_BDD'!$G$83),'01_BDD'!$D$83,IF(AND(E8='01_BDD'!$B$84,E9='01_BDD'!$G$84),'01_BDD'!$D$84,IF(AND(E8='01_BDD'!$B$85,E9='01_BDD'!$G$85),'01_BDD'!$D$85,IF(AND(E8='01_BDD'!$B$86,E9='01_BDD'!$G$86),'01_BDD'!$D$86,IF(AND(E8='01_BDD'!$B$87,E9='01_BDD'!$G$87),'01_BDD'!$D$87,IF(AND(E8='01_BDD'!$B$88,E9='01_BDD'!$G$88),'01_BDD'!$D$88,IF(AND(E8='01_BDD'!$B$89,E9='01_BDD'!$G$89),'01_BDD'!$D$89,IF(AND(E8='01_BDD'!$B$90,E9='01_BDD'!$G$90),'01_BDD'!$D$90," ")))))))))))))))))))))))))))))))))))))))))))))))))))))))))))))))) -> XXX | F19: =IF(AND(F8='01_BDD'!$B$27,F9='01_BDD'!$G$27),'01_BDD'!$D$27,IF(AND(F8='01_BDD'!$B$28,F9='01_BDD'!$G$28),'01_BDD'!$D$28,IF(AND(F8='01_BDD'!$B$29,F9='01_BDD'!$G$29),'01_BDD'!$D$29,IF(AND(F8='01_BDD'!$B$30,F9='01_BDD'!$G$30),'01_BDD'!$D$30,IF(AND(F8='01_BDD'!$B$31,F9='01_BDD'!$G$31),'01_BDD'!$D$31,IF(AND(F8='01_BDD'!$B$32,F9='01_BDD'!$G$32),'01_BDD'!$D$32,IF(AND(F8='01_BDD'!$B$33,F9='01_BDD'!$G$33),'01_BDD'!$D$33,IF(AND(F8='01_BDD'!$B$34,F9='01_BDD'!$G$34),'01_BDD'!$D$34,IF(AND(F8='01_BDD'!$B$35,F9='01_BDD'!$G$35),'01_BDD'!$D$35,IF(AND(F8='01_BDD'!$B$36,F9='01_BDD'!$G$36),'01_BDD'!$D$36,IF(AND(F8='01_BDD'!$B$37,F9='01_BDD'!$G$37),'01_BDD'!$D$37,IF(AND(F8='01_BDD'!$B$38,F9='01_BDD'!$G$38),'01_BDD'!$D$38,IF(AND(F8='01_BDD'!$B$39,F9='01_BDD'!$G$39),'01_BDD'!$D$39,IF(AND(F8='01_BDD'!$B$40,F9='01_BDD'!$G$40),'01_BDD'!$D$40,IF(AND(F8='01_BDD'!$B$41,F9='01_BDD'!$G$41),'01_BDD'!$D$41,IF(AND(F8='01_BDD'!$B$42,F9='01_BDD'!$G$42),'01_BDD'!$D$42,IF(AND(F8='01_BDD'!$B$43,F9='01_BDD'!$G$43),'01_BDD'!$D$43,IF(AND(F8='01_BDD'!$B$44,F9='01_BDD'!$G$44),'01_BDD'!$D$44,IF(AND(F8='01_BDD'!$B$45,F9='01_BDD'!$G$45),'01_BDD'!$D$45,IF(AND(F8='01_BDD'!$B$46,F9='01_BDD'!$G$46),'01_BDD'!$D$46,IF(AND(F8='01_BDD'!$B$47,F9='01_BDD'!$G$47),'01_BDD'!$D$47,IF(AND(F8='01_BDD'!$B$48,F9='01_BDD'!$G$48),'01_BDD'!$D$48,IF(AND(F8='01_BDD'!$B$49,F9='01_BDD'!$G$49),'01_BDD'!$D$49,IF(AND(F8='01_BDD'!$B$50,F9='01_BDD'!$G$50),'01_BDD'!$D$50,IF(AND(F8='01_BDD'!$B$51,F9='01_BDD'!$G$51),'01_BDD'!$D$51,IF(AND(F8='01_BDD'!$B$52,F9='01_BDD'!$G$52),'01_BDD'!$D$52,IF(AND(F8='01_BDD'!$B$53,F9='01_BDD'!$G$53),'01_BDD'!$D$53,IF(AND(F8='01_BDD'!$B$54,F9='01_BDD'!$G$54),'01_BDD'!$D$54,IF(AND(F8='01_BDD'!$B$55,F9='01_BDD'!$G$55),'01_BDD'!$D$55,IF(AND(F8='01_BDD'!$B$56,F9='01_BDD'!$G$56),'01_BDD'!$D$56,IF(AND(F8='01_BDD'!$B$57,F9='01_BDD'!$G$57),'01_BDD'!$D$57,IF(AND(F8='01_BDD'!$B$58,F9='01_BDD'!$G$58),'01_BDD'!$D$58,IF(AND(F8='01_BDD'!$B$59,F9='01_BDD'!$G$59),'01_BDD'!$D$59,IF(AND(F8='01_BDD'!$B$60,F9='01_BDD'!$G$60),'01_BDD'!$D$60,IF(AND(F8='01_BDD'!$B$61,F9='01_BDD'!$G$61),'01_BDD'!$D$61,IF(AND(F8='01_BDD'!$B$62,F9='01_BDD'!$G$62),'01_BDD'!$D$62,IF(AND(F8='01_BDD'!$B$63,F9='01_BDD'!$G$63),'01_BDD'!$D$63,IF(AND(F8='01_BDD'!$B$64,F9='01_BDD'!$G$64),'01_BDD'!$D$64,IF(AND(F8='01_BDD'!$B$65,F9='01_BDD'!$G$65),'01_BDD'!$D$65,IF(AND(F8='01_BDD'!$B$66,F9='01_BDD'!$G$66),'01_BDD'!$D$66,IF(AND(F8='01_BDD'!$B$67,F9='01_BDD'!$G$67),'01_BDD'!$D$67,IF(AND(F8='01_BDD'!$B$68,F9='01_BDD'!$G$68),'01_BDD'!$D$68,IF(AND(F8='01_BDD'!$B$69,F9='01_BDD'!$G$69),'01_BDD'!$D$69,IF(AND(F8='01_BDD'!$B$70,F9='01_BDD'!$G$70),'01_BDD'!$D$70,IF(AND(F8='01_BDD'!$B$71,F9='01_BDD'!$G$71),'01_BDD'!$D$71,IF(AND(F8='01_BDD'!$B$72,F9='01_BDD'!$G$72),'01_BDD'!$D$72,IF(AND(F8='01_BDD'!$B$73,F9='01_BDD'!$G$73),'01_BDD'!$D$73,IF(AND(F8='01_BDD'!$B$74,F9='01_BDD'!$G$74),'01_BDD'!$D$74,IF(AND(F8='01_BDD'!$B$75,F9='01_BDD'!$G$75),'01_BDD'!$D$75,IF(AND(F8='01_BDD'!$B$76,F9='01_BDD'!$G$76),'01_BDD'!$D$76,IF(AND(F8='01_BDD'!$B$77,F9='01_BDD'!$G$77),'01_BDD'!$D$77,IF(AND(F8='01_BDD'!$B$78,F9='01_BDD'!$G$78),'01_BDD'!$D$78,IF(AND(F8='01_BDD'!$B$79,F9='01_BDD'!$G$79),'01_BDD'!$D$79,IF(AND(F8='01_BDD'!$B$80,F9='01_BDD'!$G$80),'01_BDD'!$D$80,IF(AND(F8='01_BDD'!$B$81,F9='01_BDD'!$G$81),'01_BDD'!$D$81,IF(AND(F8='01_BDD'!$B$82,F9='01_BDD'!$G$82),'01_BDD'!$D$82,IF(AND(F8='01_BDD'!$B$83,F9='01_BDD'!$G$83),'01_BDD'!$D$83,IF(AND(F8='01_BDD'!$B$84,F9='01_BDD'!$G$84),'01_BDD'!$D$84,IF(AND(F8='01_BDD'!$B$85,F9='01_BDD'!$G$85),'01_BDD'!$D$85,IF(AND(F8='01_BDD'!$B$86,F9='01_BDD'!$G$86),'01_BDD'!$D$86,IF(AND(F8='01_BDD'!$B$87,F9='01_BDD'!$G$87),'01_BDD'!$D$87,IF(AND(F8='01_BDD'!$B$88,F9='01_BDD'!$G$88),'01_BDD'!$D$88,IF(AND(F8='01_BDD'!$B$89,F9='01_BDD'!$G$89),'01_BDD'!$D$89,IF(AND(F8='01_BDD'!$B$90,F9='01_BDD'!$G$90),'01_BDD'!$D$90," ")))))))))))))))))))))))))))))))))))))))))))))))))))))))))))))))) -> XXX | G19: =IF(AND(G8='01_BDD'!$B$27,G9='01_BDD'!$G$27),'01_BDD'!$D$27,IF(AND(G8='01_BDD'!$B$28,G9='01_BDD'!$G$28),'01_BDD'!$D$28,IF(AND(G8='01_BDD'!$B$29,G9='01_BDD'!$G$29),'01_BDD'!$D$29,IF(AND(G8='01_BDD'!$B$30,G9='01_BDD'!$G$30),'01_BDD'!$D$30,IF(AND(G8='01_BDD'!$B$31,G9='01_BDD'!$G$31),'01_BDD'!$D$31,IF(AND(G8='01_BDD'!$B$32,G9='01_BDD'!$G$32),'01_BDD'!$D$32,IF(AND(G8='01_BDD'!$B$33,G9='01_BDD'!$G$33),'01_BDD'!$D$33,IF(AND(G8='01_BDD'!$B$34,G9='01_BDD'!$G$34),'01_BDD'!$D$34,IF(AND(G8='01_BDD'!$B$35,G9='01_BDD'!$G$35),'01_BDD'!$D$35,IF(AND(G8='01_BDD'!$B$36,G9='01_BDD'!$G$36),'01_BDD'!$D$36,IF(AND(G8='01_BDD'!$B$37,G9='01_BDD'!$G$37),'01_BDD'!$D$37,IF(AND(G8='01_BDD'!$B$38,G9='01_BDD'!$G$38),'01_BDD'!$D$38,IF(AND(G8='01_BDD'!$B$39,G9='01_BDD'!$G$39),'01_BDD'!$D$39,IF(AND(G8='01_BDD'!$B$40,G9='01_BDD'!$G$40),'01_BDD'!$D$40,IF(AND(G8='01_BDD'!$B$41,G9='01_BDD'!$G$41),'01_BDD'!$D$41,IF(AND(G8='01_BDD'!$B$42,G9='01_BDD'!$G$42),'01_BDD'!$D$42,IF(AND(G8='01_BDD'!$B$43,G9='01_BDD'!$G$43),'01_BDD'!$D$43,IF(AND(G8='01_BDD'!$B$44,G9='01_BDD'!$G$44),'01_BDD'!$D$44,IF(AND(G8='01_BDD'!$B$45,G9='01_BDD'!$G$45),'01_BDD'!$D$45,IF(AND(G8='01_BDD'!$B$46,G9='01_BDD'!$G$46),'01_BDD'!$D$46,IF(AND(G8='01_BDD'!$B$47,G9='01_BDD'!$G$47),'01_BDD'!$D$47,IF(AND(G8='01_BDD'!$B$48,G9='01_BDD'!$G$48),'01_BDD'!$D$48,IF(AND(G8='01_BDD'!$B$49,G9='01_BDD'!$G$49),'01_BDD'!$D$49,IF(AND(G8='01_BDD'!$B$50,G9='01_BDD'!$G$50),'01_BDD'!$D$50,IF(AND(G8='01_BDD'!$B$51,G9='01_BDD'!$G$51),'01_BDD'!$D$51,IF(AND(G8='01_BDD'!$B$52,G9='01_BDD'!$G$52),'01_BDD'!$D$52,IF(AND(G8='01_BDD'!$B$53,G9='01_BDD'!$G$53),'01_BDD'!$D$53,IF(AND(G8='01_BDD'!$B$54,G9='01_BDD'!$G$54),'01_BDD'!$D$54,IF(AND(G8='01_BDD'!$B$55,G9='01_BDD'!$G$55),'01_BDD'!$D$55,IF(AND(G8='01_BDD'!$B$56,G9='01_BDD'!$G$56),'01_BDD'!$D$56,IF(AND(G8='01_BDD'!$B$57,G9='01_BDD'!$G$57),'01_BDD'!$D$57,IF(AND(G8='01_BDD'!$B$58,G9='01_BDD'!$G$58),'01_BDD'!$D$58,IF(AND(G8='01_BDD'!$B$59,G9='01_BDD'!$G$59),'01_BDD'!$D$59,IF(AND(G8='01_BDD'!$B$60,G9='01_BDD'!$G$60),'01_BDD'!$D$60,IF(AND(G8='01_BDD'!$B$61,G9='01_BDD'!$G$61),'01_BDD'!$D$61,IF(AND(G8='01_BDD'!$B$62,G9='01_BDD'!$G$62),'01_BDD'!$D$62,IF(AND(G8='01_BDD'!$B$63,G9='01_BDD'!$G$63),'01_BDD'!$D$63,IF(AND(G8='01_BDD'!$B$64,G9='01_BDD'!$G$64),'01_BDD'!$D$64,IF(AND(G8='01_BDD'!$B$65,G9='01_BDD'!$G$65),'01_BDD'!$D$65,IF(AND(G8='01_BDD'!$B$66,G9='01_BDD'!$G$66),'01_BDD'!$D$66,IF(AND(G8='01_BDD'!$B$67,G9='01_BDD'!$G$67),'01_BDD'!$D$67,IF(AND(G8='01_BDD'!$B$68,G9='01_BDD'!$G$68),'01_BDD'!$D$68,IF(AND(G8='01_BDD'!$B$69,G9='01_BDD'!$G$69),'01_BDD'!$D$69,IF(AND(G8='01_BDD'!$B$70,G9='01_BDD'!$G$70),'01_BDD'!$D$70,IF(AND(G8='01_BDD'!$B$71,G9='01_BDD'!$G$71),'01_BDD'!$D$71,IF(AND(G8='01_BDD'!$B$72,G9='01_BDD'!$G$72),'01_BDD'!$D$72,IF(AND(G8='01_BDD'!$B$73,G9='01_BDD'!$G$73),'01_BDD'!$D$73,IF(AND(G8='01_BDD'!$B$74,G9='01_BDD'!$G$74),'01_BDD'!$D$74,IF(AND(G8='01_BDD'!$B$75,G9='01_BDD'!$G$75),'01_BDD'!$D$75,IF(AND(G8='01_BDD'!$B$76,G9='01_BDD'!$G$76),'01_BDD'!$D$76,IF(AND(G8='01_BDD'!$B$77,G9='01_BDD'!$G$77),'01_BDD'!$D$77,IF(AND(G8='01_BDD'!$B$78,G9='01_BDD'!$G$78),'01_BDD'!$D$78,IF(AND(G8='01_BDD'!$B$79,G9='01_BDD'!$G$79),'01_BDD'!$D$79,IF(AND(G8='01_BDD'!$B$80,G9='01_BDD'!$G$80),'01_BDD'!$D$80,IF(AND(G8='01_BDD'!$B$81,G9='01_BDD'!$G$81),'01_BDD'!$D$81,IF(AND(G8='01_BDD'!$B$82,G9='01_BDD'!$G$82),'01_BDD'!$D$82,IF(AND(G8='01_BDD'!$B$83,G9='01_BDD'!$G$83),'01_BDD'!$D$83,IF(AND(G8='01_BDD'!$B$84,G9='01_BDD'!$G$84),'01_BDD'!$D$84,IF(AND(G8='01_BDD'!$B$85,G9='01_BDD'!$G$85),'01_BDD'!$D$85,IF(AND(G8='01_BDD'!$B$86,G9='01_BDD'!$G$86),'01_BDD'!$D$86,IF(AND(G8='01_BDD'!$B$87,G9='01_BDD'!$G$87),'01_BDD'!$D$87,IF(AND(G8='01_BDD'!$B$88,G9='01_BDD'!$G$88),'01_BDD'!$D$88,IF(AND(G8='01_BDD'!$B$89,G9='01_BDD'!$G$89),'01_BDD'!$D$89,IF(AND(G8='01_BDD'!$B$90,G9='01_BDD'!$G$90),'01_BDD'!$D$90," ")))))))))))))))))))))))))))))))))))))))))))))))))))))))))))))))) -> XXX | H19: =IF(AND(H8='01_BDD'!$B$27,H9='01_BDD'!$G$27),'01_BDD'!$D$27,IF(AND(H8='01_BDD'!$B$28,H9='01_BDD'!$G$28),'01_BDD'!$D$28,IF(AND(H8='01_BDD'!$B$29,H9='01_BDD'!$G$29),'01_BDD'!$D$29,IF(AND(H8='01_BDD'!$B$30,H9='01_BDD'!$G$30),'01_BDD'!$D$30,IF(AND(H8='01_BDD'!$B$31,H9='01_BDD'!$G$31),'01_BDD'!$D$31,IF(AND(H8='01_BDD'!$B$32,H9='01_BDD'!$G$32),'01_BDD'!$D$32,IF(AND(H8='01_BDD'!$B$33,H9='01_BDD'!$G$33),'01_BDD'!$D$33,IF(AND(H8='01_BDD'!$B$34,H9='01_BDD'!$G$34),'01_BDD'!$D$34,IF(AND(H8='01_BDD'!$B$35,H9='01_BDD'!$G$35),'01_BDD'!$D$35,IF(AND(H8='01_BDD'!$B$36,H9='01_BDD'!$G$36),'01_BDD'!$D$36,IF(AND(H8='01_BDD'!$B$37,H9='01_BDD'!$G$37),'01_BDD'!$D$37,IF(AND(H8='01_BDD'!$B$38,H9='01_BDD'!$G$38),'01_BDD'!$D$38,IF(AND(H8='01_BDD'!$B$39,H9='01_BDD'!$G$39),'01_BDD'!$D$39,IF(AND(H8='01_BDD'!$B$40,H9='01_BDD'!$G$40),'01_BDD'!$D$40,IF(AND(H8='01_BDD'!$B$41,H9='01_BDD'!$G$41),'01_BDD'!$D$41,IF(AND(H8='01_BDD'!$B$42,H9='01_BDD'!$G$42),'01_BDD'!$D$42,IF(AND(H8='01_BDD'!$B$43,H9='01_BDD'!$G$43),'01_BDD'!$D$43,IF(AND(H8='01_BDD'!$B$44,H9='01_BDD'!$G$44),'01_BDD'!$D$44,IF(AND(H8='01_BDD'!$B$45,H9='01_BDD'!$G$45),'01_BDD'!$D$45,IF(AND(H8='01_BDD'!$B$46,H9='01_BDD'!$G$46),'01_BDD'!$D$46,IF(AND(H8='01_BDD'!$B$47,H9='01_BDD'!$G$47),'01_BDD'!$D$47,IF(AND(H8='01_BDD'!$B$48,H9='01_BDD'!$G$48),'01_BDD'!$D$48,IF(AND(H8='01_BDD'!$B$49,H9='01_BDD'!$G$49),'01_BDD'!$D$49,IF(AND(H8='01_BDD'!$B$50,H9='01_BDD'!$G$50),'01_BDD'!$D$50,IF(AND(H8='01_BDD'!$B$51,H9='01_BDD'!$G$51),'01_BDD'!$D$51,IF(AND(H8='01_BDD'!$B$52,H9='01_BDD'!$G$52),'01_BDD'!$D$52,IF(AND(H8='01_BDD'!$B$53,H9='01_BDD'!$G$53),'01_BDD'!$D$53,IF(AND(H8='01_BDD'!$B$54,H9='01_BDD'!$G$54),'01_BDD'!$D$54,IF(AND(H8='01_BDD'!$B$55,H9='01_BDD'!$G$55),'01_BDD'!$D$55,IF(AND(H8='01_BDD'!$B$56,H9='01_BDD'!$G$56),'01_BDD'!$D$56,IF(AND(H8='01_BDD'!$B$57,H9='01_BDD'!$G$57),'01_BDD'!$D$57,IF(AND(H8='01_BDD'!$B$58,H9='01_BDD'!$G$58),'01_BDD'!$D$58,IF(AND(H8='01_BDD'!$B$59,H9='01_BDD'!$G$59),'01_BDD'!$D$59,IF(AND(H8='01_BDD'!$B$60,H9='01_BDD'!$G$60),'01_BDD'!$D$60,IF(AND(H8='01_BDD'!$B$61,H9='01_BDD'!$G$61),'01_BDD'!$D$61,IF(AND(H8='01_BDD'!$B$62,H9='01_BDD'!$G$62),'01_BDD'!$D$62,IF(AND(H8='01_BDD'!$B$63,H9='01_BDD'!$G$63),'01_BDD'!$D$63,IF(AND(H8='01_BDD'!$B$64,H9='01_BDD'!$G$64),'01_BDD'!$D$64,IF(AND(H8='01_BDD'!$B$65,H9='01_BDD'!$G$65),'01_BDD'!$D$65,IF(AND(H8='01_BDD'!$B$66,H9='01_BDD'!$G$66),'01_BDD'!$D$66,IF(AND(H8='01_BDD'!$B$67,H9='01_BDD'!$G$67),'01_BDD'!$D$67,IF(AND(H8='01_BDD'!$B$68,H9='01_BDD'!$G$68),'01_BDD'!$D$68,IF(AND(H8='01_BDD'!$B$69,H9='01_BDD'!$G$69),'01_BDD'!$D$69,IF(AND(H8='01_BDD'!$B$70,H9='01_BDD'!$G$70),'01_BDD'!$D$70,IF(AND(H8='01_BDD'!$B$71,H9='01_BDD'!$G$71),'01_BDD'!$D$71,IF(AND(H8='01_BDD'!$B$72,H9='01_BDD'!$G$72),'01_BDD'!$D$72,IF(AND(H8='01_BDD'!$B$73,H9='01_BDD'!$G$73),'01_BDD'!$D$73,IF(AND(H8='01_BDD'!$B$74,H9='01_BDD'!$G$74),'01_BDD'!$D$74,IF(AND(H8='01_BDD'!$B$75,H9='01_BDD'!$G$75),'01_BDD'!$D$75,IF(AND(H8='01_BDD'!$B$76,H9='01_BDD'!$G$76),'01_BDD'!$D$76,IF(AND(H8='01_BDD'!$B$77,H9='01_BDD'!$G$77),'01_BDD'!$D$77,IF(AND(H8='01_BDD'!$B$78,H9='01_BDD'!$G$78),'01_BDD'!$D$78,IF(AND(H8='01_BDD'!$B$79,H9='01_BDD'!$G$79),'01_BDD'!$D$79,IF(AND(H8='01_BDD'!$B$80,H9='01_BDD'!$G$80),'01_BDD'!$D$80,IF(AND(H8='01_BDD'!$B$81,H9='01_BDD'!$G$81),'01_BDD'!$D$81,IF(AND(H8='01_BDD'!$B$82,H9='01_BDD'!$G$82),'01_BDD'!$D$82,IF(AND(H8='01_BDD'!$B$83,H9='01_BDD'!$G$83),'01_BDD'!$D$83,IF(AND(H8='01_BDD'!$B$84,H9='01_BDD'!$G$84),'01_BDD'!$D$84,IF(AND(H8='01_BDD'!$B$85,H9='01_BDD'!$G$85),'01_BDD'!$D$85,IF(AND(H8='01_BDD'!$B$86,H9='01_BDD'!$G$86),'01_BDD'!$D$86,IF(AND(H8='01_BDD'!$B$87,H9='01_BDD'!$G$87),'01_BDD'!$D$87,IF(AND(H8='01_BDD'!$B$88,H9='01_BDD'!$G$88),'01_BDD'!$D$88,IF(AND(H8='01_BDD'!$B$89,H9='01_BDD'!$G$89),'01_BDD'!$D$89,IF(AND(H8='01_BDD'!$B$90,H9='01_BDD'!$G$90),'01_BDD'!$D$90," ")))))))))))))))))))))))))))))))))))))))))))))))))))))))))))))))) -> XXX | I19: =IF(AND(I8='01_BDD'!$B$27,I9='01_BDD'!$G$27),'01_BDD'!$D$27,IF(AND(I8='01_BDD'!$B$28,I9='01_BDD'!$G$28),'01_BDD'!$D$28,IF(AND(I8='01_BDD'!$B$29,I9='01_BDD'!$G$29),'01_BDD'!$D$29,IF(AND(I8='01_BDD'!$B$30,I9='01_BDD'!$G$30),'01_BDD'!$D$30,IF(AND(I8='01_BDD'!$B$31,I9='01_BDD'!$G$31),'01_BDD'!$D$31,IF(AND(I8='01_BDD'!$B$32,I9='01_BDD'!$G$32),'01_BDD'!$D$32,IF(AND(I8='01_BDD'!$B$33,I9='01_BDD'!$G$33),'01_BDD'!$D$33,IF(AND(I8='01_BDD'!$B$34,I9='01_BDD'!$G$34),'01_BDD'!$D$34,IF(AND(I8='01_BDD'!$B$35,I9='01_BDD'!$G$35),'01_BDD'!$D$35,IF(AND(I8='01_BDD'!$B$36,I9='01_BDD'!$G$36),'01_BDD'!$D$36,IF(AND(I8='01_BDD'!$B$37,I9='01_BDD'!$G$37),'01_BDD'!$D$37,IF(AND(I8='01_BDD'!$B$38,I9='01_BDD'!$G$38),'01_BDD'!$D$38,IF(AND(I8='01_BDD'!$B$39,I9='01_BDD'!$G$39),'01_BDD'!$D$39,IF(AND(I8='01_BDD'!$B$40,I9='01_BDD'!$G$40),'01_BDD'!$D$40,IF(AND(I8='01_BDD'!$B$41,I9='01_BDD'!$G$41),'01_BDD'!$D$41,IF(AND(I8='01_BDD'!$B$42,I9='01_BDD'!$G$42),'01_BDD'!$D$42,IF(AND(I8='01_BDD'!$B$43,I9='01_BDD'!$G$43),'01_BDD'!$D$43,IF(AND(I8='01_BDD'!$B$44,I9='01_BDD'!$G$44),'01_BDD'!$D$44,IF(AND(I8='01_BDD'!$B$45,I9='01_BDD'!$G$45),'01_BDD'!$D$45,IF(AND(I8='01_BDD'!$B$46,I9='01_BDD'!$G$46),'01_BDD'!$D$46,IF(AND(I8='01_BDD'!$B$47,I9='01_BDD'!$G$47),'01_BDD'!$D$47,IF(AND(I8='01_BDD'!$B$48,I9='01_BDD'!$G$48),'01_BDD'!$D$48,IF(AND(I8='01_BDD'!$B$49,I9='01_BDD'!$G$49),'01_BDD'!$D$49,IF(AND(I8='01_BDD'!$B$50,I9='01_BDD'!$G$50),'01_BDD'!$D$50,IF(AND(I8='01_BDD'!$B$51,I9='01_BDD'!$G$51),'01_BDD'!$D$51,IF(AND(I8='01_BDD'!$B$52,I9='01_BDD'!$G$52),'01_BDD'!$D$52,IF(AND(I8='01_BDD'!$B$53,I9='01_BDD'!$G$53),'01_BDD'!$D$53,IF(AND(I8='01_BDD'!$B$54,I9='01_BDD'!$G$54),'01_BDD'!$D$54,IF(AND(I8='01_BDD'!$B$55,I9='01_BDD'!$G$55),'01_BDD'!$D$55,IF(AND(I8='01_BDD'!$B$56,I9='01_BDD'!$G$56),'01_BDD'!$D$56,IF(AND(I8='01_BDD'!$B$57,I9='01_BDD'!$G$57),'01_BDD'!$D$57,IF(AND(I8='01_BDD'!$B$58,I9='01_BDD'!$G$58),'01_BDD'!$D$58,IF(AND(I8='01_BDD'!$B$59,I9='01_BDD'!$G$59),'01_BDD'!$D$59,IF(AND(I8='01_BDD'!$B$60,I9='01_BDD'!$G$60),'01_BDD'!$D$60,IF(AND(I8='01_BDD'!$B$61,I9='01_BDD'!$G$61),'01_BDD'!$D$61,IF(AND(I8='01_BDD'!$B$62,I9='01_BDD'!$G$62),'01_BDD'!$D$62,IF(AND(I8='01_BDD'!$B$63,I9='01_BDD'!$G$63),'01_BDD'!$D$63,IF(AND(I8='01_BDD'!$B$64,I9='01_BDD'!$G$64),'01_BDD'!$D$64,IF(AND(I8='01_BDD'!$B$65,I9='01_BDD'!$G$65),'01_BDD'!$D$65,IF(AND(I8='01_BDD'!$B$66,I9='01_BDD'!$G$66),'01_BDD'!$D$66,IF(AND(I8='01_BDD'!$B$67,I9='01_BDD'!$G$67),'01_BDD'!$D$67,IF(AND(I8='01_BDD'!$B$68,I9='01_BDD'!$G$68),'01_BDD'!$D$68,IF(AND(I8='01_BDD'!$B$69,I9='01_BDD'!$G$69),'01_BDD'!$D$69,IF(AND(I8='01_BDD'!$B$70,I9='01_BDD'!$G$70),'01_BDD'!$D$70,IF(AND(I8='01_BDD'!$B$71,I9='01_BDD'!$G$71),'01_BDD'!$D$71,IF(AND(I8='01_BDD'!$B$72,I9='01_BDD'!$G$72),'01_BDD'!$D$72,IF(AND(I8='01_BDD'!$B$73,I9='01_BDD'!$G$73),'01_BDD'!$D$73,IF(AND(I8='01_BDD'!$B$74,I9='01_BDD'!$G$74),'01_BDD'!$D$74,IF(AND(I8='01_BDD'!$B$75,I9='01_BDD'!$G$75),'01_BDD'!$D$75,IF(AND(I8='01_BDD'!$B$76,I9='01_BDD'!$G$76),'01_BDD'!$D$76,IF(AND(I8='01_BDD'!$B$77,I9='01_BDD'!$G$77),'01_BDD'!$D$77,IF(AND(I8='01_BDD'!$B$78,I9='01_BDD'!$G$78),'01_BDD'!$D$78,IF(AND(I8='01_BDD'!$B$79,I9='01_BDD'!$G$79),'01_BDD'!$D$79,IF(AND(I8='01_BDD'!$B$80,I9='01_BDD'!$G$80),'01_BDD'!$D$80,IF(AND(I8='01_BDD'!$B$81,I9='01_BDD'!$G$81),'01_BDD'!$D$81,IF(AND(I8='01_BDD'!$B$82,I9='01_BDD'!$G$82),'01_BDD'!$D$82,IF(AND(I8='01_BDD'!$B$83,I9='01_BDD'!$G$83),'01_BDD'!$D$83,IF(AND(I8='01_BDD'!$B$84,I9='01_BDD'!$G$84),'01_BDD'!$D$84,IF(AND(I8='01_BDD'!$B$85,I9='01_BDD'!$G$85),'01_BDD'!$D$85,IF(AND(I8='01_BDD'!$B$86,I9='01_BDD'!$G$86),'01_BDD'!$D$86,IF(AND(I8='01_BDD'!$B$87,I9='01_BDD'!$G$87),'01_BDD'!$D$87,IF(AND(I8='01_BDD'!$B$88,I9='01_BDD'!$G$88),'01_BDD'!$D$88,IF(AND(I8='01_BDD'!$B$89,I9='01_BDD'!$G$89),'01_BDD'!$D$89,IF(AND(I8='01_BDD'!$B$90,I9='01_BDD'!$G$90),'01_BDD'!$D$90," ")))))))))))))))))))))))))))))))))))))))))))))))))))))))))))))))) -> XXX | J19: =IF(AND(J8='01_BDD'!$B$27,J9='01_BDD'!$G$27),'01_BDD'!$D$27,IF(AND(J8='01_BDD'!$B$28,J9='01_BDD'!$G$28),'01_BDD'!$D$28,IF(AND(J8='01_BDD'!$B$29,J9='01_BDD'!$G$29),'01_BDD'!$D$29,IF(AND(J8='01_BDD'!$B$30,J9='01_BDD'!$G$30),'01_BDD'!$D$30,IF(AND(J8='01_BDD'!$B$31,J9='01_BDD'!$G$31),'01_BDD'!$D$31,IF(AND(J8='01_BDD'!$B$32,J9='01_BDD'!$G$32),'01_BDD'!$D$32,IF(AND(J8='01_BDD'!$B$33,J9='01_BDD'!$G$33),'01_BDD'!$D$33,IF(AND(J8='01_BDD'!$B$34,J9='01_BDD'!$G$34),'01_BDD'!$D$34,IF(AND(J8='01_BDD'!$B$35,J9='01_BDD'!$G$35),'01_BDD'!$D$35,IF(AND(J8='01_BDD'!$B$36,J9='01_BDD'!$G$36),'01_BDD'!$D$36,IF(AND(J8='01_BDD'!$B$37,J9='01_BDD'!$G$37),'01_BDD'!$D$37,IF(AND(J8='01_BDD'!$B$38,J9='01_BDD'!$G$38),'01_BDD'!$D$38,IF(AND(J8='01_BDD'!$B$39,J9='01_BDD'!$G$39),'01_BDD'!$D$39,IF(AND(J8='01_BDD'!$B$40,J9='01_BDD'!$G$40),'01_BDD'!$D$40,IF(AND(J8='01_BDD'!$B$41,J9='01_BDD'!$G$41),'01_BDD'!$D$41,IF(AND(J8='01_BDD'!$B$42,J9='01_BDD'!$G$42),'01_BDD'!$D$42,IF(AND(J8='01_BDD'!$B$43,J9='01_BDD'!$G$43),'01_BDD'!$D$43,IF(AND(J8='01_BDD'!$B$44,J9='01_BDD'!$G$44),'01_BDD'!$D$44,IF(AND(J8='01_BDD'!$B$45,J9='01_BDD'!$G$45),'01_BDD'!$D$45,IF(AND(J8='01_BDD'!$B$46,J9='01_BDD'!$G$46),'01_BDD'!$D$46,IF(AND(J8='01_BDD'!$B$47,J9='01_BDD'!$G$47),'01_BDD'!$D$47,IF(AND(J8='01_BDD'!$B$48,J9='01_BDD'!$G$48),'01_BDD'!$D$48,IF(AND(J8='01_BDD'!$B$49,J9='01_BDD'!$G$49),'01_BDD'!$D$49,IF(AND(J8='01_BDD'!$B$50,J9='01_BDD'!$G$50),'01_BDD'!$D$50,IF(AND(J8='01_BDD'!$B$51,J9='01_BDD'!$G$51),'01_BDD'!$D$51,IF(AND(J8='01_BDD'!$B$52,J9='01_BDD'!$G$52),'01_BDD'!$D$52,IF(AND(J8='01_BDD'!$B$53,J9='01_BDD'!$G$53),'01_BDD'!$D$53,IF(AND(J8='01_BDD'!$B$54,J9='01_BDD'!$G$54),'01_BDD'!$D$54,IF(AND(J8='01_BDD'!$B$55,J9='01_BDD'!$G$55),'01_BDD'!$D$55,IF(AND(J8='01_BDD'!$B$56,J9='01_BDD'!$G$56),'01_BDD'!$D$56,IF(AND(J8='01_BDD'!$B$57,J9='01_BDD'!$G$57),'01_BDD'!$D$57,IF(AND(J8='01_BDD'!$B$58,J9='01_BDD'!$G$58),'01_BDD'!$D$58,IF(AND(J8='01_BDD'!$B$59,J9='01_BDD'!$G$59),'01_BDD'!$D$59,IF(AND(J8='01_BDD'!$B$60,J9='01_BDD'!$G$60),'01_BDD'!$D$60,IF(AND(J8='01_BDD'!$B$61,J9='01_BDD'!$G$61),'01_BDD'!$D$61,IF(AND(J8='01_BDD'!$B$62,J9='01_BDD'!$G$62),'01_BDD'!$D$62,IF(AND(J8='01_BDD'!$B$63,J9='01_BDD'!$G$63),'01_BDD'!$D$63,IF(AND(J8='01_BDD'!$B$64,J9='01_BDD'!$G$64),'01_BDD'!$D$64,IF(AND(J8='01_BDD'!$B$65,J9='01_BDD'!$G$65),'01_BDD'!$D$65,IF(AND(J8='01_BDD'!$B$66,J9='01_BDD'!$G$66),'01_BDD'!$D$66,IF(AND(J8='01_BDD'!$B$67,J9='01_BDD'!$G$67),'01_BDD'!$D$67,IF(AND(J8='01_BDD'!$B$68,J9='01_BDD'!$G$68),'01_BDD'!$D$68,IF(AND(J8='01_BDD'!$B$69,J9='01_BDD'!$G$69),'01_BDD'!$D$69,IF(AND(J8='01_BDD'!$B$70,J9='01_BDD'!$G$70),'01_BDD'!$D$70,IF(AND(J8='01_BDD'!$B$71,J9='01_BDD'!$G$71),'01_BDD'!$D$71,IF(AND(J8='01_BDD'!$B$72,J9='01_BDD'!$G$72),'01_BDD'!$D$72,IF(AND(J8='01_BDD'!$B$73,J9='01_BDD'!$G$73),'01_BDD'!$D$73,IF(AND(J8='01_BDD'!$B$74,J9='01_BDD'!$G$74),'01_BDD'!$D$74,IF(AND(J8='01_BDD'!$B$75,J9='01_BDD'!$G$75),'01_BDD'!$D$75,IF(AND(J8='01_BDD'!$B$76,J9='01_BDD'!$G$76),'01_BDD'!$D$76,IF(AND(J8='01_BDD'!$B$77,J9='01_BDD'!$G$77),'01_BDD'!$D$77,IF(AND(J8='01_BDD'!$B$78,J9='01_BDD'!$G$78),'01_BDD'!$D$78,IF(AND(J8='01_BDD'!$B$79,J9='01_BDD'!$G$79),'01_BDD'!$D$79,IF(AND(J8='01_BDD'!$B$80,J9='01_BDD'!$G$80),'01_BDD'!$D$80,IF(AND(J8='01_BDD'!$B$81,J9='01_BDD'!$G$81),'01_BDD'!$D$81,IF(AND(J8='01_BDD'!$B$82,J9='01_BDD'!$G$82),'01_BDD'!$D$82,IF(AND(J8='01_BDD'!$B$83,J9='01_BDD'!$G$83),'01_BDD'!$D$83,IF(AND(J8='01_BDD'!$B$84,J9='01_BDD'!$G$84),'01_BDD'!$D$84,IF(AND(J8='01_BDD'!$B$85,J9='01_BDD'!$G$85),'01_BDD'!$D$85,IF(AND(J8='01_BDD'!$B$86,J9='01_BDD'!$G$86),'01_BDD'!$D$86,IF(AND(J8='01_BDD'!$B$87,J9='01_BDD'!$G$87),'01_BDD'!$D$87,IF(AND(J8='01_BDD'!$B$88,J9='01_BDD'!$G$88),'01_BDD'!$D$88,IF(AND(J8='01_BDD'!$B$89,J9='01_BDD'!$G$89),'01_BDD'!$D$89,IF(AND(J8='01_BDD'!$B$90,J9='01_BDD'!$G$90),'01_BDD'!$D$90," ")))))))))))))))))))))))))))))))))))))))))))))))))))))))))))))))) -> XXX | ... AO19: =IF(AND(AO8='01_BDD'!$B$27,AO9='01_BDD'!$G$27),'01_BDD'!$D$27,IF(AND(AO8='01_BDD'!$B$28,AO9='01_BDD'!$G$28),'01_BDD'!$D$28,IF(AND(AO8='01_BDD'!$B$29,AO9='01_BDD'!$G$29),'01_BDD'!$D$29,IF(AND(AO8='01_BDD'!$B$30,AO9='01_BDD'!$G$30),'01_BDD'!$D$30,IF(AND(AO8='01_BDD'!$B$31,AO9='01_BDD'!$G$31),'01_BDD'!$D$31,IF(AND(AO8='01_BDD'!$B$32,AO9='01_BDD'!$G$32),'01_BDD'!$D$32,IF(AND(AO8='01_BDD'!$B$33,AO9='01_BDD'!$G$33),'01_BDD'!$D$33,IF(AND(AO8='01_BDD'!$B$34,AO9='01_BDD'!$G$34),'01_BDD'!$D$34,IF(AND(AO8='01_BDD'!$B$35,AO9='01_BDD'!$G$35),'01_BDD'!$D$35,IF(AND(AO8='01_BDD'!$B$36,AO9='01_BDD'!$G$36),'01_BDD'!$D$36,IF(AND(AO8='01_BDD'!$B$37,AO9='01_BDD'!$G$37),'01_BDD'!$D$37,IF(AND(AO8='01_BDD'!$B$38,AO9='01_BDD'!$G$38),'01_BDD'!$D$38,IF(AND(AO8='01_BDD'!$B$39,AO9='01_BDD'!$G$39),'01_BDD'!$D$39,IF(AND(AO8='01_BDD'!$B$40,AO9='01_BDD'!$G$40),'01_BDD'!$D$40,IF(AND(AO8='01_BDD'!$B$41,AO9='01_BDD'!$G$41),'01_BDD'!$D$41,IF(AND(AO8='01_BDD'!$B$42,AO9='01_BDD'!$G$42),'01_BDD'!$D$42,IF(AND(AO8='01_BDD'!$B$43,AO9='01_BDD'!$G$43),'01_BDD'!$D$43,IF(AND(AO8='01_BDD'!$B$44,AO9='01_BDD'!$G$44),'01_BDD'!$D$44,IF(AND(AO8='01_BDD'!$B$45,AO9='01_BDD'!$G$45),'01_BDD'!$D$45,IF(AND(AO8='01_BDD'!$B$46,AO9='01_BDD'!$G$46),'01_BDD'!$D$46,IF(AND(AO8='01_BDD'!$B$47,AO9='01_BDD'!$G$47),'01_BDD'!$D$47,IF(AND(AO8='01_BDD'!$B$48,AO9='01_BDD'!$G$48),'01_BDD'!$D$48,IF(AND(AO8='01_BDD'!$B$49,AO9='01_BDD'!$G$49),'01_BDD'!$D$49,IF(AND(AO8='01_BDD'!$B$50,AO9='01_BDD'!$G$50),'01_BDD'!$D$50,IF(AND(AO8='01_BDD'!$B$51,AO9='01_BDD'!$G$51),'01_BDD'!$D$51,IF(AND(AO8='01_BDD'!$B$52,AO9='01_BDD'!$G$52),'01_BDD'!$D$52,IF(AND(AO8='01_BDD'!$B$53,AO9='01_BDD'!$G$53),'01_BDD'!$D$53,IF(AND(AO8='01_BDD'!$B$54,AO9='01_BDD'!$G$54),'01_BDD'!$D$54,IF(AND(AO8='01_BDD'!$B$55,AO9='01_BDD'!$G$55),'01_BDD'!$D$55,IF(AND(AO8='01_BDD'!$B$56,AO9='01_BDD'!$G$56),'01_BDD'!$D$56,IF(AND(AO8='01_BDD'!$B$57,AO9='01_BDD'!$G$57),'01_BDD'!$D$57,IF(AND(AO8='01_BDD'!$B$58,AO9='01_BDD'!$G$58),'01_BDD'!$D$58,IF(AND(AO8='01_BDD'!$B$59,AO9='01_BDD'!$G$59),'01_BDD'!$D$59,IF(AND(AO8='01_BDD'!$B$60,AO9='01_BDD'!$G$60),'01_BDD'!$D$60,IF(AND(AO8='01_BDD'!$B$61,AO9='01_BDD'!$G$61),'01_BDD'!$D$61,IF(AND(AO8='01_BDD'!$B$62,AO9='01_BDD'!$G$62),'01_BDD'!$D$62,IF(AND(AO8='01_BDD'!$B$63,AO9='01_BDD'!$G$63),'01_BDD'!$D$63,IF(AND(AO8='01_BDD'!$B$64,AO9='01_BDD'!$G$64),'01_BDD'!$D$64,IF(AND(AO8='01_BDD'!$B$65,AO9='01_BDD'!$G$65),'01_BDD'!$D$65,IF(AND(AO8='01_BDD'!$B$66,AO9='01_BDD'!$G$66),'01_BDD'!$D$66,IF(AND(AO8='01_BDD'!$B$67,AO9='01_BDD'!$G$67),'01_BDD'!$D$67,IF(AND(AO8='01_BDD'!$B$68,AO9='01_BDD'!$G$68),'01_BDD'!$D$68,IF(AND(AO8='01_BDD'!$B$69,AO9='01_BDD'!$G$69),'01_BDD'!$D$69,IF(AND(AO8='01_BDD'!$B$70,AO9='01_BDD'!$G$70),'01_BDD'!$D$70,IF(AND(AO8='01_BDD'!$B$71,AO9='01_BDD'!$G$71),'01_BDD'!$D$71,IF(AND(AO8='01_BDD'!$B$72,AO9='01_BDD'!$G$72),'01_BDD'!$D$72,IF(AND(AO8='01_BDD'!$B$73,AO9='01_BDD'!$G$73),'01_BDD'!$D$73,IF(AND(AO8='01_BDD'!$B$74,AO9='01_BDD'!$G$74),'01_BDD'!$D$74,IF(AND(AO8='01_BDD'!$B$75,AO9='01_BDD'!$G$75),'01_BDD'!$D$75,IF(AND(AO8='01_BDD'!$B$76,AO9='01_BDD'!$G$76),'01_BDD'!$D$76,IF(AND(AO8='01_BDD'!$B$77,AO9='01_BDD'!$G$77),'01_BDD'!$D$77,IF(AND(AO8='01_BDD'!$B$78,AO9='01_BDD'!$G$78),'01_BDD'!$D$78,IF(AND(AO8='01_BDD'!$B$79,AO9='01_BDD'!$G$79),'01_BDD'!$D$79,IF(AND(AO8='01_BDD'!$B$80,AO9='01_BDD'!$G$80),'01_BDD'!$D$80,IF(AND(AO8='01_BDD'!$B$81,AO9='01_BDD'!$G$81),'01_BDD'!$D$81,IF(AND(AO8='01_BDD'!$B$82,AO9='01_BDD'!$G$82),'01_BDD'!$D$82,IF(AND(AO8='01_BDD'!$B$83,AO9='01_BDD'!$G$83),'01_BDD'!$D$83,IF(AND(AO8='01_BDD'!$B$84,AO9='01_BDD'!$G$84),'01_BDD'!$D$84,IF(AND(AO8='01_BDD'!$B$85,AO9='01_BDD'!$G$85),'01_BDD'!$D$85,IF(AND(AO8='01_BDD'!$B$86,AO9='01_BDD'!$G$86),'01_BDD'!$D$86,IF(AND(AO8='01_BDD'!$B$87,AO9='01_BDD'!$G$87),'01_BDD'!$D$87,IF(AND(AO8='01_BDD'!$B$88,AO9='01_BDD'!$G$88),'01_BDD'!$D$88,IF(AND(AO8='01_BDD'!$B$89,AO9='01_BDD'!$G$89),'01_BDD'!$D$89,IF(AND(AO8='01_BDD'!$B$90,AO9='01_BDD'!$G$90),'01_BDD'!$D$90," ")))))))))))))))))))))))))))))))))))))))))))))))))))))))))))))))) -> 0
A20: ='01_BDD'!F26 -> Référence du marché | C20: =IF(AND(C8='01_BDD'!$B$27,C9='01_BDD'!$G$27),'01_BDD'!$F$27,IF(AND(C8='01_BDD'!$B$28,C9='01_BDD'!$G$28),'01_BDD'!$F$28,IF(AND(C8='01_BDD'!$B$29,C9='01_BDD'!$G$29),'01_BDD'!$F$29,IF(AND(C8='01_BDD'!$B$30,C9='01_BDD'!$G$30),'01_BDD'!$F$30,IF(AND(C8='01_BDD'!$B$31,C9='01_BDD'!$G$31),'01_BDD'!$F$31,IF(AND(C8='01_BDD'!$B$32,C9='01_BDD'!$G$32),'01_BDD'!$F$32,IF(AND(C8='01_BDD'!$B$33,C9='01_BDD'!$G$33),'01_BDD'!$F$33,IF(AND(C8='01_BDD'!$B$34,C9='01_BDD'!$G$34),'01_BDD'!$F$34,IF(AND(C8='01_BDD'!$B$35,C9='01_BDD'!$G$35),'01_BDD'!$F$35,IF(AND(C8='01_BDD'!$B$36,C9='01_BDD'!$G$36),'01_BDD'!$F$36,IF(AND(C8='01_BDD'!$B$37,C9='01_BDD'!$G$37),'01_BDD'!$F$37,IF(AND(C8='01_BDD'!$B$38,C9='01_BDD'!$G$38),'01_BDD'!$F$38,IF(AND(C8='01_BDD'!$B$39,C9='01_BDD'!$G$39),'01_BDD'!$F$39,IF(AND(C8='01_BDD'!$B$40,C9='01_BDD'!$G$40),'01_BDD'!$F$40,IF(AND(C8='01_BDD'!$B$41,C9='01_BDD'!$G$41),'01_BDD'!$F$41,IF(AND(C8='01_BDD'!$B$42,C9='01_BDD'!$G$42),'01_BDD'!$F$42,IF(AND(C8='01_BDD'!$B$43,C9='01_BDD'!$G$43),'01_BDD'!$F$43,IF(AND(C8='01_BDD'!$B$44,C9='01_BDD'!$G$44),'01_BDD'!$F$44,IF(AND(C8='01_BDD'!$B$45,C9='01_BDD'!$G$45),'01_BDD'!$F$45,IF(AND(C8='01_BDD'!$B$46,C9='01_BDD'!$G$46),'01_BDD'!$F$46,IF(AND(C8='01_BDD'!$B$47,C9='01_BDD'!$G$47),'01_BDD'!$F$47,IF(AND(C8='01_BDD'!$B$48,C9='01_BDD'!$G$48),'01_BDD'!$F$48,IF(AND(C8='01_BDD'!$B$49,C9='01_BDD'!$G$49),'01_BDD'!$F$49,IF(AND(C8='01_BDD'!$B$50,C9='01_BDD'!$G$50),'01_BDD'!$F$50,IF(AND(C8='01_BDD'!$B$51,C9='01_BDD'!$G$51),'01_BDD'!$F$51,IF(AND(C8='01_BDD'!$B$52,C9='01_BDD'!$G$52),'01_BDD'!$F$52,IF(AND(C8='01_BDD'!$B$53,C9='01_BDD'!$G$53),'01_BDD'!$F$53,IF(AND(C8='01_BDD'!$B$54,C9='01_BDD'!$G$54),'01_BDD'!$F$54,IF(AND(C8='01_BDD'!$B$55,C9='01_BDD'!$G$55),'01_BDD'!$F$55,IF(AND(C8='01_BDD'!$B$56,C9='01_BDD'!$G$56),'01_BDD'!$F$56,IF(AND(C8='01_BDD'!$B$57,C9='01_BDD'!$G$57),'01_BDD'!$F$57,IF(AND(C8='01_BDD'!$B$58,C9='01_BDD'!$G$58),'01_BDD'!$F$58,IF(AND(C8='01_BDD'!$B$59,C9='01_BDD'!$G$59),'01_BDD'!$F$59,IF(AND(C8='01_BDD'!$B$60,C9='01_BDD'!$G$60),'01_BDD'!$F$60,IF(AND(C8='01_BDD'!$B$61,C9='01_BDD'!$G$61),'01_BDD'!$F$61,IF(AND(C8='01_BDD'!$B$62,C9='01_BDD'!$G$62),'01_BDD'!$F$62,IF(AND(C8='01_BDD'!$B$63,C9='01_BDD'!$G$63),'01_BDD'!$F$63,IF(AND(C8='01_BDD'!$B$64,C9='01_BDD'!$G$64),'01_BDD'!$F$64,IF(AND(C8='01_BDD'!$B$65,C9='01_BDD'!$G$65),'01_BDD'!$F$65,IF(AND(C8='01_BDD'!$B$66,C9='01_BDD'!$G$66),'01_BDD'!$F$66,IF(AND(C8='01_BDD'!$B$67,C9='01_BDD'!$G$67),'01_BDD'!$F$67,IF(AND(C8='01_BDD'!$B$68,C9='01_BDD'!$G$68),'01_BDD'!$F$68,IF(AND(C8='01_BDD'!$B$69,C9='01_BDD'!$G$69),'01_BDD'!$F$69,IF(AND(C8='01_BDD'!$B$70,C9='01_BDD'!$G$70),'01_BDD'!$F$70,IF(AND(C8='01_BDD'!$B$71,C9='01_BDD'!$G$71),'01_BDD'!$F$71,IF(AND(C8='01_BDD'!$B$72,C9='01_BDD'!$G$72),'01_BDD'!$F$72,IF(AND(C8='01_BDD'!$B$73,C9='01_BDD'!$G$73),'01_BDD'!$F$73,IF(AND(C8='01_BDD'!$B$74,C9='01_BDD'!$G$74),'01_BDD'!$F$74,IF(AND(C8='01_BDD'!$B$75,C9='01_BDD'!$G$75),'01_BDD'!$F$75,IF(AND(C8='01_BDD'!$B$76,C9='01_BDD'!$G$76),'01_BDD'!$F$76,IF(AND(C8='01_BDD'!$B$77,C9='01_BDD'!$G$77),'01_BDD'!$F$77,IF(AND(C8='01_BDD'!$B$78,C9='01_BDD'!$G$78),'01_BDD'!$F$78,IF(AND(C8='01_BDD'!$B$79,C9='01_BDD'!$G$79),'01_BDD'!$F$79,IF(AND(C8='01_BDD'!$B$80,C9='01_BDD'!$G$80),'01_BDD'!$F$80,IF(AND(C8='01_BDD'!$B$81,C9='01_BDD'!$G$81),'01_BDD'!$F$81,IF(AND(C8='01_BDD'!$B$82,C9='01_BDD'!$G$82),'01_BDD'!$F$82,IF(AND(C8='01_BDD'!$B$83,C9='01_BDD'!$G$83),'01_BDD'!$F$83,IF(AND(C8='01_BDD'!$B$84,C9='01_BDD'!$G$84),'01_BDD'!$F$84,IF(AND(C8='01_BDD'!$B$85,C9='01_BDD'!$G$85),'01_BDD'!$F$85,IF(AND(C8='01_BDD'!$B$86,C9='01_BDD'!$G$86),'01_BDD'!$F$86,IF(AND(C8='01_BDD'!$B$87,C9='01_BDD'!$G$87),'01_BDD'!$F$87,IF(AND(C8='01_BDD'!$B$88,C9='01_BDD'!$G$88),'01_BDD'!$F$88,IF(AND(C8='01_BDD'!$B$89,C9='01_BDD'!$G$89),'01_BDD'!$F$89,IF(AND(C8='01_BDD'!$B$90,C9='01_BDD'!$G$90),'01_BDD'!$F$90," ")))))))))))))))))))))))))))))))))))))))))))))))))))))))))))))))) -> 0 | D20: =IF(AND(D8='01_BDD'!$B$27,D9='01_BDD'!$G$27),'01_BDD'!$F$27,IF(AND(D8='01_BDD'!$B$28,D9='01_BDD'!$G$28),'01_BDD'!$F$28,IF(AND(D8='01_BDD'!$B$29,D9='01_BDD'!$G$29),'01_BDD'!$F$29,IF(AND(D8='01_BDD'!$B$30,D9='01_BDD'!$G$30),'01_BDD'!$F$30,IF(AND(D8='01_BDD'!$B$31,D9='01_BDD'!$G$31),'01_BDD'!$F$31,IF(AND(D8='01_BDD'!$B$32,D9='01_BDD'!$G$32),'01_BDD'!$F$32,IF(AND(D8='01_BDD'!$B$33,D9='01_BDD'!$G$33),'01_BDD'!$F$33,IF(AND(D8='01_BDD'!$B$34,D9='01_BDD'!$G$34),'01_BDD'!$F$34,IF(AND(D8='01_BDD'!$B$35,D9='01_BDD'!$G$35),'01_BDD'!$F$35,IF(AND(D8='01_BDD'!$B$36,D9='01_BDD'!$G$36),'01_BDD'!$F$36,IF(AND(D8='01_BDD'!$B$37,D9='01_BDD'!$G$37),'01_BDD'!$F$37,IF(AND(D8='01_BDD'!$B$38,D9='01_BDD'!$G$38),'01_BDD'!$F$38,IF(AND(D8='01_BDD'!$B$39,D9='01_BDD'!$G$39),'01_BDD'!$F$39,IF(AND(D8='01_BDD'!$B$40,D9='01_BDD'!$G$40),'01_BDD'!$F$40,IF(AND(D8='01_BDD'!$B$41,D9='01_BDD'!$G$41),'01_BDD'!$F$41,IF(AND(D8='01_BDD'!$B$42,D9='01_BDD'!$G$42),'01_BDD'!$F$42,IF(AND(D8='01_BDD'!$B$43,D9='01_BDD'!$G$43),'01_BDD'!$F$43,IF(AND(D8='01_BDD'!$B$44,D9='01_BDD'!$G$44),'01_BDD'!$F$44,IF(AND(D8='01_BDD'!$B$45,D9='01_BDD'!$G$45),'01_BDD'!$F$45,IF(AND(D8='01_BDD'!$B$46,D9='01_BDD'!$G$46),'01_BDD'!$F$46,IF(AND(D8='01_BDD'!$B$47,D9='01_BDD'!$G$47),'01_BDD'!$F$47,IF(AND(D8='01_BDD'!$B$48,D9='01_BDD'!$G$48),'01_BDD'!$F$48,IF(AND(D8='01_BDD'!$B$49,D9='01_BDD'!$G$49),'01_BDD'!$F$49,IF(AND(D8='01_BDD'!$B$50,D9='01_BDD'!$G$50),'01_BDD'!$F$50,IF(AND(D8='01_BDD'!$B$51,D9='01_BDD'!$G$51),'01_BDD'!$F$51,IF(AND(D8='01_BDD'!$B$52,D9='01_BDD'!$G$52),'01_BDD'!$F$52,IF(AND(D8='01_BDD'!$B$53,D9='01_BDD'!$G$53),'01_BDD'!$F$53,IF(AND(D8='01_BDD'!$B$54,D9='01_BDD'!$G$54),'01_BDD'!$F$54,IF(AND(D8='01_BDD'!$B$55,D9='01_BDD'!$G$55),'01_BDD'!$F$55,IF(AND(D8='01_BDD'!$B$56,D9='01_BDD'!$G$56),'01_BDD'!$F$56,IF(AND(D8='01_BDD'!$B$57,D9='01_BDD'!$G$57),'01_BDD'!$F$57,IF(AND(D8='01_BDD'!$B$58,D9='01_BDD'!$G$58),'01_BDD'!$F$58,IF(AND(D8='01_BDD'!$B$59,D9='01_BDD'!$G$59),'01_BDD'!$F$59,IF(AND(D8='01_BDD'!$B$60,D9='01_BDD'!$G$60),'01_BDD'!$F$60,IF(AND(D8='01_BDD'!$B$61,D9='01_BDD'!$G$61),'01_BDD'!$F$61,IF(AND(D8='01_BDD'!$B$62,D9='01_BDD'!$G$62),'01_BDD'!$F$62,IF(AND(D8='01_BDD'!$B$63,D9='01_BDD'!$G$63),'01_BDD'!$F$63,IF(AND(D8='01_BDD'!$B$64,D9='01_BDD'!$G$64),'01_BDD'!$F$64,IF(AND(D8='01_BDD'!$B$65,D9='01_BDD'!$G$65),'01_BDD'!$F$65,IF(AND(D8='01_BDD'!$B$66,D9='01_BDD'!$G$66),'01_BDD'!$F$66,IF(AND(D8='01_BDD'!$B$67,D9='01_BDD'!$G$67),'01_BDD'!$F$67,IF(AND(D8='01_BDD'!$B$68,D9='01_BDD'!$G$68),'01_BDD'!$F$68,IF(AND(D8='01_BDD'!$B$69,D9='01_BDD'!$G$69),'01_BDD'!$F$69,IF(AND(D8='01_BDD'!$B$70,D9='01_BDD'!$G$70),'01_BDD'!$F$70,IF(AND(D8='01_BDD'!$B$71,D9='01_BDD'!$G$71),'01_BDD'!$F$71,IF(AND(D8='01_BDD'!$B$72,D9='01_BDD'!$G$72),'01_BDD'!$F$72,IF(AND(D8='01_BDD'!$B$73,D9='01_BDD'!$G$73),'01_BDD'!$F$73,IF(AND(D8='01_BDD'!$B$74,D9='01_BDD'!$G$74),'01_BDD'!$F$74,IF(AND(D8='01_BDD'!$B$75,D9='01_BDD'!$G$75),'01_BDD'!$F$75,IF(AND(D8='01_BDD'!$B$76,D9='01_BDD'!$G$76),'01_BDD'!$F$76,IF(AND(D8='01_BDD'!$B$77,D9='01_BDD'!$G$77),'01_BDD'!$F$77,IF(AND(D8='01_BDD'!$B$78,D9='01_BDD'!$G$78),'01_BDD'!$F$78,IF(AND(D8='01_BDD'!$B$79,D9='01_BDD'!$G$79),'01_BDD'!$F$79,IF(AND(D8='01_BDD'!$B$80,D9='01_BDD'!$G$80),'01_BDD'!$F$80,IF(AND(D8='01_BDD'!$B$81,D9='01_BDD'!$G$81),'01_BDD'!$F$81,IF(AND(D8='01_BDD'!$B$82,D9='01_BDD'!$G$82),'01_BDD'!$F$82,IF(AND(D8='01_BDD'!$B$83,D9='01_BDD'!$G$83),'01_BDD'!$F$83,IF(AND(D8='01_BDD'!$B$84,D9='01_BDD'!$G$84),'01_BDD'!$F$84,IF(AND(D8='01_BDD'!$B$85,D9='01_BDD'!$G$85),'01_BDD'!$F$85,IF(AND(D8='01_BDD'!$B$86,D9='01_BDD'!$G$86),'01_BDD'!$F$86,IF(AND(D8='01_BDD'!$B$87,D9='01_BDD'!$G$87),'01_BDD'!$F$87,IF(AND(D8='01_BDD'!$B$88,D9='01_BDD'!$G$88),'01_BDD'!$F$88,IF(AND(D8='01_BDD'!$B$89,D9='01_BDD'!$G$89),'01_BDD'!$F$89,IF(AND(D8='01_BDD'!$B$90,D9='01_BDD'!$G$90),'01_BDD'!$F$90," ")))))))))))))))))))))))))))))))))))))))))))))))))))))))))))))))) -> 0 | E20: =IF(AND(E8='01_BDD'!$B$27,E9='01_BDD'!$G$27),'01_BDD'!$F$27,IF(AND(E8='01_BDD'!$B$28,E9='01_BDD'!$G$28),'01_BDD'!$F$28,IF(AND(E8='01_BDD'!$B$29,E9='01_BDD'!$G$29),'01_BDD'!$F$29,IF(AND(E8='01_BDD'!$B$30,E9='01_BDD'!$G$30),'01_BDD'!$F$30,IF(AND(E8='01_BDD'!$B$31,E9='01_BDD'!$G$31),'01_BDD'!$F$31,IF(AND(E8='01_BDD'!$B$32,E9='01_BDD'!$G$32),'01_BDD'!$F$32,IF(AND(E8='01_BDD'!$B$33,E9='01_BDD'!$G$33),'01_BDD'!$F$33,IF(AND(E8='01_BDD'!$B$34,E9='01_BDD'!$G$34),'01_BDD'!$F$34,IF(AND(E8='01_BDD'!$B$35,E9='01_BDD'!$G$35),'01_BDD'!$F$35,IF(AND(E8='01_BDD'!$B$36,E9='01_BDD'!$G$36),'01_BDD'!$F$36,IF(AND(E8='01_BDD'!$B$37,E9='01_BDD'!$G$37),'01_BDD'!$F$37,IF(AND(E8='01_BDD'!$B$38,E9='01_BDD'!$G$38),'01_BDD'!$F$38,IF(AND(E8='01_BDD'!$B$39,E9='01_BDD'!$G$39),'01_BDD'!$F$39,IF(AND(E8='01_BDD'!$B$40,E9='01_BDD'!$G$40),'01_BDD'!$F$40,IF(AND(E8='01_BDD'!$B$41,E9='01_BDD'!$G$41),'01_BDD'!$F$41,IF(AND(E8='01_BDD'!$B$42,E9='01_BDD'!$G$42),'01_BDD'!$F$42,IF(AND(E8='01_BDD'!$B$43,E9='01_BDD'!$G$43),'01_BDD'!$F$43,IF(AND(E8='01_BDD'!$B$44,E9='01_BDD'!$G$44),'01_BDD'!$F$44,IF(AND(E8='01_BDD'!$B$45,E9='01_BDD'!$G$45),'01_BDD'!$F$45,IF(AND(E8='01_BDD'!$B$46,E9='01_BDD'!$G$46),'01_BDD'!$F$46,IF(AND(E8='01_BDD'!$B$47,E9='01_BDD'!$G$47),'01_BDD'!$F$47,IF(AND(E8='01_BDD'!$B$48,E9='01_BDD'!$G$48),'01_BDD'!$F$48,IF(AND(E8='01_BDD'!$B$49,E9='01_BDD'!$G$49),'01_BDD'!$F$49,IF(AND(E8='01_BDD'!$B$50,E9='01_BDD'!$G$50),'01_BDD'!$F$50,IF(AND(E8='01_BDD'!$B$51,E9='01_BDD'!$G$51),'01_BDD'!$F$51,IF(AND(E8='01_BDD'!$B$52,E9='01_BDD'!$G$52),'01_BDD'!$F$52,IF(AND(E8='01_BDD'!$B$53,E9='01_BDD'!$G$53),'01_BDD'!$F$53,IF(AND(E8='01_BDD'!$B$54,E9='01_BDD'!$G$54),'01_BDD'!$F$54,IF(AND(E8='01_BDD'!$B$55,E9='01_BDD'!$G$55),'01_BDD'!$F$55,IF(AND(E8='01_BDD'!$B$56,E9='01_BDD'!$G$56),'01_BDD'!$F$56,IF(AND(E8='01_BDD'!$B$57,E9='01_BDD'!$G$57),'01_BDD'!$F$57,IF(AND(E8='01_BDD'!$B$58,E9='01_BDD'!$G$58),'01_BDD'!$F$58,IF(AND(E8='01_BDD'!$B$59,E9='01_BDD'!$G$59),'01_BDD'!$F$59,IF(AND(E8='01_BDD'!$B$60,E9='01_BDD'!$G$60),'01_BDD'!$F$60,IF(AND(E8='01_BDD'!$B$61,E9='01_BDD'!$G$61),'01_BDD'!$F$61,IF(AND(E8='01_BDD'!$B$62,E9='01_BDD'!$G$62),'01_BDD'!$F$62,IF(AND(E8='01_BDD'!$B$63,E9='01_BDD'!$G$63),'01_BDD'!$F$63,IF(AND(E8='01_BDD'!$B$64,E9='01_BDD'!$G$64),'01_BDD'!$F$64,IF(AND(E8='01_BDD'!$B$65,E9='01_BDD'!$G$65),'01_BDD'!$F$65,IF(AND(E8='01_BDD'!$B$66,E9='01_BDD'!$G$66),'01_BDD'!$F$66,IF(AND(E8='01_BDD'!$B$67,E9='01_BDD'!$G$67),'01_BDD'!$F$67,IF(AND(E8='01_BDD'!$B$68,E9='01_BDD'!$G$68),'01_BDD'!$F$68,IF(AND(E8='01_BDD'!$B$69,E9='01_BDD'!$G$69),'01_BDD'!$F$69,IF(AND(E8='01_BDD'!$B$70,E9='01_BDD'!$G$70),'01_BDD'!$F$70,IF(AND(E8='01_BDD'!$B$71,E9='01_BDD'!$G$71),'01_BDD'!$F$71,IF(AND(E8='01_BDD'!$B$72,E9='01_BDD'!$G$72),'01_BDD'!$F$72,IF(AND(E8='01_BDD'!$B$73,E9='01_BDD'!$G$73),'01_BDD'!$F$73,IF(AND(E8='01_BDD'!$B$74,E9='01_BDD'!$G$74),'01_BDD'!$F$74,IF(AND(E8='01_BDD'!$B$75,E9='01_BDD'!$G$75),'01_BDD'!$F$75,IF(AND(E8='01_BDD'!$B$76,E9='01_BDD'!$G$76),'01_BDD'!$F$76,IF(AND(E8='01_BDD'!$B$77,E9='01_BDD'!$G$77),'01_BDD'!$F$77,IF(AND(E8='01_BDD'!$B$78,E9='01_BDD'!$G$78),'01_BDD'!$F$78,IF(AND(E8='01_BDD'!$B$79,E9='01_BDD'!$G$79),'01_BDD'!$F$79,IF(AND(E8='01_BDD'!$B$80,E9='01_BDD'!$G$80),'01_BDD'!$F$80,IF(AND(E8='01_BDD'!$B$81,E9='01_BDD'!$G$81),'01_BDD'!$F$81,IF(AND(E8='01_BDD'!$B$82,E9='01_BDD'!$G$82),'01_BDD'!$F$82,IF(AND(E8='01_BDD'!$B$83,E9='01_BDD'!$G$83),'01_BDD'!$F$83,IF(AND(E8='01_BDD'!$B$84,E9='01_BDD'!$G$84),'01_BDD'!$F$84,IF(AND(E8='01_BDD'!$B$85,E9='01_BDD'!$G$85),'01_BDD'!$F$85,IF(AND(E8='01_BDD'!$B$86,E9='01_BDD'!$G$86),'01_BDD'!$F$86,IF(AND(E8='01_BDD'!$B$87,E9='01_BDD'!$G$87),'01_BDD'!$F$87,IF(AND(E8='01_BDD'!$B$88,E9='01_BDD'!$G$88),'01_BDD'!$F$88,IF(AND(E8='01_BDD'!$B$89,E9='01_BDD'!$G$89),'01_BDD'!$F$89,IF(AND(E8='01_BDD'!$B$90,E9='01_BDD'!$G$90),'01_BDD'!$F$90," ")))))))))))))))))))))))))))))))))))))))))))))))))))))))))))))))) -> 0 | F20: =IF(AND(F8='01_BDD'!$B$27,F9='01_BDD'!$G$27),'01_BDD'!$F$27,IF(AND(F8='01_BDD'!$B$28,F9='01_BDD'!$G$28),'01_BDD'!$F$28,IF(AND(F8='01_BDD'!$B$29,F9='01_BDD'!$G$29),'01_BDD'!$F$29,IF(AND(F8='01_BDD'!$B$30,F9='01_BDD'!$G$30),'01_BDD'!$F$30,IF(AND(F8='01_BDD'!$B$31,F9='01_BDD'!$G$31),'01_BDD'!$F$31,IF(AND(F8='01_BDD'!$B$32,F9='01_BDD'!$G$32),'01_BDD'!$F$32,IF(AND(F8='01_BDD'!$B$33,F9='01_BDD'!$G$33),'01_BDD'!$F$33,IF(AND(F8='01_BDD'!$B$34,F9='01_BDD'!$G$34),'01_BDD'!$F$34,IF(AND(F8='01_BDD'!$B$35,F9='01_BDD'!$G$35),'01_BDD'!$F$35,IF(AND(F8='01_BDD'!$B$36,F9='01_BDD'!$G$36),'01_BDD'!$F$36,IF(AND(F8='01_BDD'!$B$37,F9='01_BDD'!$G$37),'01_BDD'!$F$37,IF(AND(F8='01_BDD'!$B$38,F9='01_BDD'!$G$38),'01_BDD'!$F$38,IF(AND(F8='01_BDD'!$B$39,F9='01_BDD'!$G$39),'01_BDD'!$F$39,IF(AND(F8='01_BDD'!$B$40,F9='01_BDD'!$G$40),'01_BDD'!$F$40,IF(AND(F8='01_BDD'!$B$41,F9='01_BDD'!$G$41),'01_BDD'!$F$41,IF(AND(F8='01_BDD'!$B$42,F9='01_BDD'!$G$42),'01_BDD'!$F$42,IF(AND(F8='01_BDD'!$B$43,F9='01_BDD'!$G$43),'01_BDD'!$F$43,IF(AND(F8='01_BDD'!$B$44,F9='01_BDD'!$G$44),'01_BDD'!$F$44,IF(AND(F8='01_BDD'!$B$45,F9='01_BDD'!$G$45),'01_BDD'!$F$45,IF(AND(F8='01_BDD'!$B$46,F9='01_BDD'!$G$46),'01_BDD'!$F$46,IF(AND(F8='01_BDD'!$B$47,F9='01_BDD'!$G$47),'01_BDD'!$F$47,IF(AND(F8='01_BDD'!$B$48,F9='01_BDD'!$G$48),'01_BDD'!$F$48,IF(AND(F8='01_BDD'!$B$49,F9='01_BDD'!$G$49),'01_BDD'!$F$49,IF(AND(F8='01_BDD'!$B$50,F9='01_BDD'!$G$50),'01_BDD'!$F$50,IF(AND(F8='01_BDD'!$B$51,F9='01_BDD'!$G$51),'01_BDD'!$F$51,IF(AND(F8='01_BDD'!$B$52,F9='01_BDD'!$G$52),'01_BDD'!$F$52,IF(AND(F8='01_BDD'!$B$53,F9='01_BDD'!$G$53),'01_BDD'!$F$53,IF(AND(F8='01_BDD'!$B$54,F9='01_BDD'!$G$54),'01_BDD'!$F$54,IF(AND(F8='01_BDD'!$B$55,F9='01_BDD'!$G$55),'01_BDD'!$F$55,IF(AND(F8='01_BDD'!$B$56,F9='01_BDD'!$G$56),'01_BDD'!$F$56,IF(AND(F8='01_BDD'!$B$57,F9='01_BDD'!$G$57),'01_BDD'!$F$57,IF(AND(F8='01_BDD'!$B$58,F9='01_BDD'!$G$58),'01_BDD'!$F$58,IF(AND(F8='01_BDD'!$B$59,F9='01_BDD'!$G$59),'01_BDD'!$F$59,IF(AND(F8='01_BDD'!$B$60,F9='01_BDD'!$G$60),'01_BDD'!$F$60,IF(AND(F8='01_BDD'!$B$61,F9='01_BDD'!$G$61),'01_BDD'!$F$61,IF(AND(F8='01_BDD'!$B$62,F9='01_BDD'!$G$62),'01_BDD'!$F$62,IF(AND(F8='01_BDD'!$B$63,F9='01_BDD'!$G$63),'01_BDD'!$F$63,IF(AND(F8='01_BDD'!$B$64,F9='01_BDD'!$G$64),'01_BDD'!$F$64,IF(AND(F8='01_BDD'!$B$65,F9='01_BDD'!$G$65),'01_BDD'!$F$65,IF(AND(F8='01_BDD'!$B$66,F9='01_BDD'!$G$66),'01_BDD'!$F$66,IF(AND(F8='01_BDD'!$B$67,F9='01_BDD'!$G$67),'01_BDD'!$F$67,IF(AND(F8='01_BDD'!$B$68,F9='01_BDD'!$G$68),'01_BDD'!$F$68,IF(AND(F8='01_BDD'!$B$69,F9='01_BDD'!$G$69),'01_BDD'!$F$69,IF(AND(F8='01_BDD'!$B$70,F9='01_BDD'!$G$70),'01_BDD'!$F$70,IF(AND(F8='01_BDD'!$B$71,F9='01_BDD'!$G$71),'01_BDD'!$F$71,IF(AND(F8='01_BDD'!$B$72,F9='01_BDD'!$G$72),'01_BDD'!$F$72,IF(AND(F8='01_BDD'!$B$73,F9='01_BDD'!$G$73),'01_BDD'!$F$73,IF(AND(F8='01_BDD'!$B$74,F9='01_BDD'!$G$74),'01_BDD'!$F$74,IF(AND(F8='01_BDD'!$B$75,F9='01_BDD'!$G$75),'01_BDD'!$F$75,IF(AND(F8='01_BDD'!$B$76,F9='01_BDD'!$G$76),'01_BDD'!$F$76,IF(AND(F8='01_BDD'!$B$77,F9='01_BDD'!$G$77),'01_BDD'!$F$77,IF(AND(F8='01_BDD'!$B$78,F9='01_BDD'!$G$78),'01_BDD'!$F$78,IF(AND(F8='01_BDD'!$B$79,F9='01_BDD'!$G$79),'01_BDD'!$F$79,IF(AND(F8='01_BDD'!$B$80,F9='01_BDD'!$G$80),'01_BDD'!$F$80,IF(AND(F8='01_BDD'!$B$81,F9='01_BDD'!$G$81),'01_BDD'!$F$81,IF(AND(F8='01_BDD'!$B$82,F9='01_BDD'!$G$82),'01_BDD'!$F$82,IF(AND(F8='01_BDD'!$B$83,F9='01_BDD'!$G$83),'01_BDD'!$F$83,IF(AND(F8='01_BDD'!$B$84,F9='01_BDD'!$G$84),'01_BDD'!$F$84,IF(AND(F8='01_BDD'!$B$85,F9='01_BDD'!$G$85),'01_BDD'!$F$85,IF(AND(F8='01_BDD'!$B$86,F9='01_BDD'!$G$86),'01_BDD'!$F$86,IF(AND(F8='01_BDD'!$B$87,F9='01_BDD'!$G$87),'01_BDD'!$F$87,IF(AND(F8='01_BDD'!$B$88,F9='01_BDD'!$G$88),'01_BDD'!$F$88,IF(AND(F8='01_BDD'!$B$89,F9='01_BDD'!$G$89),'01_BDD'!$F$89,IF(AND(F8='01_BDD'!$B$90,F9='01_BDD'!$G$90),'01_BDD'!$F$90," ")))))))))))))))))))))))))))))))))))))))))))))))))))))))))))))))) -> 0 | G20: =IF(AND(G8='01_BDD'!$B$27,G9='01_BDD'!$G$27),'01_BDD'!$F$27,IF(AND(G8='01_BDD'!$B$28,G9='01_BDD'!$G$28),'01_BDD'!$F$28,IF(AND(G8='01_BDD'!$B$29,G9='01_BDD'!$G$29),'01_BDD'!$F$29,IF(AND(G8='01_BDD'!$B$30,G9='01_BDD'!$G$30),'01_BDD'!$F$30,IF(AND(G8='01_BDD'!$B$31,G9='01_BDD'!$G$31),'01_BDD'!$F$31,IF(AND(G8='01_BDD'!$B$32,G9='01_BDD'!$G$32),'01_BDD'!$F$32,IF(AND(G8='01_BDD'!$B$33,G9='01_BDD'!$G$33),'01_BDD'!$F$33,IF(AND(G8='01_BDD'!$B$34,G9='01_BDD'!$G$34),'01_BDD'!$F$34,IF(AND(G8='01_BDD'!$B$35,G9='01_BDD'!$G$35),'01_BDD'!$F$35,IF(AND(G8='01_BDD'!$B$36,G9='01_BDD'!$G$36),'01_BDD'!$F$36,IF(AND(G8='01_BDD'!$B$37,G9='01_BDD'!$G$37),'01_BDD'!$F$37,IF(AND(G8='01_BDD'!$B$38,G9='01_BDD'!$G$38),'01_BDD'!$F$38,IF(AND(G8='01_BDD'!$B$39,G9='01_BDD'!$G$39),'01_BDD'!$F$39,IF(AND(G8='01_BDD'!$B$40,G9='01_BDD'!$G$40),'01_BDD'!$F$40,IF(AND(G8='01_BDD'!$B$41,G9='01_BDD'!$G$41),'01_BDD'!$F$41,IF(AND(G8='01_BDD'!$B$42,G9='01_BDD'!$G$42),'01_BDD'!$F$42,IF(AND(G8='01_BDD'!$B$43,G9='01_BDD'!$G$43),'01_BDD'!$F$43,IF(AND(G8='01_BDD'!$B$44,G9='01_BDD'!$G$44),'01_BDD'!$F$44,IF(AND(G8='01_BDD'!$B$45,G9='01_BDD'!$G$45),'01_BDD'!$F$45,IF(AND(G8='01_BDD'!$B$46,G9='01_BDD'!$G$46),'01_BDD'!$F$46,IF(AND(G8='01_BDD'!$B$47,G9='01_BDD'!$G$47),'01_BDD'!$F$47,IF(AND(G8='01_BDD'!$B$48,G9='01_BDD'!$G$48),'01_BDD'!$F$48,IF(AND(G8='01_BDD'!$B$49,G9='01_BDD'!$G$49),'01_BDD'!$F$49,IF(AND(G8='01_BDD'!$B$50,G9='01_BDD'!$G$50),'01_BDD'!$F$50,IF(AND(G8='01_BDD'!$B$51,G9='01_BDD'!$G$51),'01_BDD'!$F$51,IF(AND(G8='01_BDD'!$B$52,G9='01_BDD'!$G$52),'01_BDD'!$F$52,IF(AND(G8='01_BDD'!$B$53,G9='01_BDD'!$G$53),'01_BDD'!$F$53,IF(AND(G8='01_BDD'!$B$54,G9='01_BDD'!$G$54),'01_BDD'!$F$54,IF(AND(G8='01_BDD'!$B$55,G9='01_BDD'!$G$55),'01_BDD'!$F$55,IF(AND(G8='01_BDD'!$B$56,G9='01_BDD'!$G$56),'01_BDD'!$F$56,IF(AND(G8='01_BDD'!$B$57,G9='01_BDD'!$G$57),'01_BDD'!$F$57,IF(AND(G8='01_BDD'!$B$58,G9='01_BDD'!$G$58),'01_BDD'!$F$58,IF(AND(G8='01_BDD'!$B$59,G9='01_BDD'!$G$59),'01_BDD'!$F$59,IF(AND(G8='01_BDD'!$B$60,G9='01_BDD'!$G$60),'01_BDD'!$F$60,IF(AND(G8='01_BDD'!$B$61,G9='01_BDD'!$G$61),'01_BDD'!$F$61,IF(AND(G8='01_BDD'!$B$62,G9='01_BDD'!$G$62),'01_BDD'!$F$62,IF(AND(G8='01_BDD'!$B$63,G9='01_BDD'!$G$63),'01_BDD'!$F$63,IF(AND(G8='01_BDD'!$B$64,G9='01_BDD'!$G$64),'01_BDD'!$F$64,IF(AND(G8='01_BDD'!$B$65,G9='01_BDD'!$G$65),'01_BDD'!$F$65,IF(AND(G8='01_BDD'!$B$66,G9='01_BDD'!$G$66),'01_BDD'!$F$66,IF(AND(G8='01_BDD'!$B$67,G9='01_BDD'!$G$67),'01_BDD'!$F$67,IF(AND(G8='01_BDD'!$B$68,G9='01_BDD'!$G$68),'01_BDD'!$F$68,IF(AND(G8='01_BDD'!$B$69,G9='01_BDD'!$G$69),'01_BDD'!$F$69,IF(AND(G8='01_BDD'!$B$70,G9='01_BDD'!$G$70),'01_BDD'!$F$70,IF(AND(G8='01_BDD'!$B$71,G9='01_BDD'!$G$71),'01_BDD'!$F$71,IF(AND(G8='01_BDD'!$B$72,G9='01_BDD'!$G$72),'01_BDD'!$F$72,IF(AND(G8='01_BDD'!$B$73,G9='01_BDD'!$G$73),'01_BDD'!$F$73,IF(AND(G8='01_BDD'!$B$74,G9='01_BDD'!$G$74),'01_BDD'!$F$74,IF(AND(G8='01_BDD'!$B$75,G9='01_BDD'!$G$75),'01_BDD'!$F$75,IF(AND(G8='01_BDD'!$B$76,G9='01_BDD'!$G$76),'01_BDD'!$F$76,IF(AND(G8='01_BDD'!$B$77,G9='01_BDD'!$G$77),'01_BDD'!$F$77,IF(AND(G8='01_BDD'!$B$78,G9='01_BDD'!$G$78),'01_BDD'!$F$78,IF(AND(G8='01_BDD'!$B$79,G9='01_BDD'!$G$79),'01_BDD'!$F$79,IF(AND(G8='01_BDD'!$B$80,G9='01_BDD'!$G$80),'01_BDD'!$F$80,IF(AND(G8='01_BDD'!$B$81,G9='01_BDD'!$G$81),'01_BDD'!$F$81,IF(AND(G8='01_BDD'!$B$82,G9='01_BDD'!$G$82),'01_BDD'!$F$82,IF(AND(G8='01_BDD'!$B$83,G9='01_BDD'!$G$83),'01_BDD'!$F$83,IF(AND(G8='01_BDD'!$B$84,G9='01_BDD'!$G$84),'01_BDD'!$F$84,IF(AND(G8='01_BDD'!$B$85,G9='01_BDD'!$G$85),'01_BDD'!$F$85,IF(AND(G8='01_BDD'!$B$86,G9='01_BDD'!$G$86),'01_BDD'!$F$86,IF(AND(G8='01_BDD'!$B$87,G9='01_BDD'!$G$87),'01_BDD'!$F$87,IF(AND(G8='01_BDD'!$B$88,G9='01_BDD'!$G$88),'01_BDD'!$F$88,IF(AND(G8='01_BDD'!$B$89,G9='01_BDD'!$G$89),'01_BDD'!$F$89,IF(AND(G8='01_BDD'!$B$90,G9='01_BDD'!$G$90),'01_BDD'!$F$90," ")))))))))))))))))))))))))))))))))))))))))))))))))))))))))))))))) -> 0 | H20: =IF(AND(H8='01_BDD'!$B$27,H9='01_BDD'!$G$27),'01_BDD'!$F$27,IF(AND(H8='01_BDD'!$B$28,H9='01_BDD'!$G$28),'01_BDD'!$F$28,IF(AND(H8='01_BDD'!$B$29,H9='01_BDD'!$G$29),'01_BDD'!$F$29,IF(AND(H8='01_BDD'!$B$30,H9='01_BDD'!$G$30),'01_BDD'!$F$30,IF(AND(H8='01_BDD'!$B$31,H9='01_BDD'!$G$31),'01_BDD'!$F$31,IF(AND(H8='01_BDD'!$B$32,H9='01_BDD'!$G$32),'01_BDD'!$F$32,IF(AND(H8='01_BDD'!$B$33,H9='01_BDD'!$G$33),'01_BDD'!$F$33,IF(AND(H8='01_BDD'!$B$34,H9='01_BDD'!$G$34),'01_BDD'!$F$34,IF(AND(H8='01_BDD'!$B$35,H9='01_BDD'!$G$35),'01_BDD'!$F$35,IF(AND(H8='01_BDD'!$B$36,H9='01_BDD'!$G$36),'01_BDD'!$F$36,IF(AND(H8='01_BDD'!$B$37,H9='01_BDD'!$G$37),'01_BDD'!$F$37,IF(AND(H8='01_BDD'!$B$38,H9='01_BDD'!$G$38),'01_BDD'!$F$38,IF(AND(H8='01_BDD'!$B$39,H9='01_BDD'!$G$39),'01_BDD'!$F$39,IF(AND(H8='01_BDD'!$B$40,H9='01_BDD'!$G$40),'01_BDD'!$F$40,IF(AND(H8='01_BDD'!$B$41,H9='01_BDD'!$G$41),'01_BDD'!$F$41,IF(AND(H8='01_BDD'!$B$42,H9='01_BDD'!$G$42),'01_BDD'!$F$42,IF(AND(H8='01_BDD'!$B$43,H9='01_BDD'!$G$43),'01_BDD'!$F$43,IF(AND(H8='01_BDD'!$B$44,H9='01_BDD'!$G$44),'01_BDD'!$F$44,IF(AND(H8='01_BDD'!$B$45,H9='01_BDD'!$G$45),'01_BDD'!$F$45,IF(AND(H8='01_BDD'!$B$46,H9='01_BDD'!$G$46),'01_BDD'!$F$46,IF(AND(H8='01_BDD'!$B$47,H9='01_BDD'!$G$47),'01_BDD'!$F$47,IF(AND(H8='01_BDD'!$B$48,H9='01_BDD'!$G$48),'01_BDD'!$F$48,IF(AND(H8='01_BDD'!$B$49,H9='01_BDD'!$G$49),'01_BDD'!$F$49,IF(AND(H8='01_BDD'!$B$50,H9='01_BDD'!$G$50),'01_BDD'!$F$50,IF(AND(H8='01_BDD'!$B$51,H9='01_BDD'!$G$51),'01_BDD'!$F$51,IF(AND(H8='01_BDD'!$B$52,H9='01_BDD'!$G$52),'01_BDD'!$F$52,IF(AND(H8='01_BDD'!$B$53,H9='01_BDD'!$G$53),'01_BDD'!$F$53,IF(AND(H8='01_BDD'!$B$54,H9='01_BDD'!$G$54),'01_BDD'!$F$54,IF(AND(H8='01_BDD'!$B$55,H9='01_BDD'!$G$55),'01_BDD'!$F$55,IF(AND(H8='01_BDD'!$B$56,H9='01_BDD'!$G$56),'01_BDD'!$F$56,IF(AND(H8='01_BDD'!$B$57,H9='01_BDD'!$G$57),'01_BDD'!$F$57,IF(AND(H8='01_BDD'!$B$58,H9='01_BDD'!$G$58),'01_BDD'!$F$58,IF(AND(H8='01_BDD'!$B$59,H9='01_BDD'!$G$59),'01_BDD'!$F$59,IF(AND(H8='01_BDD'!$B$60,H9='01_BDD'!$G$60),'01_BDD'!$F$60,IF(AND(H8='01_BDD'!$B$61,H9='01_BDD'!$G$61),'01_BDD'!$F$61,IF(AND(H8='01_BDD'!$B$62,H9='01_BDD'!$G$62),'01_BDD'!$F$62,IF(AND(H8='01_BDD'!$B$63,H9='01_BDD'!$G$63),'01_BDD'!$F$63,IF(AND(H8='01_BDD'!$B$64,H9='01_BDD'!$G$64),'01_BDD'!$F$64,IF(AND(H8='01_BDD'!$B$65,H9='01_BDD'!$G$65),'01_BDD'!$F$65,IF(AND(H8='01_BDD'!$B$66,H9='01_BDD'!$G$66),'01_BDD'!$F$66,IF(AND(H8='01_BDD'!$B$67,H9='01_BDD'!$G$67),'01_BDD'!$F$67,IF(AND(H8='01_BDD'!$B$68,H9='01_BDD'!$G$68),'01_BDD'!$F$68,IF(AND(H8='01_BDD'!$B$69,H9='01_BDD'!$G$69),'01_BDD'!$F$69,IF(AND(H8='01_BDD'!$B$70,H9='01_BDD'!$G$70),'01_BDD'!$F$70,IF(AND(H8='01_BDD'!$B$71,H9='01_BDD'!$G$71),'01_BDD'!$F$71,IF(AND(H8='01_BDD'!$B$72,H9='01_BDD'!$G$72),'01_BDD'!$F$72,IF(AND(H8='01_BDD'!$B$73,H9='01_BDD'!$G$73),'01_BDD'!$F$73,IF(AND(H8='01_BDD'!$B$74,H9='01_BDD'!$G$74),'01_BDD'!$F$74,IF(AND(H8='01_BDD'!$B$75,H9='01_BDD'!$G$75),'01_BDD'!$F$75,IF(AND(H8='01_BDD'!$B$76,H9='01_BDD'!$G$76),'01_BDD'!$F$76,IF(AND(H8='01_BDD'!$B$77,H9='01_BDD'!$G$77),'01_BDD'!$F$77,IF(AND(H8='01_BDD'!$B$78,H9='01_BDD'!$G$78),'01_BDD'!$F$78,IF(AND(H8='01_BDD'!$B$79,H9='01_BDD'!$G$79),'01_BDD'!$F$79,IF(AND(H8='01_BDD'!$B$80,H9='01_BDD'!$G$80),'01_BDD'!$F$80,IF(AND(H8='01_BDD'!$B$81,H9='01_BDD'!$G$81),'01_BDD'!$F$81,IF(AND(H8='01_BDD'!$B$82,H9='01_BDD'!$G$82),'01_BDD'!$F$82,IF(AND(H8='01_BDD'!$B$83,H9='01_BDD'!$G$83),'01_BDD'!$F$83,IF(AND(H8='01_BDD'!$B$84,H9='01_BDD'!$G$84),'01_BDD'!$F$84,IF(AND(H8='01_BDD'!$B$85,H9='01_BDD'!$G$85),'01_BDD'!$F$85,IF(AND(H8='01_BDD'!$B$86,H9='01_BDD'!$G$86),'01_BDD'!$F$86,IF(AND(H8='01_BDD'!$B$87,H9='01_BDD'!$G$87),'01_BDD'!$F$87,IF(AND(H8='01_BDD'!$B$88,H9='01_BDD'!$G$88),'01_BDD'!$F$88,IF(AND(H8='01_BDD'!$B$89,H9='01_BDD'!$G$89),'01_BDD'!$F$89,IF(AND(H8='01_BDD'!$B$90,H9='01_BDD'!$G$90),'01_BDD'!$F$90," ")))))))))))))))))))))))))))))))))))))))))))))))))))))))))))))))) -> 0 | I20: =IF(AND(I8='01_BDD'!$B$27,I9='01_BDD'!$G$27),'01_BDD'!$F$27,IF(AND(I8='01_BDD'!$B$28,I9='01_BDD'!$G$28),'01_BDD'!$F$28,IF(AND(I8='01_BDD'!$B$29,I9='01_BDD'!$G$29),'01_BDD'!$F$29,IF(AND(I8='01_BDD'!$B$30,I9='01_BDD'!$G$30),'01_BDD'!$F$30,IF(AND(I8='01_BDD'!$B$31,I9='01_BDD'!$G$31),'01_BDD'!$F$31,IF(AND(I8='01_BDD'!$B$32,I9='01_BDD'!$G$32),'01_BDD'!$F$32,IF(AND(I8='01_BDD'!$B$33,I9='01_BDD'!$G$33),'01_BDD'!$F$33,IF(AND(I8='01_BDD'!$B$34,I9='01_BDD'!$G$34),'01_BDD'!$F$34,IF(AND(I8='01_BDD'!$B$35,I9='01_BDD'!$G$35),'01_BDD'!$F$35,IF(AND(I8='01_BDD'!$B$36,I9='01_BDD'!$G$36),'01_BDD'!$F$36,IF(AND(I8='01_BDD'!$B$37,I9='01_BDD'!$G$37),'01_BDD'!$F$37,IF(AND(I8='01_BDD'!$B$38,I9='01_BDD'!$G$38),'01_BDD'!$F$38,IF(AND(I8='01_BDD'!$B$39,I9='01_BDD'!$G$39),'01_BDD'!$F$39,IF(AND(I8='01_BDD'!$B$40,I9='01_BDD'!$G$40),'01_BDD'!$F$40,IF(AND(I8='01_BDD'!$B$41,I9='01_BDD'!$G$41),'01_BDD'!$F$41,IF(AND(I8='01_BDD'!$B$42,I9='01_BDD'!$G$42),'01_BDD'!$F$42,IF(AND(I8='01_BDD'!$B$43,I9='01_BDD'!$G$43),'01_BDD'!$F$43,IF(AND(I8='01_BDD'!$B$44,I9='01_BDD'!$G$44),'01_BDD'!$F$44,IF(AND(I8='01_BDD'!$B$45,I9='01_BDD'!$G$45),'01_BDD'!$F$45,IF(AND(I8='01_BDD'!$B$46,I9='01_BDD'!$G$46),'01_BDD'!$F$46,IF(AND(I8='01_BDD'!$B$47,I9='01_BDD'!$G$47),'01_BDD'!$F$47,IF(AND(I8='01_BDD'!$B$48,I9='01_BDD'!$G$48),'01_BDD'!$F$48,IF(AND(I8='01_BDD'!$B$49,I9='01_BDD'!$G$49),'01_BDD'!$F$49,IF(AND(I8='01_BDD'!$B$50,I9='01_BDD'!$G$50),'01_BDD'!$F$50,IF(AND(I8='01_BDD'!$B$51,I9='01_BDD'!$G$51),'01_BDD'!$F$51,IF(AND(I8='01_BDD'!$B$52,I9='01_BDD'!$G$52),'01_BDD'!$F$52,IF(AND(I8='01_BDD'!$B$53,I9='01_BDD'!$G$53),'01_BDD'!$F$53,IF(AND(I8='01_BDD'!$B$54,I9='01_BDD'!$G$54),'01_BDD'!$F$54,IF(AND(I8='01_BDD'!$B$55,I9='01_BDD'!$G$55),'01_BDD'!$F$55,IF(AND(I8='01_BDD'!$B$56,I9='01_BDD'!$G$56),'01_BDD'!$F$56,IF(AND(I8='01_BDD'!$B$57,I9='01_BDD'!$G$57),'01_BDD'!$F$57,IF(AND(I8='01_BDD'!$B$58,I9='01_BDD'!$G$58),'01_BDD'!$F$58,IF(AND(I8='01_BDD'!$B$59,I9='01_BDD'!$G$59),'01_BDD'!$F$59,IF(AND(I8='01_BDD'!$B$60,I9='01_BDD'!$G$60),'01_BDD'!$F$60,IF(AND(I8='01_BDD'!$B$61,I9='01_BDD'!$G$61),'01_BDD'!$F$61,IF(AND(I8='01_BDD'!$B$62,I9='01_BDD'!$G$62),'01_BDD'!$F$62,IF(AND(I8='01_BDD'!$B$63,I9='01_BDD'!$G$63),'01_BDD'!$F$63,IF(AND(I8='01_BDD'!$B$64,I9='01_BDD'!$G$64),'01_BDD'!$F$64,IF(AND(I8='01_BDD'!$B$65,I9='01_BDD'!$G$65),'01_BDD'!$F$65,IF(AND(I8='01_BDD'!$B$66,I9='01_BDD'!$G$66),'01_BDD'!$F$66,IF(AND(I8='01_BDD'!$B$67,I9='01_BDD'!$G$67),'01_BDD'!$F$67,IF(AND(I8='01_BDD'!$B$68,I9='01_BDD'!$G$68),'01_BDD'!$F$68,IF(AND(I8='01_BDD'!$B$69,I9='01_BDD'!$G$69),'01_BDD'!$F$69,IF(AND(I8='01_BDD'!$B$70,I9='01_BDD'!$G$70),'01_BDD'!$F$70,IF(AND(I8='01_BDD'!$B$71,I9='01_BDD'!$G$71),'01_BDD'!$F$71,IF(AND(I8='01_BDD'!$B$72,I9='01_BDD'!$G$72),'01_BDD'!$F$72,IF(AND(I8='01_BDD'!$B$73,I9='01_BDD'!$G$73),'01_BDD'!$F$73,IF(AND(I8='01_BDD'!$B$74,I9='01_BDD'!$G$74),'01_BDD'!$F$74,IF(AND(I8='01_BDD'!$B$75,I9='01_BDD'!$G$75),'01_BDD'!$F$75,IF(AND(I8='01_BDD'!$B$76,I9='01_BDD'!$G$76),'01_BDD'!$F$76,IF(AND(I8='01_BDD'!$B$77,I9='01_BDD'!$G$77),'01_BDD'!$F$77,IF(AND(I8='01_BDD'!$B$78,I9='01_BDD'!$G$78),'01_BDD'!$F$78,IF(AND(I8='01_BDD'!$B$79,I9='01_BDD'!$G$79),'01_BDD'!$F$79,IF(AND(I8='01_BDD'!$B$80,I9='01_BDD'!$G$80),'01_BDD'!$F$80,IF(AND(I8='01_BDD'!$B$81,I9='01_BDD'!$G$81),'01_BDD'!$F$81,IF(AND(I8='01_BDD'!$B$82,I9='01_BDD'!$G$82),'01_BDD'!$F$82,IF(AND(I8='01_BDD'!$B$83,I9='01_BDD'!$G$83),'01_BDD'!$F$83,IF(AND(I8='01_BDD'!$B$84,I9='01_BDD'!$G$84),'01_BDD'!$F$84,IF(AND(I8='01_BDD'!$B$85,I9='01_BDD'!$G$85),'01_BDD'!$F$85,IF(AND(I8='01_BDD'!$B$86,I9='01_BDD'!$G$86),'01_BDD'!$F$86,IF(AND(I8='01_BDD'!$B$87,I9='01_BDD'!$G$87),'01_BDD'!$F$87,IF(AND(I8='01_BDD'!$B$88,I9='01_BDD'!$G$88),'01_BDD'!$F$88,IF(AND(I8='01_BDD'!$B$89,I9='01_BDD'!$G$89),'01_BDD'!$F$89,IF(AND(I8='01_BDD'!$B$90,I9='01_BDD'!$G$90),'01_BDD'!$F$90," ")))))))))))))))))))))))))))))))))))))))))))))))))))))))))))))))) -> 0 | J20: =IF(AND(J8='01_BDD'!$B$27,J9='01_BDD'!$G$27),'01_BDD'!$F$27,IF(AND(J8='01_BDD'!$B$28,J9='01_BDD'!$G$28),'01_BDD'!$F$28,IF(AND(J8='01_BDD'!$B$29,J9='01_BDD'!$G$29),'01_BDD'!$F$29,IF(AND(J8='01_BDD'!$B$30,J9='01_BDD'!$G$30),'01_BDD'!$F$30,IF(AND(J8='01_BDD'!$B$31,J9='01_BDD'!$G$31),'01_BDD'!$F$31,IF(AND(J8='01_BDD'!$B$32,J9='01_BDD'!$G$32),'01_BDD'!$F$32,IF(AND(J8='01_BDD'!$B$33,J9='01_BDD'!$G$33),'01_BDD'!$F$33,IF(AND(J8='01_BDD'!$B$34,J9='01_BDD'!$G$34),'01_BDD'!$F$34,IF(AND(J8='01_BDD'!$B$35,J9='01_BDD'!$G$35),'01_BDD'!$F$35,IF(AND(J8='01_BDD'!$B$36,J9='01_BDD'!$G$36),'01_BDD'!$F$36,IF(AND(J8='01_BDD'!$B$37,J9='01_BDD'!$G$37),'01_BDD'!$F$37,IF(AND(J8='01_BDD'!$B$38,J9='01_BDD'!$G$38),'01_BDD'!$F$38,IF(AND(J8='01_BDD'!$B$39,J9='01_BDD'!$G$39),'01_BDD'!$F$39,IF(AND(J8='01_BDD'!$B$40,J9='01_BDD'!$G$40),'01_BDD'!$F$40,IF(AND(J8='01_BDD'!$B$41,J9='01_BDD'!$G$41),'01_BDD'!$F$41,IF(AND(J8='01_BDD'!$B$42,J9='01_BDD'!$G$42),'01_BDD'!$F$42,IF(AND(J8='01_BDD'!$B$43,J9='01_BDD'!$G$43),'01_BDD'!$F$43,IF(AND(J8='01_BDD'!$B$44,J9='01_BDD'!$G$44),'01_BDD'!$F$44,IF(AND(J8='01_BDD'!$B$45,J9='01_BDD'!$G$45),'01_BDD'!$F$45,IF(AND(J8='01_BDD'!$B$46,J9='01_BDD'!$G$46),'01_BDD'!$F$46,IF(AND(J8='01_BDD'!$B$47,J9='01_BDD'!$G$47),'01_BDD'!$F$47,IF(AND(J8='01_BDD'!$B$48,J9='01_BDD'!$G$48),'01_BDD'!$F$48,IF(AND(J8='01_BDD'!$B$49,J9='01_BDD'!$G$49),'01_BDD'!$F$49,IF(AND(J8='01_BDD'!$B$50,J9='01_BDD'!$G$50),'01_BDD'!$F$50,IF(AND(J8='01_BDD'!$B$51,J9='01_BDD'!$G$51),'01_BDD'!$F$51,IF(AND(J8='01_BDD'!$B$52,J9='01_BDD'!$G$52),'01_BDD'!$F$52,IF(AND(J8='01_BDD'!$B$53,J9='01_BDD'!$G$53),'01_BDD'!$F$53,IF(AND(J8='01_BDD'!$B$54,J9='01_BDD'!$G$54),'01_BDD'!$F$54,IF(AND(J8='01_BDD'!$B$55,J9='01_BDD'!$G$55),'01_BDD'!$F$55,IF(AND(J8='01_BDD'!$B$56,J9='01_BDD'!$G$56),'01_BDD'!$F$56,IF(AND(J8='01_BDD'!$B$57,J9='01_BDD'!$G$57),'01_BDD'!$F$57,IF(AND(J8='01_BDD'!$B$58,J9='01_BDD'!$G$58),'01_BDD'!$F$58,IF(AND(J8='01_BDD'!$B$59,J9='01_BDD'!$G$59),'01_BDD'!$F$59,IF(AND(J8='01_BDD'!$B$60,J9='01_BDD'!$G$60),'01_BDD'!$F$60,IF(AND(J8='01_BDD'!$B$61,J9='01_BDD'!$G$61),'01_BDD'!$F$61,IF(AND(J8='01_BDD'!$B$62,J9='01_BDD'!$G$62),'01_BDD'!$F$62,IF(AND(J8='01_BDD'!$B$63,J9='01_BDD'!$G$63),'01_BDD'!$F$63,IF(AND(J8='01_BDD'!$B$64,J9='01_BDD'!$G$64),'01_BDD'!$F$64,IF(AND(J8='01_BDD'!$B$65,J9='01_BDD'!$G$65),'01_BDD'!$F$65,IF(AND(J8='01_BDD'!$B$66,J9='01_BDD'!$G$66),'01_BDD'!$F$66,IF(AND(J8='01_BDD'!$B$67,J9='01_BDD'!$G$67),'01_BDD'!$F$67,IF(AND(J8='01_BDD'!$B$68,J9='01_BDD'!$G$68),'01_BDD'!$F$68,IF(AND(J8='01_BDD'!$B$69,J9='01_BDD'!$G$69),'01_BDD'!$F$69,IF(AND(J8='01_BDD'!$B$70,J9='01_BDD'!$G$70),'01_BDD'!$F$70,IF(AND(J8='01_BDD'!$B$71,J9='01_BDD'!$G$71),'01_BDD'!$F$71,IF(AND(J8='01_BDD'!$B$72,J9='01_BDD'!$G$72),'01_BDD'!$F$72,IF(AND(J8='01_BDD'!$B$73,J9='01_BDD'!$G$73),'01_BDD'!$F$73,IF(AND(J8='01_BDD'!$B$74,J9='01_BDD'!$G$74),'01_BDD'!$F$74,IF(AND(J8='01_BDD'!$B$75,J9='01_BDD'!$G$75),'01_BDD'!$F$75,IF(AND(J8='01_BDD'!$B$76,J9='01_BDD'!$G$76),'01_BDD'!$F$76,IF(AND(J8='01_BDD'!$B$77,J9='01_BDD'!$G$77),'01_BDD'!$F$77,IF(AND(J8='01_BDD'!$B$78,J9='01_BDD'!$G$78),'01_BDD'!$F$78,IF(AND(J8='01_BDD'!$B$79,J9='01_BDD'!$G$79),'01_BDD'!$F$79,IF(AND(J8='01_BDD'!$B$80,J9='01_BDD'!$G$80),'01_BDD'!$F$80,IF(AND(J8='01_BDD'!$B$81,J9='01_BDD'!$G$81),'01_BDD'!$F$81,IF(AND(J8='01_BDD'!$B$82,J9='01_BDD'!$G$82),'01_BDD'!$F$82,IF(AND(J8='01_BDD'!$B$83,J9='01_BDD'!$G$83),'01_BDD'!$F$83,IF(AND(J8='01_BDD'!$B$84,J9='01_BDD'!$G$84),'01_BDD'!$F$84,IF(AND(J8='01_BDD'!$B$85,J9='01_BDD'!$G$85),'01_BDD'!$F$85,IF(AND(J8='01_BDD'!$B$86,J9='01_BDD'!$G$86),'01_BDD'!$F$86,IF(AND(J8='01_BDD'!$B$87,J9='01_BDD'!$G$87),'01_BDD'!$F$87,IF(AND(J8='01_BDD'!$B$88,J9='01_BDD'!$G$88),'01_BDD'!$F$88,IF(AND(J8='01_BDD'!$B$89,J9='01_BDD'!$G$89),'01_BDD'!$F$89,IF(AND(J8='01_BDD'!$B$90,J9='01_BDD'!$G$90),'01_BDD'!$F$90," ")))))))))))))))))))))))))))))))))))))))))))))))))))))))))))))))) -> 0 | ... AO20: =IF(AND(AO8='01_BDD'!$B$27,AO9='01_BDD'!$G$27),'01_BDD'!$F$27,IF(AND(AO8='01_BDD'!$B$28,AO9='01_BDD'!$G$28),'01_BDD'!$F$28,IF(AND(AO8='01_BDD'!$B$29,AO9='01_BDD'!$G$29),'01_BDD'!$F$29,IF(AND(AO8='01_BDD'!$B$30,AO9='01_BDD'!$G$30),'01_BDD'!$F$30,IF(AND(AO8='01_BDD'!$B$31,AO9='01_BDD'!$G$31),'01_BDD'!$F$31,IF(AND(AO8='01_BDD'!$B$32,AO9='01_BDD'!$G$32),'01_BDD'!$F$32,IF(AND(AO8='01_BDD'!$B$33,AO9='01_BDD'!$G$33),'01_BDD'!$F$33,IF(AND(AO8='01_BDD'!$B$34,AO9='01_BDD'!$G$34),'01_BDD'!$F$34,IF(AND(AO8='01_BDD'!$B$35,AO9='01_BDD'!$G$35),'01_BDD'!$F$35,IF(AND(AO8='01_BDD'!$B$36,AO9='01_BDD'!$G$36),'01_BDD'!$F$36,IF(AND(AO8='01_BDD'!$B$37,AO9='01_BDD'!$G$37),'01_BDD'!$F$37,IF(AND(AO8='01_BDD'!$B$38,AO9='01_BDD'!$G$38),'01_BDD'!$F$38,IF(AND(AO8='01_BDD'!$B$39,AO9='01_BDD'!$G$39),'01_BDD'!$F$39,IF(AND(AO8='01_BDD'!$B$40,AO9='01_BDD'!$G$40),'01_BDD'!$F$40,IF(AND(AO8='01_BDD'!$B$41,AO9='01_BDD'!$G$41),'01_BDD'!$F$41,IF(AND(AO8='01_BDD'!$B$42,AO9='01_BDD'!$G$42),'01_BDD'!$F$42,IF(AND(AO8='01_BDD'!$B$43,AO9='01_BDD'!$G$43),'01_BDD'!$F$43,IF(AND(AO8='01_BDD'!$B$44,AO9='01_BDD'!$G$44),'01_BDD'!$F$44,IF(AND(AO8='01_BDD'!$B$45,AO9='01_BDD'!$G$45),'01_BDD'!$F$45,IF(AND(AO8='01_BDD'!$B$46,AO9='01_BDD'!$G$46),'01_BDD'!$F$46,IF(AND(AO8='01_BDD'!$B$47,AO9='01_BDD'!$G$47),'01_BDD'!$F$47,IF(AND(AO8='01_BDD'!$B$48,AO9='01_BDD'!$G$48),'01_BDD'!$F$48,IF(AND(AO8='01_BDD'!$B$49,AO9='01_BDD'!$G$49),'01_BDD'!$F$49,IF(AND(AO8='01_BDD'!$B$50,AO9='01_BDD'!$G$50),'01_BDD'!$F$50,IF(AND(AO8='01_BDD'!$B$51,AO9='01_BDD'!$G$51),'01_BDD'!$F$51,IF(AND(AO8='01_BDD'!$B$52,AO9='01_BDD'!$G$52),'01_BDD'!$F$52,IF(AND(AO8='01_BDD'!$B$53,AO9='01_BDD'!$G$53),'01_BDD'!$F$53,IF(AND(AO8='01_BDD'!$B$54,AO9='01_BDD'!$G$54),'01_BDD'!$F$54,IF(AND(AO8='01_BDD'!$B$55,AO9='01_BDD'!$G$55),'01_BDD'!$F$55,IF(AND(AO8='01_BDD'!$B$56,AO9='01_BDD'!$G$56),'01_BDD'!$F$56,IF(AND(AO8='01_BDD'!$B$57,AO9='01_BDD'!$G$57),'01_BDD'!$F$57,IF(AND(AO8='01_BDD'!$B$58,AO9='01_BDD'!$G$58),'01_BDD'!$F$58,IF(AND(AO8='01_BDD'!$B$59,AO9='01_BDD'!$G$59),'01_BDD'!$F$59,IF(AND(AO8='01_BDD'!$B$60,AO9='01_BDD'!$G$60),'01_BDD'!$F$60,IF(AND(AO8='01_BDD'!$B$61,AO9='01_BDD'!$G$61),'01_BDD'!$F$61,IF(AND(AO8='01_BDD'!$B$62,AO9='01_BDD'!$G$62),'01_BDD'!$F$62,IF(AND(AO8='01_BDD'!$B$63,AO9='01_BDD'!$G$63),'01_BDD'!$F$63,IF(AND(AO8='01_BDD'!$B$64,AO9='01_BDD'!$G$64),'01_BDD'!$F$64,IF(AND(AO8='01_BDD'!$B$65,AO9='01_BDD'!$G$65),'01_BDD'!$F$65,IF(AND(AO8='01_BDD'!$B$66,AO9='01_BDD'!$G$66),'01_BDD'!$F$66,IF(AND(AO8='01_BDD'!$B$67,AO9='01_BDD'!$G$67),'01_BDD'!$F$67,IF(AND(AO8='01_BDD'!$B$68,AO9='01_BDD'!$G$68),'01_BDD'!$F$68,IF(AND(AO8='01_BDD'!$B$69,AO9='01_BDD'!$G$69),'01_BDD'!$F$69,IF(AND(AO8='01_BDD'!$B$70,AO9='01_BDD'!$G$70),'01_BDD'!$F$70,IF(AND(AO8='01_BDD'!$B$71,AO9='01_BDD'!$G$71),'01_BDD'!$F$71,IF(AND(AO8='01_BDD'!$B$72,AO9='01_BDD'!$G$72),'01_BDD'!$F$72,IF(AND(AO8='01_BDD'!$B$73,AO9='01_BDD'!$G$73),'01_BDD'!$F$73,IF(AND(AO8='01_BDD'!$B$74,AO9='01_BDD'!$G$74),'01_BDD'!$F$74,IF(AND(AO8='01_BDD'!$B$75,AO9='01_BDD'!$G$75),'01_BDD'!$F$75,IF(AND(AO8='01_BDD'!$B$76,AO9='01_BDD'!$G$76),'01_BDD'!$F$76,IF(AND(AO8='01_BDD'!$B$77,AO9='01_BDD'!$G$77),'01_BDD'!$F$77,IF(AND(AO8='01_BDD'!$B$78,AO9='01_BDD'!$G$78),'01_BDD'!$F$78,IF(AND(AO8='01_BDD'!$B$79,AO9='01_BDD'!$G$79),'01_BDD'!$F$79,IF(AND(AO8='01_BDD'!$B$80,AO9='01_BDD'!$G$80),'01_BDD'!$F$80,IF(AND(AO8='01_BDD'!$B$81,AO9='01_BDD'!$G$81),'01_BDD'!$F$81,IF(AND(AO8='01_BDD'!$B$82,AO9='01_BDD'!$G$82),'01_BDD'!$F$82,IF(AND(AO8='01_BDD'!$B$83,AO9='01_BDD'!$G$83),'01_BDD'!$F$83,IF(AND(AO8='01_BDD'!$B$84,AO9='01_BDD'!$G$84),'01_BDD'!$F$84,IF(AND(AO8='01_BDD'!$B$85,AO9='01_BDD'!$G$85),'01_BDD'!$F$85,IF(AND(AO8='01_BDD'!$B$86,AO9='01_BDD'!$G$86),'01_BDD'!$F$86,IF(AND(AO8='01_BDD'!$B$87,AO9='01_BDD'!$G$87),'01_BDD'!$F$87,IF(AND(AO8='01_BDD'!$B$88,AO9='01_BDD'!$G$88),'01_BDD'!$F$88,IF(AND(AO8='01_BDD'!$B$89,AO9='01_BDD'!$G$89),'01_BDD'!$F$89,IF(AND(AO8='01_BDD'!$B$90,AO9='01_BDD'!$G$90),'01_BDD'!$F$90," ")))))))))))))))))))))))))))))))))))))))))))))))))))))))))))))))) -> 0
A22: MONTANT TOTAL ANNÉE | B22: Prix produits : | C22: =SUM(C26:AY26) -> 101387.68
A24: Mois: | C24: =IF(ISBLANK(C11),"",MONTH(C11)) -> 8 | D24: =IF(ISBLANK(D11),"",MONTH(D11)) -> 8 | E24: =IF(ISBLANK(E11),"",MONTH(E11)) -> 4 | F24: =IF(ISBLANK(F11),"",MONTH(F11)) -> 2 | G24: =IF(ISBLANK(G11),"",MONTH(G11)) -> 2 | H24: =IF(ISBLANK(H11),"",MONTH(H11)) -> 4 | I24: =IF(ISBLANK(I11),"",MONTH(I11)) -> 4 | J24: =IF(ISBLANK(J11),"",MONTH(J11)) -> 12 | ... AY24: =IF(ISBLANK(AY11),"",MONTH(AY11))
A25: Années: | C25: =IF(ISBLANK(C11),"",YEAR(C11)) -> 2019 | D25: =IF(ISBLANK(D11),"",YEAR(D11)) -> 2019 | E25: =IF(ISBLANK(E11),"",YEAR(E11)) -> 2020 | F25: =IF(ISBLANK(F11),"",YEAR(F11)) -> 2020 | G25: =IF(ISBLANK(G11),"",YEAR(G11)) -> 2020 | H25: =IF(ISBLANK(H11),"",YEAR(H11)) -> 2020 | I25: =IF(ISBLANK(I11),"",YEAR(I11)) -> 2020 | J25: =IF(ISBLANK(J11),"",YEAR(J11)) -> 2019 | ... AY25: =IF(ISBLANK(AY11),"",YEAR(AY11))
A26: MONTANT_TOTAL_FACTURE | C26: =C16*C17 -> 6700 | D26: =D16*D17 -> 5025 | E26: =E16*E17 -> 6525 | F26: =F16*F17 -> 4725 | G26: =G16*G17 -> 6000 | H26: =H16*H17 -> 4425 | I26: =I16*I17 -> 3236.5385 | J26: =J16*J17 -> 4650 | ... XFD26: =XFD16*XFD17 -> 0

Sheet 03_Générateur_FACTURE
B1: 03_GÉNÉRATEUR DE FACTURE
E3: Sélectionnez le numéro de facture : | H3: F2020_01
E7: FACTURE N° | G7: =H3 -> F2020_01 | MJ7: A FAIRE | MK7: CHAQUE FACTURE DOIT REPRENDRE TOUT LE MARCHÉ EN 01_BDD
C8: LOGO | F8: Date : | G8: =HLOOKUP($H$3,'02_Base facturation'!$C$7:$AY$26,5,0) -> 43678
C11: =IF(ISBLANK('01_BDD'!B7),"",'01_BDD'!B7) -> REL | F11: =HLOOKUP($H$3,'02_Base facturation'!$C$7:$AY$26,11,0) -> 1
C12: =IF(ISBLANK('01_BDD'!B8),"",'01_BDD'!B8) -> SARL au capital de 6 000 €
C13: =IF(ISBLANK('01_BDD'!B9),"",'01_BDD'!B9) -> 17 CHEMIN DU SANS SOUCI
C14: =IF(ISBLANK('01_BDD'!B10),"",'01_BDD'!B10) -> 13100 AIX EN PROVENCE
C15: ="Téléphone : "&IF(ISBLANK('01_BDD'!B12),"",'01_BDD'!B12) -> Téléphone : 06 06 06 06 06
C16: ="Site : "&IF(ISBLANK('01_BDD'!B13),"",'01_BDD'!B13) -> Site : www.REL.com
C17: =IF(ISBLANK('01_BDD'!B14),"","N° TVA : "&'01_BDD'!B14) -> N° TVA : 500 500 500 RCS AIX EN PROVENCE | E17: Votre ref: | F17: =HLOOKUP($H$3,'02_Base facturation'!$C$7:$AY$26,13,0) -> XXX
E18: Notre ref: | F18: =H3 -> F2020_01
C21: Objet du contrat: | D21: =HLOOKUP($H$3,'02_Base facturation'!$C$7:$AY$26,2,0) -> Opération_1
A23: 5 | C23: DPGF
C25: A FAIRE | D25: REPRENDRE TOUT LE MARCHÉ 01_BDD
C26: INDIQUER LES ACOMPTES DÉJÀ FACTURÉS
C32: Phase | E32: Coût de la phase H.T | F32: Avancement | G32: Coût de la phase ajusté H.T | H32: TVA
C34: =HLOOKUP($H$3,'02_Base facturation'!$C$7:$AY$26,3,0) -> PHASE 1 | E34: =HLOOKUP($H$3,'02_Base facturation'!$C$7:$AY$26,10,0) -> 6700 | F34: =HLOOKUP($H$3,'02_Base facturation'!$C$7:$AY$26,11,0) -> 1 | G34: =E34*F34 -> 6700 | H34: ='01_BDD'!B16 -> 0.2
F36: € HT | G36: =SUM(G26:G34) -> 6700
F38: =IF(ISBLANK(HLOOKUP($H$3,'02_Base facturation'!$C$7:$AY$20,7,0)),"","Déjà réglé :") -> Déjà réglé : | G38: =HLOOKUP($H$3,'02_Base facturation'!$C$7:$AY$20,7,0) -> Virement
C40: Échéance : | D40: =IF(ISBLANK(HLOOKUP($H$3,'02_Base facturation'!$C$7:$AY$20,5,0)),"",HLOOKUP($H$3,'02_Base facturation'!$C$7:$AY$20,5,0)) -> 43678 | E40: TOTAL € | F40: HT | G40: =IF(ISERROR(G36-G38*G36),G36,(G36-G38*G36)) -> 6700
C41: Règlement : | D41: =IF(ISBLANK(HLOOKUP($H$3,'02_Base facturation'!$C$7:$AY$20,6,0)),"",HLOOKUP($H$3,'02_Base facturation'!$C$7:$AY$20,6,0)) -> 43709 | F41: TTC | G41: =G40+G43 -> 8040
F43: Total TVA : | G43: =G36*$H$34 -> 1340
C53: RIB
C59: =IF(ISERROR(VLOOKUP($U59,$P$23:$T$485,2,0)),"",VLOOKUP($U59,$P$23:$T$485,2,0)) | E59: =IF(ISERROR(VLOOKUP(C59,#REF!,3,0)),"",VLOOKUP(C59,#REF!,3,0)) | F59: =IF(ISERROR(VLOOKUP($U59,$P$23:$T$485,3,0)),"",VLOOKUP($U59,$P$23:$T$485,3,0)) | G59: =IF(ISERROR(E59*F59),"",E59*F59) | H59: =IF(ISERROR(VLOOKUP($U59,$P$23:$T$485,4,0)),"",VLOOKUP($U59,$P$23:$T$485,4,0))
C60: =IF(ISERROR(VLOOKUP($U60,$P$23:$T$485,2,0)),"",VLOOKUP($U60,$P$23:$T$485,2,0)) | E60: =IF(ISERROR(VLOOKUP(C60,#REF!,3,0)),"",VLOOKUP(C60,#REF!,3,0)) | F60: =IF(ISERROR(VLOOKUP($U60,$P$23:$T$485,3,0)),"",VLOOKUP($U60,$P$23:$T$485,3,0)) | G60: =IF(ISERROR(E60*F60),"",E60*F60) | H60: =IF(ISERROR(VLOOKUP($U60,$P$23:$T$485,4,0)),"",VLOOKUP($U60,$P$23:$T$485,4,0))
C61: =IF(ISERROR(VLOOKUP($U61,$P$23:$T$485,2,0)),"",VLOOKUP($U61,$P$23:$T$485,2,0)) | E61: =IF(ISERROR(VLOOKUP(C61,#REF!,3,0)),"",VLOOKUP(C61,#REF!,3,0)) | F61: =IF(ISERROR(VLOOKUP($U61,$P$23:$T$485,3,0)),"",VLOOKUP($U61,$P$23:$T$485,3,0)) | G61: =IF(ISERROR(E61*F61),"",E61*F61) | H61: =IF(ISERROR(VLOOKUP($U61,$P$23:$T$485,4,0)),"",VLOOKUP($U61,$P$23:$T$485,4,0))
D63: A votre aimable règlement
C74: contrôle : | D74: =IF(G40=HLOOKUP(H3,'02_Base facturation'!C7:AY26,20,0),"ok","erreur") -> ok

Sheet Chiffre affaires
A1: ='02_Base facturation'!C24 -> 8 | B1: ='02_Base facturation'!D24 -> 8 | C1: ='02_Base facturation'!E24 -> 4 | D1: ='02_Base facturation'!F24 -> 2 | E1: ='02_Base facturation'!G24 -> 2 | F1: ='02_Base facturation'!H24 -> 4 | G1: ='02_Base facturation'!I24 -> 4 | H1: ='02_Base facturation'!J24 -> 12 | ... AW1: ='02_Base facturation'!AY24 | AX1: ='02_Base facturation'!#REF! -> #REF! | AY1: ='02_Base facturation'!#REF! -> #REF! | AZ1: ='02_Base facturation'!#REF! -> #REF! | BA1: ='02_Base facturation'!#REF! -> #REF! | BB1: ='02_Base facturation'!#REF! -> #REF! | BC1: ='02_Base facturation'!#REF! -> #REF! | BD1: ='02_Base facturation'!#REF! -> #REF! | BE1: ='02_Base facturation'!#REF! -> #REF! | ... ALL1: ='02_Base facturation'!#REF! -> #REF!
A2: ='02_Base facturation'!C26 -> 6700 | B2: ='02_Base facturation'!D26 -> 5025 | C2: ='02_Base facturation'!E26 -> 6525 | D2: ='02_Base facturation'!F26 -> 4725 | E2: ='02_Base facturation'!G26 -> 6000 | F2: ='02_Base facturation'!H26 -> 4425 | G2: ='02_Base facturation'!I26 -> 3236.5385 | H2: ='02_Base facturation'!J26 -> 4650 | ... AW2: ='02_Base facturation'!AY26 -> 0 | AX2: ='02_Base facturation'!#REF! -> #REF! | AY2: ='02_Base facturation'!#REF! -> #REF! | AZ2: ='02_Base facturation'!#REF! -> #REF! | BA2: ='02_Base facturation'!#REF! -> #REF! | BB2: ='02_Base facturation'!#REF! -> #REF! | BC2: ='02_Base facturation'!#REF! -> #REF! | BD2: ='02_Base facturation'!#REF! -> #REF! | BE2: ='02_Base facturation'!#REF! -> #REF! | ... ALL2: ='02_Base facturation'!#REF! -> #REF!
B3: Chiffre d'affaires
B4: Ceci est un onglet de consultation, pas de modification possible
C6: Chiffre d'affaires
A7: 1 | B7: JANVIER | C7: =SUMIF($A$1:$ALL$2,A7,$A$2:$ALL$2) -> 0
A8: 2 | B8: FÉVRIER | C8: =SUMIF($A$1:$ALL$2,A8,$A$2:$ALL$2) -> 10725
A9: 3 | B9: MARS | C9: =SUMIF($A$1:$ALL$2,A9,$A$2:$ALL$2) -> 2071.1436
A10: 4 | B10: AVRIL | C10: =SUMIF($A$1:$ALL$2,A10,$A$2:$ALL$2) -> 14186.538
A11: 5 | B11: MAI | C11: =SUMIF($A$1:$ALL$2,A11,$A$2:$ALL$2) -> 0
A12: 6 | B12: JUIN | C12: =SUMIF($A$1:$ALL$2,A12,$A$2:$ALL$2) -> 0
A13: 7 | B13: JUILLET | C13: =SUMIF($A$1:$ALL$2,A13,$A$2:$ALL$2) -> 4530
A14: 8 | B14: AOÛT | C14: =SUMIF($A$1:$ALL$2,A14,$A$2:$ALL$2) -> 16575
A15: 9 | B15: SEPTEMBRE | C15: =SUMIF($A$1:$ALL$2,A15,$A$2:$ALL$2) -> 19350
A16: 10 | B16: OCTOBRE | C16: =SUMIF($A$1:$ALL$2,A16,$A$2:$ALL$2) -> 0
A17: 11 | B17: NOVEMBRE | C17: =SUMIF($A$1:$ALL$2,A17,$A$2:$ALL$2) -> 15275
A18: 12 | B18: DÉCEMBRE | C18: =SUMIF($A$1:$ALL$2,A18,$A$2:$ALL$2) -> 18675
B20: TOTAL | C20: =SUM(C7:C18) -> 101387.68

Sheet 04_Journal des Ventes
A1: 04_JOURNAL DES VENTES
B3: Année N: | C3: 2020
B5: Année: | C5: =C28-1 -> -1 | N5: Année: | O5: =O28-1 -> 2019 | Q5: Période début | R5: =DATE(O5,1,1) -> 43466 | Z5: Année: | AA5: =O5 -> 2019 | AC5: Période début | AD5: =EDATE(R5,1) -> 43497 | AL5: Année: | AM5: =AA5 -> 2019 | AO5: Période début | AP5: =EDATE(AD5,1) -> 43525 | AX5: Année: | AY5: =AM5 -> 2019 | BA5: Période début | BB5: =EDATE(AP5,1) -> 43556 | BJ5: Année: | BK5: =AY5 -> 2019 | BM5: Période début | BN5: =EDATE(BB5,1) -> 43586 | BV5: Année: | BW5: =BK5 -> 2019 | BY5: Période début | BZ5: =EDATE(BN5,1) -> 43617 | CH5: Année: | CI5: =BW5 -> 2019 | CK5: Période début | CL5: =EDATE(BZ5,1) -> 43647 | CT5: Année: | CU5: =CI5 -> 2019 | CW5: Période début | CX5: =EDATE(CL5,1) -> 43678 | DF5: Année: | DG5: =CU5 -> 2019 | DI5: Période début | DJ5: =EDATE(CX5,1) -> 43709 | DR5: Année: | DS5: =DG5 -> 2019 | DU5: Période début | DV5: =EDATE(DJ5,1) -> 43739 | ED5: Année: | EE5: =DS5 -> 2019 | EG5: Période début | EH5: =EDATE(DV5,1) -> 43770 | EP5: Année: | EQ5: =EE5 -> 2019 | ES5: Période début | ET5: =EDATE(EH5,1) -> 43800 | FB5: Année: | FC5: =EQ5 -> 2019
B6: Mois: | C6: =TEXT(F5,"mmmm") -> janvier | N6: Mois: | O6: =TEXT(R5,"mmmm") -> janvier | P6: 1 | Q6: Période fin | R6: =R5+30 -> 43496 | Z6: Mois: | AA6: =TEXT(AD5,"mmmm") -> février | AB6: =P6+1 -> 2 | AC6: Période fin | AD6: =EDATE($R$6,P6) -> 43524 | AL6: Mois: | AM6: =TEXT(AP5,"mmmm") -> mars | AN6: =AB6+1 -> 3 | AO6: Période fin | AP6: =EDATE($R$6,AB6) -> 43555 | AX6: Mois: | AY6: =TEXT(BB5,"mmmm") -> avril | AZ6: =AN6+1 -> 4 | BA6: Période fin | BB6: =EDATE($R$6,AN6) -> 43585 | BJ6: Mois: | BK6: =TEXT(BN5,"mmmm") -> mai | BL6: =AZ6+1 -> 5 | BM6: Période fin | BN6: =EDATE($R$6,AZ6) -> 43616 | BV6: Mois: | BW6: =TEXT(BZ5,"mmmm") -> juin | BX6: =BL6+1 -> 6 | BY6: Période fin | BZ6: =EDATE($R$6,BL6) -> 43646 | CH6: Mois: | CI6: =TEXT(CL5,"mmmm") -> juillet | CJ6: =BX6+1 -> 7 | CK6: Période fin | CL6: =EDATE($R$6,BX6) -> 43677 | CT6: Mois: | CU6: =TEXT(CX5,"mmmm") -> août | CV6: =CJ6+1 -> 8 | CW6: Période fin | CX6: =EDATE($R$6,CJ6) -> 43708 | DF6: Mois: | DG6: =TEXT(DJ5,"mmmm") -> septembre | DH6: =CV6+1 -> 9 | DI6: Période fin | DJ6: =EDATE($R$6,CV6) -> 43738 | DR6: Mois: | DS6: =TEXT(DV5,"mmmm") -> octobre | DT6: =DH6+1 -> 10 | DU6: Période fin | DV6: =EDATE($R$6,DH6) -> 43769 | ED6: Mois: | EE6: =TEXT(EH5,"mmmm") -> novembre | EF6: =DT6+1 -> 11 | EG6: Période fin | EH6: =EDATE($R$6,DT6) -> 43799 | EP6: Mois: | EQ6: =TEXT(ET5,"mmmm") -> décembre | ER6: =EF6+1 -> 12 | ES6: Période fin | ET6: =EDATE($R$6,EF6) -> 43830 | FB6: Mois: | FC6: Global | FD6: =ER6+1 -> 13
B7: Date facture | C7: ='01_BDD'!B26 -> Nom opération | D7: N° facture | E7: Total ventes HT | F7: Répartition des ventes HT | H7: TVA collectée | I7: Montant TTC | J7: Date échéance | K7: Date paiement | L7: Montant payé | N7: Date facture | O7: Montant | P7: N° facture | Q7: Total ventes HT | R7: Répartition des ventes HT | T7: TVA collectée | U7: Montant TTC | V7: Date échéance | W7: Date paiement | X7: Montant payé | Z7: Date facture | AA7: Montant | AB7: N° facture | AC7: Total ventes HT | AD7: Répartition des ventes HT | AF7: TVA collectée | AG7: Montant TTC | AH7: Date échéance | AI7: Date paiement | AJ7: Montant payé | AL7: Date facture | AM7: Montant | AN7: N° facture | AO7: Total ventes HT | AP7: Répartition des ventes HT | AR7: TVA collectée | AS7: Montant TTC | AT7: Date échéance | AU7: Date paiement | AV7: Montant payé | AX7: Date facture | AY7: Montant | AZ7: N° facture | BA7: Total ventes HT | BB7: Répartition des ventes HT | BD7: TVA collectée | BE7: Montant TTC | BF7: Date échéance | BG7: Date paiement | BH7: Montant payé | BJ7: Date facture | BK7: Montant | BL7: N° facture | BM7: Total ventes HT | BN7: Répartition des ventes HT | BP7: TVA collectée | BQ7: Montant TTC | BR7: Date échéance | BS7: Date paiement | BT7: Montant payé | BV7: Date facture | BW7: Montant | BX7: N° facture | BY7: Total ventes HT | BZ7: Répartition des ventes HT | CB7: TVA collectée | CC7: Montant TTC | CD7: Date échéance | CE7: Date paiement | CF7: Montant payé | CH7: Date facture | CI7: Montant | CJ7: N° facture | CK7: Total ventes HT | CL7: Répartition des ventes HT | CN7: TVA collectée | CO7: Montant TTC | CP7: Date échéance | CQ7: Date paiement | CR7: Montant payé | CT7: Date facture | CU7: Montant | CV7: N° facture | CW7: Total ventes HT | CX7: Répartition des ventes HT | CZ7: TVA collectée | DA7: Montant TTC | DB7: Date échéance | DC7: Date paiement | DD7: Montant payé | DF7: Date facture | DG7: Montant | DH7: N° facture | DI7: Total ventes HT | DJ7: Répartition des ventes HT | DL7: TVA collectée | DM7: Montant TTC | DN7: Date échéance | DO7: Date paiement | DP7: Montant payé | DR7: Date facture | DS7: Montant | DT7: N° facture | DU7: Total ventes HT | DV7: Répartition des ventes HT | DX7: TVA collectée | DY7: Montant TTC | DZ7: Date échéance | EA7: Date paiement | EB7: Montant payé | ED7: Date facture | EE7: Montant | EF7: N° facture | EG7: Total ventes HT | EH7: Répartition des ventes HT | EJ7: TVA collectée | EK7: Montant TTC | EL7: Date échéance | EM7: Date paiement | EN7: Montant payé | EP7: Date facture | EQ7: Montant | ER7: N° facture | ES7: Total ventes HT | ET7: Répartition des ventes HT | EV7: TVA collectée | EW7: Montant TTC | EX7: Date échéance | EY7: Date paiement | EZ7: Montant payé | FB7: Mois: | FC7: Montant | FD7: N° facture | FE7: Total ventes HT | FF7: Répartition des ventes HT | FH7: TVA collectée | FI7: Montant TTC | FJ7: Date échéance | FK7: Date paiement | FL7: Montant payé
F8: Céline | G8: Camille | R8: Céline | S8: Camille | AD8: Céline | AE8: Camille | AP8: Céline | AQ8: Camille | BB8: Céline | BC8: Camille | BN8: Céline | BO8: Camille | BZ8: Céline | CA8: Camille | CL8: Céline | CM8: Camille | CX8: Céline | CY8: Camille | DJ8: Céline | DK8: Camille | DV8: Céline | DW8: Camille | EH8: Céline | EI8: Camille | ET8: Céline | EU8: Camille | FF8: Céline | FG8: Camille
P9: =IF(AND(O5='02_Base facturation'!C25,P6='02_Base facturation'!C24),'02_Base facturation'!C7,IF(AND(O5='02_Base facturation'!D25,P6='02_Base facturation'!D24),'02_Base facturation'!D7,IF(AND(O5='02_Base facturation'!E25,P6='02_Base facturation'!E25),'02_Base facturation'!E7,"NOK"))) -> NOK | T9: =Q9*0.2 -> 0 | U9: =S9+R9+T9 -> 0 | FB9: =O6 -> janvier | FE9: =Q24 -> 0 | FF9: =R24 -> 0 | FG9: =S24 -> 0 | FH9: =T24 -> 0 | FI9: =U24 -> 0 | FL9: =X24 -> 0
P10: =IF(AND(O5='02_Base facturation'!C25,P6='02_Base facturation'!C24),'02_Base facturation'!C7,IF(AND(O5='02_Base facturation'!D25,P6='02_Base facturation'!D24),'02_Base facturation'!D7,IF(AND(O5='02_Base facturation'!E25,P6='02_Base facturation'!E25),'02_Base facturation'!E7,"NOK"))) -> NOK | R10: =Q10 -> 0 | T10: =Q10*0.2 -> 0 | U10: =T10+Q10 -> 0 | FB10: =AA6 -> février | FE10: =AC24 -> 0 | FF10: =AD24 -> 0 | FG10: =AE24 -> 0 | FH10: =AF24 -> 0 | FI10: =AG24 -> 0 | FL10: =AJ24 -> 0
P11: =IF(AND(O5='02_Base facturation'!C25,P6='02_Base facturation'!C24),'02_Base facturation'!C7,IF(AND(O5='02_Base facturation'!D25,P6='02_Base facturation'!D24),'02_Base facturation'!D7,IF(AND(O5='02_Base facturation'!E25,P6='02_Base facturation'!E25),'02_Base facturation'!E7,"NOK"))) -> NOK | R11: =Q11 -> 0 | T11: =Q11*0.2 -> 0 | U11: =T11+Q11 -> 0 | FB11: =AM6 -> mars | FE11: =AO24 -> 0 | FF11: =AP24 -> 0 | FG11: =AQ24 -> 0 | FH11: =AR24 -> 0 | FI11: =AS24 -> 0 | FL11: =AV24 -> 0
P12: =IF(AND(O5='02_Base facturation'!C25,P6='02_Base facturation'!C24),'02_Base facturation'!C7,IF(AND(O5='02_Base facturation'!D25,P6='02_Base facturation'!D24),'02_Base facturation'!D7,IF(AND(O5='02_Base facturation'!E25,P6='02_Base facturation'!E25),'02_Base facturation'!E7,"NOK"))) -> NOK | R12: =Q12 -> 0 | T12: =Q12*0.2 -> 0 | FB12: =AY6 -> avril | FE12: =BA24 -> 0 | FF12: =BB24 -> 0 | FG12: =BC24 -> 0 | FH12: =BD24 -> 0 | FI12: =BE24 -> 0 | FL12: =BH24 -> 0
U13: =T12+Q12 -> 0 | FB13: =BK6 -> mai | FE13: =BM24 -> 0 | FF13: =BN24 -> 0 | FG13: =BO24 -> 0 | FH13: =BP24 -> 0 | FI13: =BQ24 -> 0 | FL13: =BT24 -> 0
FB14: =BW6 -> juin | FE14: =BY24 -> 0 | FF14: =BZ24 -> 0 | FG14: =CA24 -> 0 | FH14: =CB24 -> 0 | FI14: =CC24 -> 0 | FL14: =CF24 -> 0
FB15: =CI6 -> juillet | FE15: =CK24 -> 0 | FF15: =CL24 -> 0 | FG15: =CM24 -> 0 | FH15: =CN24 -> 0 | FI15: =CO24 -> 0 | FL15: =CR24 -> 0
FB16: =CU6 -> août | FE16: =CW24 -> 0 | FF16: =CX24 -> 0 | FG16: =CY24 -> 0 | FH16: =CZ24 -> 0 | FI16: =DA24 -> 0 | FL16: =DD24 -> 0
FB17: =DG6 -> septembre | FE17: =DI24 -> 0 | FF17: =DJ24 -> 0 | FG17: =DK24 -> 0 | FH17: =DL24 -> 0 | FI17: =DM24 -> 0 | FL17: =DP24 -> 0
FB18: =DS6 -> octobre | FE18: =DU24 -> 0 | FF18: =DV24 -> 0 | FG18: =DW24 -> 0 | FH18: =DX24 -> 0 | FI18: =DY24 -> 0 | FL18: =EB24 -> 0
FB19: =EE6 -> novembre | FE19: =EG24 -> 0 | FF19: =EH$24 -> 0 | FG19: =EI24 -> 0 | FH19: =EJ24 -> 0 | FI19: =EK24 -> 0 | FL19: =EN24 -> 0
FB20: =EQ6 -> décembre | FE20: =ES24 -> 0 | FF20: =ET24 -> 0 | FG20: =EU24 -> 0 | FH20: =EV24 -> 0 | FI20: =EW24 -> 0 | FL20: =EZ24 -> 0
B24: TOTAL PÉRIODE | E24: =SUM(E9:E23) -> 0 | F24: =SUM(F9:F23) -> 0 | G24: =SUM(G9:G23) -> 0 | H24: =SUM(H9:H23) -> 0 | I24: =SUM(I9:I23) -> 0 | L24: =SUM(L9:L23) -> 0 | N24: TOTAL PÉRIODE | Q24: =SUM(Q9:Q23) -> 0 | R24: =SUM(R9:R23) -> 0 | S24: =SUM(S9:S23) -> 0 | T24: =SUM(T9:T23) -> 0 | U24: =SUM(U9:U23) -> 0 | X24: =SUM(X9:X23) -> 0 | Z24: TOTAL PÉRIODE | AC24: =SUM(AC9:AC23) -> 0 | AD24: =SUM(AD9:AD23) -> 0 | AE24: =SUM(AE9:AE23) -> 0 | AF24: =SUM(AF9:AF23) -> 0 | AG24: =SUM(AG9:AG23) -> 0 | AJ24: =SUM(AJ9:AJ23) -> 0 | AL24: TOTAL PÉRIODE | AO24: =SUM(AO9:AO23) -> 0 | AP24: =SUM(AP9:AP23) -> 0 | AQ24: =SUM(AQ9:AQ23) -> 0 | AR24: =SUM(AR9:AR23) -> 0 | AS24: =SUM(AS9:AS23) -> 0 | AV24: =SUM(AV9:AV23) -> 0 | AX24: TOTAL PÉRIODE | BA24: =SUM(BA9:BA23) -> 0 | BB24: =SUM(BB9:BB23) -> 0 | BC24: =SUM(BC9:BC23) -> 0 | BD24: =SUM(BD9:BD23) -> 0 | BE24: =SUM(BE9:BE23) -> 0 | BH24: =SUM(BH9:BH23) -> 0 | BJ24: TOTAL PÉRIODE | BM24: =SUM(BM9:BM23) -> 0 | BN24: =SUM(BN9:BN23) -> 0 | BO24: =SUM(BO9:BO23) -> 0 | BP24: =SUM(BP9:BP23) -> 0 | BQ24: =SUM(BQ9:BQ23) -> 0 | BT24: =SUM(BT9:BT23) -> 0 | BV24: TOTAL PÉRIODE | BY24: =SUM(BY9:BY23) -> 0 | BZ24: =SUM(BZ9:BZ23) -> 0 | CA24: =SUM(CA9:CA23) -> 0 | CB24: =SUM(CB9:CB23) -> 0 | CC24: =SUM(CC9:CC23) -> 0 | CF24: =SUM(CF9:CF23) -> 0 | CH24: TOTAL PÉRIODE | CK24: =SUM(CK9:CK23) -> 0 | CL24: =SUM(CL9:CL23) -> 0 | CM24: =SUM(CM9:CM23) -> 0 | CN24: =SUM(CN9:CN23) -> 0 | CO24: =SUM(CO9:CO23) -> 0 | CR24: =SUM(CR9:CR23) -> 0 | CT24: TOTAL PÉRIODE | CW24: =SUM(CW9:CW23) -> 0 | CX24: =SUM(CX9:CX23) -> 0 | CY24: =SUM(CY9:CY23) -> 0 | CZ24: =SUM(CZ9:CZ23) -> 0 | DA24: =SUM(DA9:DA23) -> 0 | DD24: =SUM(DD9:DD23) -> 0 | DF24: TOTAL PÉRIODE | DI24: =SUM(DI9:DI23) -> 0 | DJ24: =SUM(DJ9:DJ23) -> 0 | DK24: =SUM(DK9:DK23) -> 0 | DL24: =SUM(DL9:DL23) -> 0 | DM24: =SUM(DM9:DM23) -> 0 | DP24: =SUM(DP9:DP23) -> 0 | DR24: TOTAL PÉRIODE | DU24: =SUM(DU9:DU23) -> 0 | DV24: =SUM(DV9:DV23) -> 0 | DW24: =SUM(DW9:DW23) -> 0 | DX24: =SUM(DX9:DX23) -> 0 | DY24: =SUM(DY9:DY23) -> 0 | EB24: =SUM(EB9:EB23) -> 0 | ED24: TOTAL PÉRIODE | EG24: =SUM(EG9:EG23) -> 0 | EH24: =SUM(EH9:EH23) -> 0 | EI24: =SUM(EI9:EI23) -> 0 | EJ24: =SUM(EJ9:EJ23) -> 0 | EK24: =SUM(EK9:EK23) -> 0 | EN24: =SUM(EN9:EN23) -> 0 | EP24: TOTAL PÉRIODE | ES24: =SUM(ES9:ES23) -> 0 | ET24: =SUM(ET9:ET23) -> 0 | EU24: =SUM(EU9:EU23) -> 0 | EV24: =SUM(EV9:EV23) -> 0 | EW24: =SUM(EW9:EW23) -> 0 | EZ24: =SUM(EZ9:EZ23) -> 0 | FB24: TOTAL PÉRIODE | FE24: =SUM(FE9:FE23) -> 0 | FF24: =SUM(FF9:FF23) -> 0 | FG24: =SUM(FG9:FG23) -> 0 | FH24: =SUM(FH9:FH23) -> 0 | FI24: =SUM(FI9:FI23) -> 0 | FL24: =SUM(FL9:FL23) -> 0
B26: CA CUMULÉ EXERCICE COMPTABLE | E26: ='[1]Janvier 2020'!E38+'[1]Février 2020'!E33 -> 19944.88 | F26: ='[1]Janvier 2020'!F38+'[1]Février 2020'!F33 -> 1300 | G26: ='[1]Janvier 2020'!G38+'[1]Février 2020'!G33 -> 0 | N26: CA CUMULÉ EXERCICE COMPTABLE | Q26: =$FE$26 -> 0 | R26: =$FF$26 -> 0 | S26: =$FG$26 -> 0 | T26: =$FH$26 -> 0 | U26: =$FI$26 -> 0 | X26: =$FL$26 -> 0 | Z26: CA CUMULÉ EXERCICE COMPTABLE | AC26: =$FE$26 -> 0 | AD26: =$FF$26 -> 0 | AE26: =$FG$26 -> 0 | AF26: =$FH$26 -> 0 | AG26: =$FI$26 -> 0 | AJ26: =$FL$26 -> 0 | AL26: CA CUMULÉ EXERCICE COMPTABLE | AO26: =$FE$26 -> 0 | AP26: =$FF$26 -> 0 | AQ26: =$FG$26 -> 0 | AR26: =$FH$26 -> 0 | AS26: =$FI$26 -> 0 | AV26: =$FL$26 -> 0 | AX26: CA CUMULÉ EXERCICE COMPTABLE | BA26: =$FE$26 -> 0 | BB26: =$FF$26 -> 0 | BC26: =$FG$26 -> 0 | BD26: =$FH$26 -> 0 | BE26: =$FI$26 -> 0 | BH26: =$FL$26 -> 0 | BJ26: CA CUMULÉ EXERCICE COMPTABLE | BM26: =$FE$26 -> 0 | BN26: =$FF$26 -> 0 | BO26: =$FG$26 -> 0 | BP26: =$FH$26 -> 0 | BQ26: =$FI$26 -> 0 | BT26: =$FL$26 -> 0 | BV26: CA CUMULÉ EXERCICE COMPTABLE | BY26: =$FE$26 -> 0 | BZ26: =$FF$26 -> 0 | CA26: =$FG$26 -> 0 | CB26: =$FH$26 -> 0 | CC26: =$FI$26 -> 0 | CF26: =$FL$26 -> 0 | CH26: CA CUMULÉ EXERCICE COMPTABLE | CK26: =$FE$26 -> 0 | CL26: =$FF$26 -> 0 | CM26: =$FG$26 -> 0 | CN26: =$FH$26 -> 0 | CO26: =$FI$26 -> 0 | CR26: =$FL$26 -> 0 | CT26: CA CUMULÉ EXERCICE COMPTABLE | CW26: =$FE$26 -> 0 | CX26: =$FF$26 -> 0 | CY26: =$FG$26 -> 0 | CZ26: =$FH$26 -> 0 | DA26: =$FI$26 -> 0 | DD26: =$FL$26 -> 0 | DF26: CA CUMULÉ EXERCICE COMPTABLE | DI26: =$FE$26 -> 0 | DJ26: =$FF$26 -> 0 | DK26: =$FG$26 -> 0 | DL26: =$FH$26 -> 0 | DM26: =$FI$26 -> 0 | DP26: =$FL$26 -> 0 | DR26: CA CUMULÉ EXERCICE COMPTABLE | DU26: =$FE$26 -> 0 | DV26: =$FF$26 -> 0 | DW26: =$FG$26 -> 0 | DX26: =$FH$26 -> 0 | DY26: =$FI$26 -> 0 | EB26: =$FL$26 -> 0 | ED26: CA CUMULÉ EXERCICE COMPTABLE | EG26: =$FE$26 -> 0 | EH26: =$FF$26 -> 0 | EI26: =$FG$26 -> 0 | EJ26: =$FH$26 -> 0 | EK26: =$FI$26 -> 0 | EN26: =$FL$26 -> 0 | EP26: CA CUMULÉ EXERCICE COMPTABLE | ES26: =$FE$26 -> 0 | ET26: =$FF$26 -> 0 | EU26: =$FG$26 -> 0 | EV26: =$FH$26 -> 0 | EW26: =$FI$26 -> 0 | EZ26: =$FL$26 -> 0 | FB26: CA CUMULÉ EXERCICE COMPTABLE | FE26: =FE24 -> 0 | FF26: =FF24 -> 0 | FG26: =FG24 -> 0 | FH26: =FH24 -> 0 | FI26: =FI24 -> 0 | FL26: =FL24 -> 0
N28: Année: | O28: =C3 -> 2020 | Q28: Période début | R28: =DATE(O28,1,1) -> 43831 | Z28: Année: | AA28: =O28 -> 2020 | AC28: Période début | AD28: =EDATE(R28,1) -> 43862 | AL28: Année: | AM28: =AA28 -> 2020 | AO28: Période début | AP28: =EDATE(AD28,1) -> 43891 | AX28: Année: | AY28: =AM28 -> 2020 | BA28: Période début | BB28: =EDATE(AP28,1) -> 43922 | BJ28: Année: | BK28: =AY28 -> 2020 | BM28: Période début | BN28: =EDATE(BB28,1) -> 43952 | BV28: Année: | BW28: =BK28 -> 2020 | BY28: Période début | BZ28: =EDATE(BN28,1) -> 43983 | CH28: Année: | CI28: =BW28 -> 2020 | CK28: Période début | CL28: =EDATE(BZ28,1) -> 44013 | CT28: Année: | CU28: =CI28 -> 2020 | CW28: Période début | CX28: =EDATE(CL28,1) -> 44044 | DF28: Année: | DG28: =CU28 -> 2020 | DI28: Période début | DJ28: =EDATE(CX28,1) -> 44075 | DR28: Année: | DS28: =DG28 -> 2020 | DU28: Période début | DV28: =EDATE(DJ28,1) -> 44105 | ED28: Année: | EE28: =DS28 -> 2020 | EG28: Période début | EH28: =EDATE(DV28,1) -> 44136 | EP28: Année: | EQ28: =EE28 -> 2020 | ES28: Période début | ET28: =EDATE(EH28,1) -> 44166 | FB28: Année: | FC28: =EQ28 -> 2020 | FE28: Période début | FF28: =EDATE(ET28,1) -> 44197
N29: Mois: | O29: =TEXT(R28,"mmmm") -> janvier | P29: 1 | Q29: Période fin | R29: =R28+30 -> 43861 | Z29: Mois: | AA29: =TEXT(AD28,"mmmm") -> février | AB29: =P29+1 -> 2 | AC29: Période fin | AD29: =EDATE($R$29,P29) -> 43890 | AL29: Mois: | AM29: =TEXT(AP28,"mmmm") -> mars | AN29: =AB29+1 -> 3 | AO29: Période fin | AP29: =EDATE($R$29,AB29) -> 43921 | AX29: Mois: | AY29: =TEXT(BB28,"mmmm") -> avril | AZ29: =AN29+1 -> 4 | BA29: Période fin | BB29: =EDATE($R$29,AN29) -> 43951 | BJ29: Mois: | BK29: =TEXT(BN28,"mmmm") -> mai | BL29: =AZ29+1 -> 5 | BM29: Période fin | BN29: =EDATE($R$29,AZ29) -> 43982 | BV29: Mois: | BW29: =TEXT(BZ28,"mmmm") -> juin | BX29: =BL29+1 -> 6 | BY29: Période fin | BZ29: =EDATE($R$29,BL29) -> 44012 | CH29: Mois: | CI29: =TEXT(CL28,"mmmm") -> juillet | CJ29: =BX29+1 -> 7 | CK29: Période fin | CL29: =EDATE($R$29,BX29) -> 44043 | CT29: Mois: | CU29: =TEXT(CX28,"mmmm") -> août | CV29: =CJ29+1 -> 8 | CW29: Période fin | CX29: =EDATE($R$29,CJ29) -> 44074 | DF29: Mois: | DG29: =TEXT(DJ28,"mmmm") -> septembre | DH29: =CV29+1 -> 9 | DI29: Période fin | DJ29: =EDATE($R$29,CV29) -> 44104 | DR29: Mois: | DS29: =TEXT(DV28,"mmmm") -> octobre | DT29: =DH29+1 -> 10 | DU29: Période fin | DV29: =EDATE($R$29,DH29) -> 44135 | ED29: Mois: | EE29: =TEXT(EH28,"mmmm") -> novembre | EF29: =DT29+1 -> 11 | EG29: Période fin | EH29: =EDATE($R$29,DT29) -> 44165 | EP29: Mois: | EQ29: =TEXT(ET28,"mmmm") -> décembre | ER29: =EF29+1 -> 12 | ES29: Période fin | ET29: =EDATE($R$29,EF29) -> 44196 | FB29: Mois: | FC29: Global | FD29: =ER29+1 -> 13 | FE29: Période fin | FF29: =EDATE($R$29,ER29) -> 44227
N30: Date facture | O30: Montant | P30: N° facture | Q30: Total ventes HT | R30: Répartition des ventes HT | T30: TVA collectée | U30: Montant TTC | V30: Date échéance | W30: Date paiement | X30: Montant payé | Z30: Date facture | AA30: Montant | AB30: N° facture | AC30: Total ventes HT | AD30: Répartition des ventes HT | AF30: TVA collectée | AG30: Montant TTC | AH30: Date échéance | AI30: Date paiement | AJ30: Montant payé | AL30: Date facture | AM30: Montant | AN30: N° facture | AO30: Total ventes HT | AP30: Répartition des ventes HT | AR30: TVA collectée | AS30: Montant TTC | AT30: Date échéance | AU30: Date paiement | AV30: Montant payé | AX30: Date facture | AY30: Montant | AZ30: N° facture | BA30: Total ventes HT | BB30: Répartition des ventes HT | BD30: TVA collectée | BE30: Montant TTC | BF30: Date échéance | BG30: Date paiement | BH30: Montant payé | BJ30: Date facture | BK30: Montant | BL30: N° facture | BM30: Total ventes HT | BN30: Répartition des ventes HT | BP30: TVA collectée | BQ30: Montant TTC | BR30: Date échéance | BS30: Date paiement | BT30: Montant payé | BV30: Date facture | BW30: Montant | BX30: N° facture | BY30: Total ventes HT | BZ30: Répartition des ventes HT | CB30: TVA collectée | CC30: Montant TTC | CD30: Date échéance | CE30: Date paiement | CF30: Montant payé | CH30: Date facture | CI30: Montant | CJ30: N° facture | CK30: Total ventes HT | CL30: Répartition des ventes HT | CN30: TVA collectée | CO30: Montant TTC | CP30: Date échéance | CQ30: Date paiement | CR30: Montant payé | CT30: Date facture | CU30: Montant | CV30: N° facture | CW30: Total ventes HT | CX30: Répartition des ventes HT | CZ30: TVA collectée | DA30: Montant TTC | DB30: Date échéance | DC30: Date paiement | DD30: Montant payé | DF30: Date facture | DG30: Montant | DH30: N° facture | DI30: Total ventes HT | DJ30: Répartition des ventes HT | DL30: TVA collectée | DM30: Montant TTC | DN30: Date échéance | DO30: Date paiement | DP30: Montant payé | DR30: Date facture | DS30: Montant | DT30: N° facture | DU30: Total ventes HT | DV30: Répartition des ventes HT | DX30: TVA collectée | DY30: Montant TTC | DZ30: Date échéance | EA30: Date paiement | EB30: Montant payé | ED30: Date facture | EE30: Montant | EF30: N° facture | EG30: Total ventes HT | EH30: Répartition des ventes HT | EJ30: TVA collectée | EK30: Montant TTC | EL30: Date échéance | EM30: Date paiement | EN30: Montant payé | EP30: Date facture | EQ30: Montant | ER30: N° facture | ES30: Total ventes HT | ET30: Répartition des ventes HT | EV30: TVA collectée | EW30: Montant TTC | EX30: Date échéance | EY30: Date paiement | EZ30: Montant payé | FB30: Mois: | FC30: Montant | FD30: N° facture | FE30: Total ventes HT | FF30: Répartition des ventes HT | FH30: TVA collectée | FI30: Montant TTC | FJ30: Date échéance | FK30: Date paiement | FL30: Montant payé
R31: Céline | S31: Camille | AD31: Céline | AE31: Camille | AP31: Céline | AQ31: Camille | BB31: Céline | BC31: Camille | BN31: Céline | BO31: Camille | BZ31: Céline | CA31: Camille | CL31: Céline | CM31: Camille | CX31: Céline | CY31: Camille | DJ31: Céline | DK31: Camille | DV31: Céline | DW31: Camille | EH31: Céline | EI31: Camille | ET31: Céline | EU31: Camille | FF31: Céline | FG31: Camille
FB32: =O29 -> janvier | FE32: =Q47 -> 0 | FF32: =R47 -> 0 | FG32: =S47 -> 0 | FH32: =T47 -> 0 | FI32: =U47 -> 0 | FL32: =X47 -> 0
FB33: =AA29 -> février | FE33: =AC47 -> 0 | FF33: =AD47 -> 0 | FG33: =AE47 -> 0 | FH33: =AF47 -> 0 | FI33: =AG47 -> 0 | FL33: =AJ47 -> 0
FB34: =AM29 -> mars | FE34: =AO47 -> 0 | FF34: =AP47 -> 0 | FG34: =AQ47 -> 0 | FH34: =AR47 -> 0 | FI34: =AS47 -> 0 | FL34: =AV47 -> 0
FB35: =AY29 -> avril | FE35: =BA47 -> 0 | FF35: =BB47 -> 0 | FG35: =BC47 -> 0 | FH35: =BD47 -> 0 | FI35: =BE47 -> 0 | FL35: =BH47 -> 0
FB36: =BK29 -> mai | FE36: =BM47 -> 0 | FF36: =BN47 -> 0 | FG36: =BO47 -> 0 | FH36: =BP47 -> 0 | FI36: =BQ47 -> 0 | FL36: =BT47 -> 0
FB37: =BW29 -> juin | FE37: =BY47 -> 0 | FF37: =BZ47 -> 0 | FG37: =CA47 -> 0 | FH37: =CB47 -> 0 | FI37: =CC47 -> 0 | FL37: =CF47 -> 0
FB38: =CI29 -> juillet | FE38: =CK47 -> 0 | FF38: =CL47 -> 0 | FG38: =CM47 -> 0 | FH38: =CN47 -> 0 | FI38: =CO47 -> 0 | FL38: =CR47 -> 0
FB39: =CU29 -> août | FE39: =CW47 -> 0 | FF39: =CX47 -> 0 | FG39: =CY47 -> 0 | FH39: =CZ47 -> 0 | FI39: =DA47 -> 0 | FL39: =DD47 -> 0
FB40: =DG29 -> septembre | FE40: =DI47 -> 0 | FF40: =DJ47 -> 0 | FG40: =DK47 -> 0 | FH40: =DL47 -> 0 | FI40: =DM47 -> 0 | FL40: =DP47 -> 0
FB41: =DS29 -> octobre | FE41: =DU47 -> 0 | FF41: =DV47 -> 0 | FG41: =DW47 -> 0 | FH41: =DX47 -> 0 | FI41: =DY47 -> 0 | FL41: =EB47 -> 0
FB42: =EE29 -> novembre | FE42: =EG47 -> 0 | FF42: =EH$24 -> 0 | FG42: =EI47 -> 0 | FH42: =EJ47 -> 0 | FI42: =EK47 -> 0 | FL42: =EN47 -> 0
FB43: =EQ29 -> décembre | FE43: =ES47 -> 0 | FF43: =ET47 -> 0 | FG43: =EU47 -> 0 | FH43: =EV47 -> 0 | FI43: =EW47 -> 0 | FL43: =EZ47 -> 0
N47: TOTAL PÉRIODE | Q47: =SUM(Q32:Q46) -> 0 | R47: =SUM(R32:R46) -> 0 | S47: =SUM(S32:S46) -> 0 | T47: =SUM(T32:T46) -> 0 | U47: =SUM(U32:U46) -> 0 | X47: =SUM(X32:X46) -> 0 | Z47: TOTAL PÉRIODE | AC47: =SUM(AC32:AC46) -> 0 | AD47: =SUM(AD32:AD46) -> 0 | AE47: =SUM(AE32:AE46) -> 0 | AF47: =SUM(AF32:AF46) -> 0 | AG47: =SUM(AG32:AG46) -> 0 | AJ47: =SUM(AJ32:AJ46) -> 0 | AL47: TOTAL PÉRIODE | AO47: =SUM(AO32:AO46) -> 0 | AP47: =SUM(AP32:AP46) -> 0 | AQ47: =SUM(AQ32:AQ46) -> 0 | AR47: =SUM(AR32:AR46) -> 0 | AS47: =SUM(AS32:AS46) -> 0 | AV47: =SUM(AV32:AV46) -> 0 | AX47: TOTAL PÉRIODE | BA47: =SUM(BA32:BA46) -> 0 | BB47: =SUM(BB32:BB46) -> 0 | BC47: =SUM(BC32:BC46) -> 0 | BD47: =SUM(BD32:BD46) -> 0 | BE47: =SUM(BE32:BE46) -> 0 | BH47: =SUM(BH32:BH46) -> 0 | BJ47: TOTAL PÉRIODE | BM47: =SUM(BM32:BM46) -> 0 | BN47: =SUM(BN32:BN46) -> 0 | BO47: =SUM(BO32:BO46) -> 0 | BP47: =SUM(BP32:BP46) -> 0 | BQ47: =SUM(BQ32:BQ46) -> 0 | BT47: =SUM(BT32:BT46) -> 0 | BV47: TOTAL PÉRIODE | BY47: =SUM(BY32:BY46) -> 0 | BZ47: =SUM(BZ32:BZ46) -> 0 | CA47: =SUM(CA32:CA46) -> 0 | CB47: =SUM(CB32:CB46) -> 0 | CC47: =SUM(CC32:CC46) -> 0 | CF47: =SUM(CF32:CF46) -> 0 | CH47: TOTAL PÉRIODE | CK47: =SUM(CK32:CK46) -> 0 | CL47: =SUM(CL32:CL46) -> 0 | CM47: =SUM(CM32:CM46) -> 0 | CN47: =SUM(CN32:CN46) -> 0 | CO47: =SUM(CO32:CO46) -> 0 | CR47: =SUM(CR32:CR46) -> 0 | CT47: TOTAL PÉRIODE | CW47: =SUM(CW32:CW46) -> 0 | CX47: =SUM(CX32:CX46) -> 0 | CY47: =SUM(CY32:CY46) -> 0 | CZ47: =SUM(CZ32:CZ46) -> 0 | DA47: =SUM(DA32:DA46) -> 0 | DD47: =SUM(DD32:DD46) -> 0 | DF47: TOTAL PÉRIODE | DI47: =SUM(DI32:DI46) -> 0 | DJ47: =SUM(DJ32:DJ46) -> 0 | DK47: =SUM(DK32:DK46) -> 0 | DL47: =SUM(DL32:DL46) -> 0 | DM47: =SUM(DM32:DM46) -> 0 | DP47: =SUM(DP32:DP46) -> 0 | DR47: TOTAL PÉRIODE | DU47: =SUM(DU32:DU46) -> 0 | DV47: =SUM(DV32:DV46) -> 0 | DW47: =SUM(DW32:DW46) -> 0 | DX47: =SUM(DX32:DX46) -> 0 | DY47: =SUM(DY32:DY46) -> 0 | EB47: =SUM(EB32:EB46) -> 0 | ED47: TOTAL PÉRIODE | EG47: =SUM(EG32:EG46) -> 0 | EH47: =SUM(EH32:EH46) -> 0 | EI47: =SUM(EI32:EI46) -> 0 | EJ47: =SUM(EJ32:EJ46) -> 0 | EK47: =SUM(EK32:EK46) -> 0 | EN47: =SUM(EN32:EN46) -> 0 | EP47: TOTAL PÉRIODE | ES47: =SUM(ES32:ES46) -> 0 | ET47: =SUM(ET32:ET46) -> 0 | EU47: =SUM(EU32:EU46) -> 0 | EV47: =SUM(EV32:EV46) -> 0 | EW47: =SUM(EW32:EW46) -> 0 | EZ47: =SUM(EZ32:EZ46) -> 0 | FB47: TOTAL PÉRIODE | FE47: =SUM(FE32:FE46) -> 0 | FF47: =SUM(FF32:FF46) -> 0 | FG47: =SUM(FG32:FG46) -> 0 | FH47: =SUM(FH32:FH46) -> 0 | FI47: =SUM(FI32:FI46) -> 0 | FL47: =SUM(FL32:FL46) -> 0
N49: CA CUMULÉ EXERCICE COMPTABLE | Q49: ='[1]Janvier 2020'!Q61+'[1]Février 2020'!Q56 -> 0 | R49: ='[1]Janvier 2020'!R61+'[1]Février 2020'!R56 -> 0 | S49: ='[1]Janvier 2020'!S61+'[1]Février 2020'!S56 -> 0 | Z49: CA CUMULÉ EXERCICE COMPTABLE | AC49: ='[1]Janvier 2020'!AC61+'[1]Février 2020'!AC56 -> 0 | AD49: ='[1]Janvier 2020'!AD61+'[1]Février 2020'!AD56 -> 0 | AE49: ='[1]Janvier 2020'!AE61+'[1]Février 2020'!AE56 -> 0 | AL49: CA CUMULÉ EXERCICE COMPTABLE | AO49: ='[1]Janvier 2020'!AO61+'[1]Février 2020'!AO56 -> 0 | AP49: ='[1]Janvier 2020'!AP61+'[1]Février 2020'!AP56 -> 0 | AQ49: ='[1]Janvier 2020'!AQ61+'[1]Février 2020'!AQ56 -> 0 | AX49: CA CUMULÉ EXERCICE COMPTABLE | BA49: ='[1]Janvier 2020'!BA61+'[1]Février 2020'!BA56 -> 0 | BB49: ='[1]Janvier 2020'!BB61+'[1]Février 2020'!BB56 -> 0 | BC49: ='[1]Janvier 2020'!BC61+'[1]Février 2020'!BC56 -> 0 | BJ49: CA CUMULÉ EXERCICE COMPTABLE | BM49: ='[1]Janvier 2020'!BM61+'[1]Février 2020'!BM56 -> 0 | BN49: ='[1]Janvier 2020'!BN61+'[1]Février 2020'!BN56 -> 0 | BO49: ='[1]Janvier 2020'!BO61+'[1]Février 2020'!BO56 -> 0 | BV49: CA CUMULÉ EXERCICE COMPTABLE | BY49: ='[1]Janvier 2020'!BY61+'[1]Février 2020'!BY56 -> 0 | BZ49: ='[1]Janvier 2020'!BZ61+'[1]Février 2020'!BZ56 -> 0 | CA49: ='[1]Janvier 2020'!CA61+'[1]Février 2020'!CA56 -> 0 | CH49: CA CUMULÉ EXERCICE COMPTABLE | CK49: ='[1]Janvier 2020'!CK61+'[1]Février 2020'!CK56 -> 0 | CL49: ='[1]Janvier 2020'!CL61+'[1]Février 2020'!CL56 -> 0 | CM49: ='[1]Janvier 2020'!CM61+'[1]Février 2020'!CM56 -> 0 | CT49: CA CUMULÉ EXERCICE COMPTABLE | CW49: ='[1]Janvier 2020'!CW61+'[1]Février 2020'!CW56 -> 0 | CX49: ='[1]Janvier 2020'!CX61+'[1]Février 2020'!CX56 -> 0 | CY49: ='[1]Janvier 2020'!CY61+'[1]Février 2020'!CY56 -> 0 | DF49: CA CUMULÉ EXERCICE COMPTABLE | DI49: ='[1]Janvier 2020'!DI61+'[1]Février 2020'!DI56 -> 0 | DJ49: ='[1]Janvier 2020'!DJ61+'[1]Février 2020'!DJ56 -> 0 | DK49: ='[1]Janvier 2020'!DK61+'[1]Février 2020'!DK56 -> 0 | DR49: CA CUMULÉ EXERCICE COMPTABLE | DU49: ='[1]Janvier 2020'!DU61+'[1]Février 2020'!DU56 -> 0 | DV49: ='[1]Janvier 2020'!DV61+'[1]Février 2020'!DV56 -> 0 | DW49: ='[1]Janvier 2020'!DW61+'[1]Février 2020'!DW56 -> 0 | ED49: CA CUMULÉ EXERCICE COMPTABLE | EG49: ='[1]Janvier 2020'!EG61+'[1]Février 2020'!EG56 -> 0 | EH49: ='[1]Janvier 2020'!EH61+'[1]Février 2020'!EH56 -> 0 | EI49: ='[1]Janvier 2020'!EI61+'[1]Février 2020'!EI56 -> 0 | EP49: CA CUMULÉ EXERCICE COMPTABLE | ES49: ='[1]Janvier 2020'!ES61+'[1]Février 2020'!ES56 -> 0 | ET49: ='[1]Janvier 2020'!ET61+'[1]Février 2020'!ET56 -> 0 | EU49: ='[1]Janvier 2020'!EU61+'[1]Février 2020'!EU56 -> 0 | FB49: CA CUMULÉ EXERCICE COMPTABLE | FE49: =FE47 -> 0 | FF49: =FF47 -> 0 | FG49: =FG47 -> 0 | FH49: =FH47 -> 0 | FI49: =FI47 -> 0 | FL49: =FL47 -> 0
N52: Année: | O52: =O28+1 -> 2021 | Q52: Période début | R52: =DATE(O52,1,1) -> 44197 | Z52: Année: | AA52: =O52 -> 2021 | AC52: Période début | AD52: =EDATE(R52,1) -> 44228 | AL52: Année: | AM52: =AA52 -> 2021 | AO52: Période début | AP52: =EDATE(AD52,1) -> 44256 | AX52: Année: | AY52: =AM52 -> 2021 | BA52: Période début | BB52: =EDATE(AP52,1) -> 44287 | BJ52: Année: | BK52: =AY52 -> 2021 | BM52: Période début | BN52: =EDATE(BB52,1) -> 44317 | BV52: Année: | BW52: =BK52 -> 2021 | BY52: Période début | BZ52: =EDATE(BN52,1) -> 44348 | CH52: Année: | CI52: =BW52 -> 2021 | CK52: Période début | CL52: =EDATE(BZ52,1) -> 44378 | CT52: Année: | CU52: =CI52 -> 2021 | CW52: Période début | CX52: =EDATE(CL52,1) -> 44409 | DF52: Année: | DG52: =CU52 -> 2021 | DI52: Période début | DJ52: =EDATE(CX52,1) -> 44440 | DR52: Année: | DS52: =DG52 -> 2021 | DU52: Période début | DV52: =EDATE(DJ52,1) -> 44470 | ED52: Année: | EE52: =DS52 -> 2021 | EG52: Période début | EH52: =EDATE(DV52,1) -> 44501 | EP52: Année: | EQ52: =EE52 -> 2021 | ES52: Période début | ET52: =EDATE(EH52,1) -> 44531 | FB52: Année: | FC52: =EQ52 -> 2021 | FE52: Période début | FF52: =EDATE(ET52,1) -> 44562
N53: Mois: | O53: =TEXT(R52,"mmmm") -> janvier | P53: 1 | Q53: Période fin | R53: =R52+30 -> 44227 | Z53: Mois: | AA53: =TEXT(AD52,"mmmm") -> février | AB53: =P53+1 -> 2 | AC53: Période fin | AD53: =EDATE($R$53,P53) -> 44255 | AL53: Mois: | AM53: =TEXT(AP52,"mmmm") -> mars | AN53: =AB53+1 -> 3 | AO53: Période fin | AP53: =EDATE($R$53,AB53) -> 44286 | AX53: Mois: | AY53: =TEXT(BB52,"mmmm") -> avril | AZ53: =AN53+1 -> 4 | BA53: Période fin | BB53: =EDATE($R$53,AN53) -> 44316 | BJ53: Mois: | BK53: =TEXT(BN52,"mmmm") -> mai | BL53: =AZ53+1 -> 5 | BM53: Période fin | BN53: =EDATE($R$53,AZ53) -> 44347 | BV53: Mois: | BW53: =TEXT(BZ52,"mmmm") -> juin | BX53: =BL53+1 -> 6 | BY53: Période fin | BZ53: =EDATE($R$53,BL53) -> 44377 | CH53: Mois: | CI53: =TEXT(CL52,"mmmm") -> juillet | CJ53: =BX53+1 -> 7 | CK53: Période fin | CL53: =EDATE($R$53,BX53) -> 44408 | CT53: Mois: | CU53: =TEXT(CX52,"mmmm") -> août | CV53: =CJ53+1 -> 8 | CW53: Période fin | CX53: =EDATE($R$53,CJ53) -> 44439 | DF53: Mois: | DG53: =TEXT(DJ52,"mmmm") -> septembre | DH53: =CV53+1 -> 9 | DI53: Période fin | DJ53: =EDATE($R$53,CV53) -> 44469 | DR53: Mois: | DS53: =TEXT(DV52,"mmmm") -> octobre | DT53: =DH53+1 -> 10 | DU53: Période fin | DV53: =EDATE($R$53,DH53) -> 44500 | ED53: Mois: | EE53: =TEXT(EH52,"mmmm") -> novembre | EF53: =DT53+1 -> 11 | EG53: Période fin | EH53: =EDATE($R$53,DT53) -> 44530 | EP53: Mois: | EQ53: =TEXT(ET52,"mmmm") -> décembre | ER53: =EF53+1 -> 12 | ES53: Période fin | ET53: =EDATE($R$53,EF53) -> 44561 | FB53: Mois: | FC53: Global | FD53: =ER53+1 -> 13 | FE53: Période fin | FF53: =EDATE($R$53,ER53) -> 44592
N54: Date facture | O54: Montant | P54: N° facture | Q54: Total ventes HT | R54: Répartition des ventes HT | T54: TVA collectée | U54: Montant TTC | V54: Date échéance | W54: Date paiement | X54: Montant payé | Z54: Date facture | AA54: Montant | AB54: N° facture | AC54: Total ventes HT | AD54: Répartition des ventes HT | AF54: TVA collectée | AG54: Montant TTC | AH54: Date échéance | AI54: Date paiement | AJ54: Montant payé | AL54: Date facture | AM54: Montant | AN54: N° facture | AO54: Total ventes HT | AP54: Répartition des ventes HT | AR54: TVA collectée | AS54: Montant TTC | AT54: Date échéance | AU54: Date paiement | AV54: Montant payé | AX54: Date facture | AY54: Montant | AZ54: N° facture | BA54: Total ventes HT | BB54: Répartition des ventes HT | BD54: TVA collectée | BE54: Montant TTC | BF54: Date échéance | BG54: Date paiement | BH54: Montant payé | BJ54: Date facture | BK54: Montant | BL54: N° facture | BM54: Total ventes HT | BN54: Répartition des ventes HT | BP54: TVA collectée | BQ54: Montant TTC | BR54: Date échéance | BS54: Date paiement | BT54: Montant payé | BV54: Date facture | BW54: Montant | BX54: N° facture | BY54: Total ventes HT | BZ54: Répartition des ventes HT | CB54: TVA collectée | CC54: Montant TTC | CD54: Date échéance | CE54: Date paiement | CF54: Montant payé | CH54: Date facture | CI54: Montant | CJ54: N° facture | CK54: Total ventes HT | CL54: Répartition des ventes HT | CN54: TVA collectée | CO54: Montant TTC | CP54: Date échéance | CQ54: Date paiement | CR54: Montant payé | CT54: Date facture | CU54: Montant | CV54: N° facture | CW54: Total ventes HT | CX54: Répartition des ventes HT | CZ54: TVA collectée | DA54: Montant TTC | DB54: Date échéance | DC54: Date paiement | DD54: Montant payé | DF54: Date facture | DG54: Montant | DH54: N° facture | DI54: Total ventes HT | DJ54: Répartition des ventes HT | DL54: TVA collectée | DM54: Montant TTC | DN54: Date échéance | DO54: Date paiement | DP54: Montant payé | DR54: Date facture | DS54: Montant | DT54: N° facture | DU54: Total ventes HT | DV54: Répartition des ventes HT | DX54: TVA collectée | DY54: Montant TTC | DZ54: Date échéance | EA54: Date paiement | EB54: Montant payé | ED54: Date facture | EE54: Montant | EF54: N° facture | EG54: Total ventes HT | EH54: Répartition des ventes HT | EJ54: TVA collectée | EK54: Montant TTC | EL54: Date échéance | EM54: Date paiement | EN54: Montant payé | EP54: Date facture | EQ54: Montant | ER54: N° facture | ES54: Total ventes HT | ET54: Répartition des ventes HT | EV54: TVA collectée | EW54: Montant TTC | EX54: Date échéance | EY54: Date paiement | EZ54: Montant payé | FB54: Mois: | FC54: Montant | FD54: N° facture | FE54: Total ventes HT | FF54: Répartition des ventes HT | FH54: TVA collectée | FI54: Montant TTC | FJ54: Date échéance | FK54: Date paiement | FL54: Montant payé
R55: Céline | S55: Camille | AD55: Céline | AE55: Camille | AP55: Céline | AQ55: Camille | BB55: Céline | BC55: Camille | BN55: Céline | BO55: Camille | BZ55: Céline | CA55: Camille | CL55: Céline | CM55: Camille | CX55: Céline | CY55: Camille | DJ55: Céline | DK55: Camille | DV55: Céline | DW55: Camille | EH55: Céline | EI55: Camille | ET55: Céline | EU55: Camille | FF55: Céline | FG55: Camille
FB56: =O53 -> janvier | FE56: =Q71 -> 0 | FF56: =R71 -> 0 | FG56: =S71 -> 0 | FH56: =T71 -> 0 | FI56: =U71 -> 0 | FL56: =X71 -> 0
FB57: =AA53 -> février | FE57: =AC71 -> 0 | FF57: =AD71 -> 0 | FG57: =AE71 -> 0 | FH57: =AF71 -> 0 | FI57: =AG71 -> 0 | FL57: =AJ71 -> 0
FB58: =AM53 -> mars | FE58: =AO71 -> 0 | FF58: =AP71 -> 0 | FG58: =AQ71 -> 0 | FH58: =AR71 -> 0 | FI58: =AS71 -> 0 | FL58: =AV71 -> 0
FB59: =AY53 -> avril | FE59: =BA71 -> 0 | FF59: =BB71 -> 0 | FG59: =BC71 -> 0 | FH59: =BD71 -> 0 | FI59: =BE71 -> 0 | FL59: =BH71 -> 0
FB60: =BK53 -> mai | FE60: =BM71 -> 0 | FF60: =BN71 -> 0 | FG60: =BO71 -> 0 | FH60: =BP71 -> 0 | FI60: =BQ71 -> 0 | FL60: =BT71 -> 0
FB61: =BW53 -> juin | FE61: =BY71 -> 0 | FF61: =BZ71 -> 0 | FG61: =CA71 -> 0 | FH61: =CB71 -> 0 | FI61: =CC71 -> 0 | FL61: =CF71 -> 0
FB62: =CI53 -> juillet | FE62: =CK71 -> 0 | FF62: =CL71 -> 0 | FG62: =CM71 -> 0 | FH62: =CN71 -> 0 | FI62: =CO71 -> 0 | FL62: =CR71 -> 0
FB63: =CU53 -> août | FE63: =CW71 -> 0 | FF63: =CX71 -> 0 | FG63: =CY71 -> 0 | FH63: =CZ71 -> 0 | FI63: =DA71 -> 0 | FL63: =DD71 -> 0
FB64: =DG53 -> septembre | FE64: =DI71 -> 0 | FF64: =DJ71 -> 0 | FG64: =DK71 -> 0 | FH64: =DL71 -> 0 | FI64: =DM71 -> 0 | FL64: =DP71 -> 0
FB65: =DS53 -> octobre | FE65: =DU71 -> 0 | FF65: =DV71 -> 0 | FG65: =DW71 -> 0 | FH65: =DX71 -> 0 | FI65: =DY71 -> 0 | FL65: =EB71 -> 0
FB66: =EE53 -> novembre | FE66: =EG71 -> 0 | FF66: =EH$24 -> 0 | FG66: =EI71 -> 0 | FH66: =EJ71 -> 0 | FI66: =EK71 -> 0 | FL66: =EN71 -> 0
FB67: =EQ53 -> décembre | FE67: =ES71 -> 0 | FF67: =ET71 -> 0 | FG67: =EU71 -> 0 | FH67: =EV71 -> 0 | FI67: =EW71 -> 0 | FL67: =EZ71 -> 0
N71: TOTAL PÉRIODE | Q71: =SUM(Q56:Q70) -> 0 | R71: =SUM(R56:R70) -> 0 | S71: =SUM(S56:S70) -> 0 | T71: =SUM(T56:T70) -> 0 | U71: =SUM(U56:U70) -> 0 | X71: =SUM(X56:X70) -> 0 | Z71: TOTAL PÉRIODE | AC71: =SUM(AC56:AC70) -> 0 | AD71: =SUM(AD56:AD70) -> 0 | AE71: =SUM(AE56:AE70) -> 0 | AF71: =SUM(AF56:AF70) -> 0 | AG71: =SUM(AG56:AG70) -> 0 | AJ71: =SUM(AJ56:AJ70) -> 0 | AL71: TOTAL PÉRIODE | AO71: =SUM(AO56:AO70) -> 0 | AP71: =SUM(AP56:AP70) -> 0 | AQ71: =SUM(AQ56:AQ70) -> 0 | AR71: =SUM(AR56:AR70) -> 0 | AS71: =SUM(AS56:AS70) -> 0 | AV71: =SUM(AV56:AV70) -> 0 | AX71: TOTAL PÉRIODE | BA71: =SUM(BA56:BA70) -> 0 | BB71: =SUM(BB56:BB70) -> 0 | BC71: =SUM(BC56:BC70) -> 0 | BD71: =SUM(BD56:BD70) -> 0 | BE71: =SUM(BE56:BE70) -> 0 | BH71: =SUM(BH56:BH70) -> 0 | BJ71: TOTAL PÉRIODE | BM71: =SUM(BM56:BM70) -> 0 | BN71: =SUM(BN56:BN70) -> 0 | BO71: =SUM(BO56:BO70) -> 0 | BP71: =SUM(BP56:BP70) -> 0 | BQ71: =SUM(BQ56:BQ70) -> 0 | BT71: =SUM(BT56:BT70) -> 0 | BV71: TOTAL PÉRIODE | BY71: =SUM(BY56:BY70) -> 0 | BZ71: =SUM(BZ56:BZ70) -> 0 | CA71: =SUM(CA56:CA70) -> 0 | CB71: =SUM(CB56:CB70) -> 0 | CC71: =SUM(CC56:CC70) -> 0 | CF71: =SUM(CF56:CF70) -> 0 | CH71: TOTAL PÉRIODE | CK71: =SUM(CK56:CK70) -> 0 | CL71: =SUM(CL56:CL70) -> 0 | CM71: =SUM(CM56:CM70) -> 0 | CN71: =SUM(CN56:CN70) -> 0 | CO71: =SUM(CO56:CO70) -> 0 | CR71: =SUM(CR56:CR70) -> 0 | CT71: TOTAL PÉRIODE | CW71: =SUM(CW56:CW70) -> 0 | CX71: =SUM(CX56:CX70) -> 0 | CY71: =SUM(CY56:CY70) -> 0 | CZ71: =SUM(CZ56:CZ70) -> 0 | DA71: =SUM(DA56:DA70) -> 0 | DD71: =SUM(DD56:DD70) -> 0 | DF71: TOTAL PÉRIODE | DI71: =SUM(DI56:DI70) -> 0 | DJ71: =SUM(DJ56:DJ70) -> 0 | DK71: =SUM(DK56:DK70) -> 0 | DL71: =SUM(DL56:DL70) -> 0 | DM71: =SUM(DM56:DM70) -> 0 | DP71: =SUM(DP56:DP70) -> 0 | DR71: TOTAL PÉRIODE | DU71: =SUM(DU56:DU70) -> 0 | DV71: =SUM(DV56:DV70) -> 0 | DW71: =SUM(DW56:DW70) -> 0 | DX71: =SUM(DX56:DX70) -> 0 | DY71: =SUM(DY56:DY70) -> 0 | EB71: =SUM(EB56:EB70) -> 0 | ED71: TOTAL PÉRIODE | EG71: =SUM(EG56:EG70) -> 0 | EH71: =SUM(EH56:EH70) -> 0 | EI71: =SUM(EI56:EI70) -> 0 | EJ71: =SUM(EJ56:EJ70) -> 0 | EK71: =SUM(EK56:EK70) -> 0 | EN71: =SUM(EN56:EN70) -> 0 | EP71: TOTAL PÉRIODE | ES71: =SUM(ES56:ES70) -> 0 | ET71: =SUM(ET56:ET70) -> 0 | EU71: =SUM(EU56:EU70) -> 0 | EV71: =SUM(EV56:EV70) -> 0 | EW71: =SUM(EW56:EW70) -> 0 | EZ71: =SUM(EZ56:EZ70) -> 0 | FB71: TOTAL PÉRIODE | FE71: =SUM(FE56:FE70) -> 0 | FF71: =SUM(FF56:FF70) -> 0 | FG71: =SUM(FG56:FG70) -> 0 | FH71: =SUM(FH56:FH70) -> 0 | FI71: =SUM(FI56:FI70) -> 0 | FL71: =SUM(FL56:FL70) -> 0
